Workbook

Sheet consolidado (2)
B1: Nombre del Proceso/Subproceso: Atención y Trámite/Defensoría Pública | X1: Código: SD-P02-F150
B2: Manual, Instructivo o Formato: Estadística Programa Sistema Penal Acusatorio (Ley 906 de 2004) | X2: Versión: 01
X3: Vigente desde: 03/12/2018
A4: REGIONAL: VALLE DEL CAUCA | F4: MES: ABRIL | I4: AÑO: 2024
A5: DELITOS | B5: SOLICITUDES DEL SERVICIO REALIZADAS EN EL MES | C5: PROCESOS DEL MES | G5: AUDIENCIAS PRELIMINARES DEL MES | N5: AUDIENCIA LIBERTAD POR VENCIMIENTO DE TERMINOS | O5: NEGOCIACIO-NES ACUERDOS Y PREACUER-DOS | P5: JUICIO | S5: INDIVIDUA-LIZACIÓN DE LA PENA | T5: TERMINACIONES DEL MES | Z5: AUDIENCIA DE INCIDENTE DE REPARACIÓN INTEGRAL | AA5: RECURSOS DEL MES | AD5: PROCESOS MES ANTERIOR
C6: ASIGNADOS | E6: EN TRÁMITE | F6: TERMINADOS | G6: CONTROL DE LA CAPTURA | I6: IMPUTACIÓN | K6: IMPOSICIÓN MEDIDA DE ASEGURAMIENTO | P6: AUDIENCIA DE FORMULA-CIÓN DE LA ACUSACIÓN | Q6: PREPARATORIA | R6: JUICIO ORAL | T6: CONCILIA-CIÓN | U6: PRECLU-SIÓN | V6: REVOCA-TORIA DE PODER | W6: OTRAS CAUSAS | X6: AUDIENCIAS DE FALLO | AA6: DE REPOSICIÓN | AB6: DE APELACIÓN
C7: CAPTURADOS | D7: EN LIBERTAD | G7: LEGAL | H7: ILEGAL | I7: FORMU-LACIÓN | J7: ACEPTA-CIÓN | K7: SI | M7: NO | X7: ABSOLUTORIAS | Y7: CONDENATORIAS
K8: PRIVATIVA | L8: NO PRIVATIVA
A9: 1 | B9: 2 | C9: 2 | D9: 2 | E9: 2 | F9: 2 | G9: 2 | H9: 2 | I9: 2 | J9: 2 | K9: 2 | L9: 2 | M9: 2 | N9: 2 | O9: 2 | P9: 2 | Q9: 2 | R9: 2 | S9: 2 | T9: 2 | U9: 2 | V9: 2 | W9: 2 | X9: 2 | Y9: 2 | Z9: 2 | AA9: 2 | AB9: 2 | AD9: 29
A10: ABORTO | B10: =SUM(INICIO:final!B10) -> 0 | C10: =SUM(INICIO:final!C10) -> 0 | D10: =SUM(INICIO:final!D10) -> 0 | E10: =SUM(INICIO:final!E10) -> 0 | F10: =SUM(INICIO:final!F10) -> 0 | G10: =SUM(INICIO:final!G10) -> 0 | H10: =SUM(INICIO:final!H10) -> 0 | I10: =SUM(INICIO:final!I10) -> 0 | ... AB10: =SUM(INICIO:final!AB10) -> 0 | AD10: =SUM(INICIO:final!AD10) -> 0
A11: ABUSO DE CONFIANZA | B11: =SUM(INICIO:final!B11) -> 0 | C11: =SUM(INICIO:final!C11) -> 0 | D11: =SUM(INICIO:final!D11) -> 0 | E11: =SUM(INICIO:final!E11) -> 4 | F11: =SUM(INICIO:final!F11) -> 0 | G11: =SUM(INICIO:final!G11) -> 0 | H11: =SUM(INICIO:final!H11) -> 0 | I11: =SUM(INICIO:final!I11) -> 0 | ... AB11: =SUM(INICIO:final!AB11) -> 0 | AD11: =SUM(INICIO:final!AD11) -> 4
A12: ACCESO CARNAL ABUSIVO CON MENOR DE 14 AÑOS | B12: =SUM(INICIO:final!B12) -> 1 | C12: =SUM(INICIO:final!C12) -> 1 | D12: =SUM(INICIO:final!D12) -> 0 | E12: =SUM(INICIO:final!E12) -> 14 | F12: =SUM(INICIO:final!F12) -> 1 | G12: =SUM(INICIO:final!G12) -> 1 | H12: =SUM(INICIO:final!H12) -> 0 | I12: =SUM(INICIO:final!I12) -> 1 | ... AB12: =SUM(INICIO:final!AB12) -> 0 | AD12: =SUM(INICIO:final!AD12) -> 14
A13: ACCESO CARNAL CON INCAPAZ DE RESISTIR | B13: =SUM(INICIO:final!B13) -> 0 | C13: =SUM(INICIO:final!C13) -> 0 | D13: =SUM(INICIO:final!D13) -> 0 | E13: =SUM(INICIO:final!E13) -> 2 | F13: =SUM(INICIO:final!F13) -> 0 | G13: =SUM(INICIO:final!G13) -> 0 | H13: =SUM(INICIO:final!H13) -> 0 | I13: =SUM(INICIO:final!I13) -> 0 | ... AB13: =SUM(INICIO:final!AB13) -> 0 | AD13: =SUM(INICIO:final!AD13) -> 2
A14: ACCESO CARNAL O ACTO SEXUAL CON PERSONA PUESTA EN INCAPACIDAD DE RESISTIR | B14: =SUM(INICIO:final!B14) -> 0 | C14: =SUM(INICIO:final!C14) -> 0 | D14: =SUM(INICIO:final!D14) -> 0 | E14: =SUM(INICIO:final!E14) -> 0 | F14: =SUM(INICIO:final!F14) -> 0 | G14: =SUM(INICIO:final!G14) -> 0 | H14: =SUM(INICIO:final!H14) -> 0 | I14: =SUM(INICIO:final!I14) -> 0 | ... AB14: =SUM(INICIO:final!AB14) -> 0 | AD14: =SUM(INICIO:final!AD14) -> 0
A15: ACCESO CARNAL VIOLENTO | B15: =SUM(INICIO:final!B15) -> 0 | C15: =SUM(INICIO:final!C15) -> 0 | D15: =SUM(INICIO:final!D15) -> 0 | E15: =SUM(INICIO:final!E15) -> 6 | F15: =SUM(INICIO:final!F15) -> 0 | G15: =SUM(INICIO:final!G15) -> 0 | H15: =SUM(INICIO:final!H15) -> 0 | I15: =SUM(INICIO:final!I15) -> 0 | ... AB15: =SUM(INICIO:final!AB15) -> 0 | AD15: =SUM(INICIO:final!AD15) -> 6
A16: ACTO SEXUAL CON MENOR DE 14 AÑOS | B16: =SUM(INICIO:final!B16) -> 0 | C16: =SUM(INICIO:final!C16) -> 0 | D16: =SUM(INICIO:final!D16) -> 0 | E16: =SUM(INICIO:final!E16) -> 35 | F16: =SUM(INICIO:final!F16) -> 1 | G16: =SUM(INICIO:final!G16) -> 0 | H16: =SUM(INICIO:final!H16) -> 0 | I16: =SUM(INICIO:final!I16) -> 0 | ... AB16: =SUM(INICIO:final!AB16) -> 0 | AD16: =SUM(INICIO:final!AD16) -> 36
A17: ACTO SEXUAL VIOLENTO | B17: =SUM(INICIO:final!B17) -> 0 | C17: =SUM(INICIO:final!C17) -> 0 | D17: =SUM(INICIO:final!D17) -> 0 | E17: =SUM(INICIO:final!E17) -> 3 | F17: =SUM(INICIO:final!F17) -> 0 | G17: =SUM(INICIO:final!G17) -> 0 | H17: =SUM(INICIO:final!H17) -> 0 | I17: =SUM(INICIO:final!I17) -> 0 | ... AB17: =SUM(INICIO:final!AB17) -> 0 | AD17: =SUM(INICIO:final!AD17) -> 3
A18: AMENAZAS | B18: =SUM(INICIO:final!B18) -> 0 | C18: =SUM(INICIO:final!C18) -> 0 | D18: =SUM(INICIO:final!D18) -> 0 | E18: =SUM(INICIO:final!E18) -> 1 | F18: =SUM(INICIO:final!F18) -> 2 | G18: =SUM(INICIO:final!G18) -> 0 | H18: =SUM(INICIO:final!H18) -> 0 | I18: =SUM(INICIO:final!I18) -> 0 | ... AB18: =SUM(INICIO:final!AB18) -> 0 | AD18: =SUM(INICIO:final!AD18) -> 3
A19: CALUMNIA | B19: =SUM(INICIO:final!B19) -> 0 | C19: =SUM(INICIO:final!C19) -> 0 | D19: =SUM(INICIO:final!D19) -> 0 | E19: =SUM(INICIO:final!E19) -> 0 | F19: =SUM(INICIO:final!F19) -> 0 | G19: =SUM(INICIO:final!G19) -> 0 | H19: =SUM(INICIO:final!H19) -> 0 | I19: =SUM(INICIO:final!I19) -> 0 | ... AB19: =SUM(INICIO:final!AB19) -> 0 | AD19: =SUM(INICIO:final!AD19) -> 0
A20: COHECHO | B20: =SUM(INICIO:final!B20) -> 0 | C20: =SUM(INICIO:final!C20) -> 0 | D20: =SUM(INICIO:final!D20) -> 0 | E20: =SUM(INICIO:final!E20) -> 2 | F20: =SUM(INICIO:final!F20) -> 0 | G20: =SUM(INICIO:final!G20) -> 0 | H20: =SUM(INICIO:final!H20) -> 0 | I20: =SUM(INICIO:final!I20) -> 0 | ... AB20: =SUM(INICIO:final!AB20) -> 0 | AD20: =SUM(INICIO:final!AD20) -> 2
A21: CONCIERTO PARA DELINQUIR | B21: =SUM(INICIO:final!B21) -> 0 | C21: =SUM(INICIO:final!C21) -> 0 | D21: =SUM(INICIO:final!D21) -> 0 | E21: =SUM(INICIO:final!E21) -> 2 | F21: =SUM(INICIO:final!F21) -> 0 | G21: =SUM(INICIO:final!G21) -> 0 | H21: =SUM(INICIO:final!H21) -> 0 | I21: =SUM(INICIO:final!I21) -> 0 | ... AB21: =SUM(INICIO:final!AB21) -> 0 | AD21: =SUM(INICIO:final!AD21) -> 2
... A73: VIOLENCIA INTRAFAMILIAR | B73: =SUM(INICIO:final!B73) -> 0 | C73: =SUM(INICIO:final!C73) -> 0 | D73: =SUM(INICIO:final!D73) -> 0 | E73: =SUM(INICIO:final!E73) -> 154 | F73: =SUM(INICIO:final!F73) -> 21 | G73: =SUM(INICIO:final!G73) -> 0 | H73: =SUM(INICIO:final!H73) -> 0 | I73: =SUM(INICIO:final!I73) -> 0 | ... AB73: =SUM(INICIO:final!AB73) -> 0 | AD73: =SUM(INICIO:final!AD73) -> 175
A74: OTROS | B74: =+B195 -> 1 | C74: =+C195 -> 1 | D74: =+D195 -> 0 | E74: =+E195 -> 77 | F74: =+F195 -> 3 | G74: =+G195 -> 1 | H74: =+H195 -> 0 | I74: =+I195 -> 1 | ... AB74: =+AB195 -> 0 | AD74: =+AD195 -> 79
A75: TOTALES | B75: =SUM(B10:B74) -> 13 | C75: =SUM(C10:C74) -> 9 | D75: =SUM(D10:D74) -> 4 | E75: =SUM(E10:E74) -> 719 | F75: =SUM(F10:F74) -> 41 | G75: =SUM(G10:G74) -> 10 | H75: =SUM(H10:H74) -> 0 | I75: =SUM(I10:I74) -> 9 | ... V75: =SUM(V10:V74) -> 0 | W75: =SUM(INICIO:final!W75) -> 38 | X75: =SUM(X10:X74) -> 0 | Y75: =SUM(Y10:Y74) -> 1 | Z75: =SUM(Z10:Z74) -> 0 | AA75: =SUM(AA10:AA74) -> 4 | AB75: =SUM(AB10:AB74) -> 4 | AD75: =SUM(AD10:AD74) -> 747
A77: OTROS DELITOS
A78: DELITOS | B78: SOLICITUDES DEL SERVICIO REALIZADAS EN EL MES | C78: PROCESOS DEL MES | G78: AUDIENCIAS PRELIMINARES DEL MES | N78: AUDIENCIA LIBERTAD POR VENCIMIENTO DE TERMINOS | O78: NEGOCIACIONES ACUERDOS Y PREACUERDOS | P78: JUICIO | S78: INDIVIDUALIZACIÓN DE LA PENA | T78: TERMINACIONES DEL MES | Z78: AUDIENCIA DE INCIDENTE DE REPARACIÓN INTEGRAL | AA78: RECURSOS DEL MES | AD78: PROCESOS MES ANTERIOR
C79: ASIGNADOS | E79: EN TRÁMITE | F79: TERMINADOS | G79: CONTROL DE LA CAPTURA | I79: IMPUTACIÓN | K79: IMPOSICION MEDIDA DE ASEGURAMIENTO | P79: AUDIENCIA DE FORMULACIÓN DE LA ACUSACIÓN | Q79: PREPARATORIA | R79: JUICIO ORAL | T79: CONCILIACIÓN | U79: PRECLUSIÓN | V79: REVOCATORIA DE PODER | W79: OTRAS CAUSAS | X79: AUDIENCIAS DE FALLO | AA79: DE REPOSICIÓN | AB79: DE APELACIÓN
C80: CAPTURADOS | D80: EN LIBERTAD | G80: LEGAL | H80: ILEGAL | I80: FORMULACIÓN | J80: ACEPTACIÓN | K80: SI | M80: NO | X80: ABSOLUTORIAS | Y80: CONDENATORIAS
K81: PRIVATIVA | L81: NO PRIVATIVA
A82: 1 | B82: 2 | C82: 2 | D82: 2 | E82: 2 | F82: 2 | G82: 2 | H82: 2 | I82: 2 | J82: 2 | K82: 2 | L82: 2 | M82: 2 | N82: 2 | O82: 2 | P82: 2 | Q82: 2 | R82: 2 | S82: 2 | T82: 2 | U82: 2 | V82: 2 | W82: 2 | X82: 2 | Y82: 2 | Z82: 2 | AA82: 2 | AB82: 2 | AD82: 29
A83: ABANDONO ART. 127 C.P. | B83: =SUM(INICIO:final!B83) -> 0 | C83: =SUM(INICIO:final!C83) -> 0 | D83: =SUM(INICIO:final!D83) -> 0 | E83: =SUM(INICIO:final!E83) -> 0 | F83: =SUM(INICIO:final!F83) -> 0 | G83: =SUM(INICIO:final!G83) -> 0 | H83: =SUM(INICIO:final!H83) -> 0 | I83: =SUM(INICIO:final!I83) -> 0 | ... AB83: =SUM(INICIO:final!AB83) -> 0 | AD83: =SUM(INICIO:final!AD83) -> 0
A84: ABUSO DE AUTORIDAD POR ACTO ARBITRARIO | B84: =SUM(INICIO:final!B84) -> 0 | C84: =SUM(INICIO:final!C84) -> 0 | D84: =SUM(INICIO:final!D84) -> 0 | E84: =SUM(INICIO:final!E84) -> 1 | F84: =SUM(INICIO:final!F84) -> 0 | G84: =SUM(INICIO:final!G84) -> 0 | H84: =SUM(INICIO:final!H84) -> 0 | I84: =SUM(INICIO:final!I84) -> 0 | ... AB84: =SUM(INICIO:final!AB84) -> 0 | AD84: =SUM(INICIO:final!AD84) -> 1
A85: ABUSO DE CONDICIONES DE INFERIORIDAD. ART. 251 C.P. | B85: =SUM(INICIO:final!B85) -> 0 | C85: =SUM(INICIO:final!C85) -> 0 | D85: =SUM(INICIO:final!D85) -> 0 | E85: =SUM(INICIO:final!E85) -> 1 | F85: =SUM(INICIO:final!F85) -> 0 | G85: =SUM(INICIO:final!G85) -> 0 | H85: =SUM(INICIO:final!H85) -> 0 | I85: =SUM(INICIO:final!I85) -> 0 | ... AB85: =SUM(INICIO:final!AB85) -> 0 | AD85: =SUM(INICIO:final!AD85) -> 1
A86: ABUSO DE FUNCION PUBLICA ART. 428 C.P. | B86: =SUM(INICIO:final!B86) -> 0 | C86: =SUM(INICIO:final!C86) -> 0 | D86: =SUM(INICIO:final!D86) -> 0 | E86: =SUM(INICIO:final!E86) -> 0 | F86: =SUM(INICIO:final!F86) -> 0 | G86: =SUM(INICIO:final!G86) -> 0 | H86: =SUM(INICIO:final!H86) -> 0 | I86: =SUM(INICIO:final!I86) -> 0 | ... AB86: =SUM(INICIO:final!AB86) -> 0 | AD86: =SUM(INICIO:final!AD86) -> 0
A87: ACCESO ABUSIVO A UN SISTEMA INFORMATICO ART. 269A C. | B87: =SUM(INICIO:final!B87) -> 0 | C87: =SUM(INICIO:final!C87) -> 0 | D87: =SUM(INICIO:final!D87) -> 0 | E87: =SUM(INICIO:final!E87) -> 0 | F87: =SUM(INICIO:final!F87) -> 0 | G87: =SUM(INICIO:final!G87) -> 0 | H87: =SUM(INICIO:final!H87) -> 0 | I87: =SUM(INICIO:final!I87) -> 0 | ... AB87: =SUM(INICIO:final!AB87) -> 0 | AD87: =SUM(INICIO:final!AD87) -> 0
A88: ACCESO CARNAL VIOLENTO EN PERSONA PROTEGIDA ART. 138 C.P. | B88: =SUM(INICIO:final!B88) -> 0 | C88: =SUM(INICIO:final!C88) -> 0 | D88: =SUM(INICIO:final!D88) -> 0 | E88: =SUM(INICIO:final!E88) -> 0 | F88: =SUM(INICIO:final!F88) -> 0 | G88: =SUM(INICIO:final!G88) -> 0 | H88: =SUM(INICIO:final!H88) -> 0 | I88: =SUM(INICIO:final!I88) -> 0 | ... AB88: =SUM(INICIO:final!AB88) -> 0 | AD88: =SUM(INICIO:final!AD88) -> 0
A89: ACOSO SEXUAL | B89: =SUM(INICIO:final!B89) -> 0 | C89: =SUM(INICIO:final!C89) -> 0 | D89: =SUM(INICIO:final!D89) -> 0 | E89: =SUM(INICIO:final!E89) -> 3 | F89: =SUM(INICIO:final!F89) -> 1 | G89: =SUM(INICIO:final!G89) -> 0 | H89: =SUM(INICIO:final!H89) -> 0 | I89: =SUM(INICIO:final!I89) -> 0 | ... AB89: =SUM(INICIO:final!AB89) -> 0 | AD89: =SUM(INICIO:final!AD89) -> 4
A90: ACTO SEXUAL ABUSIVO | B90: =SUM(INICIO:final!B90) -> 0 | C90: =SUM(INICIO:final!C90) -> 0 | D90: =SUM(INICIO:final!D90) -> 0 | E90: =SUM(INICIO:final!E90) -> 0 | F90: =SUM(INICIO:final!F90) -> 0 | G90: =SUM(INICIO:final!G90) -> 0 | H90: =SUM(INICIO:final!H90) -> 0 | I90: =SUM(INICIO:final!I90) -> 0 | ... AB90: =SUM(INICIO:final!AB90) -> 0 | AD90: =SUM(INICIO:final!AD90) -> 0
A91: ALTERACION DE RESULTADOS ELECTORALES ART. 394 C.P. | B91: =SUM(INICIO:final!B91) -> 0 | C91: =SUM(INICIO:final!C91) -> 0 | D91: =SUM(INICIO:final!D91) -> 0 | E91: =SUM(INICIO:final!E91) -> 6 | F91: =SUM(INICIO:final!F91) -> 0 | G91: =SUM(INICIO:final!G91) -> 0 | H91: =SUM(INICIO:final!H91) -> 0 | I91: =SUM(INICIO:final!I91) -> 0 | ... AB91: =SUM(INICIO:final!AB91) -> 0 | AD91: =SUM(INICIO:final!AD91) -> 6
A92: ALTERACION, DESFIGURACION Y SUPLANTACION DE MARCAS DE GANADO. ART. 243 C.P. | B92: =SUM(INICIO:final!B92) -> 0 | C92: =SUM(INICIO:final!C92) -> 0 | D92: =SUM(INICIO:final!D92) -> 0 | E92: =SUM(INICIO:final!E92) -> 3 | F92: =SUM(INICIO:final!F92) -> 0 | G92: =SUM(INICIO:final!G92) -> 0 | H92: =SUM(INICIO:final!H92) -> 0 | I92: =SUM(INICIO:final!I92) -> 0 | ... AB92: =SUM(INICIO:final!AB92) -> 0 | AD92: =SUM(INICIO:final!AD92) -> 3
A93: ALZAMIENTO DE BIENES. ART. 253 C.P. | B93: =SUM(INICIO:final!B93) -> 0 | C93: =SUM(INICIO:final!C93) -> 0 | D93: =SUM(INICIO:final!D93) -> 0 | E93: =SUM(INICIO:final!E93) -> 0 | F93: =SUM(INICIO:final!F93) -> 0 | G93: =SUM(INICIO:final!G93) -> 0 | H93: =SUM(INICIO:final!H93) -> 0 | I93: =SUM(INICIO:final!I93) -> 0 | ... AB93: =SUM(INICIO:final!AB93) -> 0 | AD93: =SUM(INICIO:final!AD93) -> 0
A94: APLICACION FRAUDULENTA DE CREDITO OFICIALMENTE REGULADO ART. 311 C.P. | B94: =SUM(INICIO:final!B94) -> 0 | C94: =SUM(INICIO:final!C94) -> 0 | D94: =SUM(INICIO:final!D94) -> 0 | E94: =SUM(INICIO:final!E94) -> 6 | F94: =SUM(INICIO:final!F94) -> 0 | G94: =SUM(INICIO:final!G94) -> 0 | H94: =SUM(INICIO:final!H94) -> 0 | I94: =SUM(INICIO:final!I94) -> 0 | ... AB94: =SUM(INICIO:final!AB94) -> 0 | AD94: =SUM(INICIO:final!AD94) -> 6
... A181: VIOLACION DERECHOS DE AUTOR | B181: =SUM(INICIO:final!B181) -> 0 | C181: =SUM(INICIO:final!C181) -> 0 | D181: =SUM(INICIO:final!D181) -> 0 | E181: =SUM(INICIO:final!E181) -> 0 | F181: =SUM(INICIO:final!F181) -> 0 | G181: =SUM(INICIO:final!G181) -> 0 | H181: =SUM(INICIO:final!H181) -> 0 | I181: =SUM(INICIO:final!I181) -> 0 | ... AB181: =SUM(INICIO:final!AB181) -> 0 | AD181: =SUM(INICIO:final!AD181) -> 0
B182: =SUM(INICIO:final!B182) -> 0 | C182: =SUM(INICIO:final!C182) -> 0 | D182: =SUM(INICIO:final!D182) -> 0 | E182: =SUM(INICIO:final!E182) -> 0 | F182: =SUM(INICIO:final!F182) -> 0 | G182: =SUM(INICIO:final!G182) -> 0 | H182: =SUM(INICIO:final!H182) -> 0 | I182: =SUM(INICIO:final!I182) -> 0 | ... AB182: =SUM(INICIO:final!AB182) -> 0 | AD182: =SUM(INICIO:final!AD182) -> 0
B183: =SUM(INICIO:final!B183) -> 0 | C183: =SUM(INICIO:final!C183) -> 0 | D183: =SUM(INICIO:final!D183) -> 0 | E183: =SUM(INICIO:final!E183) -> 0 | F183: =SUM(INICIO:final!F183) -> 0 | G183: =SUM(INICIO:final!G183) -> 0 | H183: =SUM(INICIO:final!H183) -> 0 | I183: =SUM(INICIO:final!I183) -> 0 | ... AB183: =SUM(INICIO:final!AB183) -> 0 | AD183: =SUM(INICIO:final!AD183) -> 0
B184: =SUM(INICIO:final!B184) -> 0 | C184: =SUM(INICIO:final!C184) -> 0 | D184: =SUM(INICIO:final!D184) -> 0 | E184: =SUM(INICIO:final!E184) -> 0 | F184: =SUM(INICIO:final!F184) -> 0 | G184: =SUM(INICIO:final!G184) -> 0 | H184: =SUM(INICIO:final!H184) -> 0 | I184: =SUM(INICIO:final!I184) -> 0 | ... AB184: =SUM(INICIO:final!AB184) -> 0 | AD184: =SUM(INICIO:final!AD184) -> 0
B185: =SUM(INICIO:final!B185) -> 0 | C185: =SUM(INICIO:final!C185) -> 0 | D185: =SUM(INICIO:final!D185) -> 0 | E185: =SUM(INICIO:final!E185) -> 0 | F185: =SUM(INICIO:final!F185) -> 0 | G185: =SUM(INICIO:final!G185) -> 0 | H185: =SUM(INICIO:final!H185) -> 0 | I185: =SUM(INICIO:final!I185) -> 0 | ... AB185: =SUM(INICIO:final!AB185) -> 0 | AD185: =SUM(INICIO:final!AD185) -> 0
B186: =SUM(INICIO:final!B186) -> 0 | C186: =SUM(INICIO:final!C186) -> 0 | D186: =SUM(INICIO:final!D186) -> 0 | E186: =SUM(INICIO:final!E186) -> 0 | F186: =SUM(INICIO:final!F186) -> 0 | G186: =SUM(INICIO:final!G186) -> 0 | H186: =SUM(INICIO:final!H186) -> 0 | I186: =SUM(INICIO:final!I186) -> 0 | ... AB186: =SUM(INICIO:final!AB186) -> 0 | AD186: =SUM(INICIO:final!AD186) -> 0
B187: =SUM(INICIO:final!B187) -> 0 | C187: =SUM(INICIO:final!C187) -> 0 | D187: =SUM(INICIO:final!D187) -> 0 | E187: =SUM(INICIO:final!E187) -> 0 | F187: =SUM(INICIO:final!F187) -> 0 | G187: =SUM(INICIO:final!G187) -> 0 | H187: =SUM(INICIO:final!H187) -> 0 | I187: =SUM(INICIO:final!I187) -> 0 | ... AB187: =SUM(INICIO:final!AB187) -> 0 | AD187: =SUM(INICIO:final!AD187) -> 0
B188: =SUM(INICIO:final!B188) -> 0 | C188: =SUM(INICIO:final!C188) -> 0 | D188: =SUM(INICIO:final!D188) -> 0 | E188: =SUM(INICIO:final!E188) -> 0 | F188: =SUM(INICIO:final!F188) -> 0 | G188: =SUM(INICIO:final!G188) -> 0 | H188: =SUM(INICIO:final!H188) -> 0 | I188: =SUM(INICIO:final!I188) -> 0 | ... AB188: =SUM(INICIO:final!AB188) -> 0 | AD188: =SUM(INICIO:final!AD188) -> 0
B189: =SUM(INICIO:final!B189) -> 0 | C189: =SUM(INICIO:final!C189) -> 0 | D189: =SUM(INICIO:final!D189) -> 0 | E189: =SUM(INICIO:final!E189) -> 0 | F189: =SUM(INICIO:final!F189) -> 0 | G189: =SUM(INICIO:final!G189) -> 0 | H189: =SUM(INICIO:final!H189) -> 0 | I189: =SUM(INICIO:final!I189) -> 0 | ... AB189: =SUM(INICIO:final!AB189) -> 0 | AD189: =SUM(INICIO:final!AD189) -> 0
B190: =SUM(INICIO:final!B190) -> 0 | C190: =SUM(INICIO:final!C190) -> 0 | D190: =SUM(INICIO:final!D190) -> 0 | E190: =SUM(INICIO:final!E190) -> 0 | F190: =SUM(INICIO:final!F190) -> 0 | G190: =SUM(INICIO:final!G190) -> 0 | H190: =SUM(INICIO:final!H190) -> 0 | I190: =SUM(INICIO:final!I190) -> 0 | ... AB190: =SUM(INICIO:final!AB190) -> 0 | AD190: =SUM(INICIO:final!AD190) -> 0
B191: =SUM(INICIO:final!B191) -> 0 | C191: =SUM(INICIO:final!C191) -> 0 | D191: =SUM(INICIO:final!D191) -> 0 | E191: =SUM(INICIO:final!E191) -> 0 | F191: =SUM(INICIO:final!F191) -> 0 | G191: =SUM(INICIO:final!G191) -> 0 | H191: =SUM(INICIO:final!H191) -> 0 | I191: =SUM(INICIO:final!I191) -> 0 | ... AB191: =SUM(INICIO:final!AB191) -> 0 | AD191: =SUM(INICIO:final!AD191) -> 0
B192: =SUM(INICIO:final!B192) -> 0 | C192: =SUM(INICIO:final!C192) -> 0 | D192: =SUM(INICIO:final!D192) -> 0 | E192: =SUM(INICIO:final!E192) -> 0 | F192: =SUM(INICIO:final!F192) -> 0 | G192: =SUM(INICIO:final!G192) -> 0 | H192: =SUM(INICIO:final!H192) -> 0 | I192: =SUM(INICIO:final!I192) -> 0 | ... AB192: =SUM(INICIO:final!AB192) -> 0 | AD192: =SUM(INICIO:final!AD192) -> 0
B193: =SUM(INICIO:final!B193) -> 0 | C193: =SUM(INICIO:final!C193) -> 0 | D193: =SUM(INICIO:final!D193) -> 0 | E193: =SUM(INICIO:final!E193) -> 0 | F193: =SUM(INICIO:final!F193) -> 0 | G193: =SUM(INICIO:final!G193) -> 0 | H193: =SUM(INICIO:final!H193) -> 0 | I193: =SUM(INICIO:final!I193) -> 0 | ... AB193: =SUM(INICIO:final!AB193) -> 0 | AD193: =SUM(INICIO:final!AD193) -> 0
B194: =SUM(INICIO:final!B194) -> 0 | C194: =SUM(INICIO:final!C194) -> 0 | D194: =SUM(INICIO:final!D194) -> 0 | E194: =SUM(INICIO:final!E194) -> 0 | F194: =SUM(INICIO:final!F194) -> 0 | G194: =SUM(INICIO:final!G194) -> 0 | H194: =SUM(INICIO:final!H194) -> 0 | I194: =SUM(INICIO:final!I194) -> 0 | ... AB194: =SUM(INICIO:final!AB194) -> 0 | AD194: =SUM(INICIO:final!AD194) -> 0
A195: TOTAL | B195: =SUM(B83:B194) -> 1 | C195: =SUM(C83:C194) -> 1 | D195: =SUM(D83:D194) -> 0 | E195: =SUM(E83:E194) -> 77 | F195: =SUM(F83:F194) -> 3 | G195: =SUM(G83:G194) -> 1 | H195: =SUM(H83:H194) -> 0 | I195: =SUM(I83:I194) -> 1 | ... AB195: =SUM(AB83:AB194) -> 0 | AD195: =SUM(AD83:AD194) -> 79
B196: =+B74-B195 -> 0 | C196: =+C74-C195 -> 0 | D196: =+D74-D195 -> 0 | E196: =+E74-E195 -> 0 | F196: =+F74-F195 -> 0 | G196: =+G74-G195 -> 0 | H196: =+H74-H195 -> 0 | I196: =+I74-I195 -> 0 | ... AB196: =+AB74-AB195 -> 0 | AD196: =+AD74-AD195 -> 0
A198: OTRAS CAUSAS DE TERMINACIÓN
A199: DELITOS | B199: APODERADO DE LA DEFENSORIA | C199: ARCHIVO | D199: ARCHIVO POR FALTA DE QUERRELA | E199: CAMBIO DE COMPETENCIA | F199: CAMBIO DE JURIDISCCION | G199: PPIO OPORTUNIDAD | H199: RADICACION REPETIDA | I199: SUSTITUCION PODER | J199: TERMINACIÓN ANORMAL POR NO REALIZARSE LAS AUDIENCIAS PRELIMINARES | K199: TERMINACION ANORMAL POR CONDENA ANTICIPADA | L199: MEDIACION | M199: RUPTURA PROCESAL | N199: ACUMULACION DE PROCESOS | O199: INACTIVIDAD PROCESAL SUPERIOR A 2 AÑOS | P199: PREJUDICIABILIDAD | AB199: TOTALES
A200: 1 | B200: 2 | C200: 3 | D200: 4 | E200: 5 | F200: 6 | G200: 7 | H200: 8 | I200: 9 | J200: 10 | K200: 11 | L200: 12 | M200: 13 | N200: 14 | O200: 15 | P200: 16 | Q200: 17 | R200: 18 | S200: 19 | T200: 20 | U200: 21 | V200: 22 | W200: 23 | X200: 24 | Y200: 25 | Z200: 26 | AA200: 27 | AB200: 28
A201: ABORTO | B201: =SUM(INICIO:final!E201) -> 0 | C201: =SUM(INICIO:final!F201) -> 0 | D201: =SUM(INICIO:final!G201) -> 0 | E201: =SUM(INICIO:final!H201) -> 0 | F201: =SUM(INICIO:final!I201) -> 0 | G201: =SUM(INICIO:final!J201) -> 0 | H201: =SUM(INICIO:final!K201) -> 0 | I201: =SUM(INICIO:final!L201) -> 0 | ... AB201: =SUM(INICIO:final!AE201) -> 0
A202: ABUSO DE CONFIANZA | B202: =SUM(INICIO:final!E202) -> 0 | C202: =SUM(INICIO:final!F202) -> 0 | D202: =SUM(INICIO:final!G202) -> 0 | E202: =SUM(INICIO:final!H202) -> 0 | F202: =SUM(INICIO:final!I202) -> 0 | G202: =SUM(INICIO:final!J202) -> 0 | H202: =SUM(INICIO:final!K202) -> 0 | I202: =SUM(INICIO:final!L202) -> 0 | ... AB202: =SUM(INICIO:final!AE202) -> 0
A203: ACCESO CARNAL ABUSIVO CON MENOR DE 14 AÑOS | B203: =SUM(INICIO:final!E203) -> 0 | C203: =SUM(INICIO:final!F203) -> 0 | D203: =SUM(INICIO:final!G203) -> 0 | E203: =SUM(INICIO:final!H203) -> 0 | F203: =SUM(INICIO:final!I203) -> 1 | G203: =SUM(INICIO:final!J203) -> 0 | H203: =SUM(INICIO:final!K203) -> 0 | I203: =SUM(INICIO:final!L203) -> 0 | ... AB203: =SUM(INICIO:final!AE203) -> 0
A204: ACCESO CARNAL CON INCAPAZ DE RESISTIR | B204: =SUM(INICIO:final!E204) -> 0 | C204: =SUM(INICIO:final!F204) -> 0 | D204: =SUM(INICIO:final!G204) -> 0 | E204: =SUM(INICIO:final!H204) -> 0 | F204: =SUM(INICIO:final!I204) -> 0 | G204: =SUM(INICIO:final!J204) -> 0 | H204: =SUM(INICIO:final!K204) -> 0 | I204: =SUM(INICIO:final!L204) -> 0 | ... AB204: =SUM(INICIO:final!AE204) -> 0
A205: ACCESO CARNAL O ACTO SEXUAL CON PERSONA PUESTA EN INCAPACIDAD DE RESISTIR | B205: =SUM(INICIO:final!E205) -> 0 | C205: =SUM(INICIO:final!F205) -> 0 | D205: =SUM(INICIO:final!G205) -> 0 | E205: =SUM(INICIO:final!H205) -> 0 | F205: =SUM(INICIO:final!I205) -> 0 | G205: =SUM(INICIO:final!J205) -> 0 | H205: =SUM(INICIO:final!K205) -> 0 | I205: =SUM(INICIO:final!L205) -> 0 | ... AB205: =SUM(INICIO:final!AE205) -> 0
A206: ACCESO CARNAL VIOLENTO | B206: =SUM(INICIO:final!E206) -> 0 | C206: =SUM(INICIO:final!F206) -> 0 | D206: =SUM(INICIO:final!G206) -> 0 | E206: =SUM(INICIO:final!H206) -> 0 | F206: =SUM(INICIO:final!I206) -> 0 | G206: =SUM(INICIO:final!J206) -> 0 | H206: =SUM(INICIO:final!K206) -> 0 | I206: =SUM(INICIO:final!L206) -> 0 | ... AB206: =SUM(INICIO:final!AE206) -> 0
A207: ACTO SEXUAL CON MENOR DE 14 AÑOS | B207: =SUM(INICIO:final!E207) -> 0 | C207: =SUM(INICIO:final!F207) -> 0 | D207: =SUM(INICIO:final!G207) -> 0 | E207: =SUM(INICIO:final!H207) -> 0 | F207: =SUM(INICIO:final!I207) -> 1 | G207: =SUM(INICIO:final!J207) -> 0 | H207: =SUM(INICIO:final!K207) -> 0 | I207: =SUM(INICIO:final!L207) -> 0 | ... AB207: =SUM(INICIO:final!AE207) -> 0
A208: ACTO SEXUAL VIOLENTO | B208: =SUM(INICIO:final!E208) -> 0 | C208: =SUM(INICIO:final!F208) -> 0 | D208: =SUM(INICIO:final!G208) -> 0 | E208: =SUM(INICIO:final!H208) -> 0 | F208: =SUM(INICIO:final!I208) -> 0 | G208: =SUM(INICIO:final!J208) -> 0 | H208: =SUM(INICIO:final!K208) -> 0 | I208: =SUM(INICIO:final!L208) -> 0 | ... AB208: =SUM(INICIO:final!AE208) -> 0
A209: AMENAZAS | B209: =SUM(INICIO:final!E209) -> 0 | C209: =SUM(INICIO:final!F209) -> 0 | D209: =SUM(INICIO:final!G209) -> 0 | E209: =SUM(INICIO:final!H209) -> 0 | F209: =SUM(INICIO:final!I209) -> 2 | G209: =SUM(INICIO:final!J209) -> 0 | H209: =SUM(INICIO:final!K209) -> 0 | I209: =SUM(INICIO:final!L209) -> 0 | ... AB209: =SUM(INICIO:final!AE209) -> 0
A210: CALUMNIA | B210: =SUM(INICIO:final!E210) -> 0 | C210: =SUM(INICIO:final!F210) -> 0 | D210: =SUM(INICIO:final!G210) -> 0 | E210: =SUM(INICIO:final!H210) -> 0 | F210: =SUM(INICIO:final!I210) -> 0 | G210: =SUM(INICIO:final!J210) -> 0 | H210: =SUM(INICIO:final!K210) -> 0 | I210: =SUM(INICIO:final!L210) -> 0 | ... AB210: =SUM(INICIO:final!AE210) -> 0
A211: COHECHO | B211: =SUM(INICIO:final!E211) -> 0 | C211: =SUM(INICIO:final!F211) -> 0 | D211: =SUM(INICIO:final!G211) -> 0 | E211: =SUM(INICIO:final!H211) -> 0 | F211: =SUM(INICIO:final!I211) -> 0 | G211: =SUM(INICIO:final!J211) -> 0 | H211: =SUM(INICIO:final!K211) -> 0 | I211: =SUM(INICIO:final!L211) -> 0 | ... AB211: =SUM(INICIO:final!AE211) -> 0
A212: CONCIERTO PARA DELINQUIR | B212: =SUM(INICIO:final!E212) -> 0 | C212: =SUM(INICIO:final!F212) -> 0 | D212: =SUM(INICIO:final!G212) -> 0 | E212: =SUM(INICIO:final!H212) -> 0 | F212: =SUM(INICIO:final!I212) -> 0 | G212: =SUM(INICIO:final!J212) -> 0 | H212: =SUM(INICIO:final!K212) -> 0 | I212: =SUM(INICIO:final!L212) -> 0 | ... AB212: =SUM(INICIO:final!AE212) -> 0
... A263: VIOLENCIA CONTRA SERVIDOR PÚBLICO | B263: =SUM(INICIO:final!E263) -> 0 | C263: =SUM(INICIO:final!F263) -> 0 | D263: =SUM(INICIO:final!G263) -> 0 | E263: =SUM(INICIO:final!H263) -> 0 | F263: =SUM(INICIO:final!I263) -> 0 | G263: =SUM(INICIO:final!J263) -> 0 | H263: =SUM(INICIO:final!K263) -> 0 | I263: =SUM(INICIO:final!L263) -> 0 | ... AB263: =SUM(INICIO:final!AE263) -> 0
A264: VIOLENCIA INTRAFAMILIAR | B264: 1 | C264: =SUM(INICIO:final!F264) -> 0 | D264: =SUM(INICIO:final!G264) -> 0 | E264: =SUM(INICIO:final!H264) -> 0 | F264: =SUM(INICIO:final!I264) -> 18 | G264: =SUM(INICIO:final!J264) -> 0 | H264: =SUM(INICIO:final!K264) -> 0 | I264: =SUM(INICIO:final!L264) -> 0 | J264: =SUM(INICIO:final!M264) -> 0 | ... AB264: =SUM(INICIO:final!AE264) -> 0
A265: ABANDONO ART. 127 C.P. | B265: =SUM(INICIO:final!E265) -> 0 | C265: =SUM(INICIO:final!F265) -> 0 | D265: =SUM(INICIO:final!G265) -> 0 | E265: =SUM(INICIO:final!H265) -> 0 | F265: =SUM(INICIO:final!I265) -> 0 | G265: =SUM(INICIO:final!J265) -> 0 | H265: =SUM(INICIO:final!K265) -> 0 | I265: =SUM(INICIO:final!L265) -> 0 | ... AB265: =SUM(INICIO:final!AE265) -> 0
A266: ABUSO DE AUTORIDAD POR ACTO ARBITRARIO | B266: =SUM(INICIO:final!E266) -> 0 | C266: =SUM(INICIO:final!F266) -> 0 | D266: =SUM(INICIO:final!G266) -> 0 | E266: =SUM(INICIO:final!H266) -> 0 | F266: =SUM(INICIO:final!I266) -> 0 | G266: =SUM(INICIO:final!J266) -> 0 | H266: =SUM(INICIO:final!K266) -> 0 | I266: =SUM(INICIO:final!L266) -> 0 | ... AB266: =SUM(INICIO:final!AE266) -> 0
A267: ABUSO DE CONDICIONES DE INFERIORIDAD. ART. 251 C.P. | B267: =SUM(INICIO:final!E267) -> 0 | C267: =SUM(INICIO:final!F267) -> 0 | D267: =SUM(INICIO:final!G267) -> 0 | E267: =SUM(INICIO:final!H267) -> 0 | F267: =SUM(INICIO:final!I267) -> 0 | G267: =SUM(INICIO:final!J267) -> 0 | H267: =SUM(INICIO:final!K267) -> 0 | I267: =SUM(INICIO:final!L267) -> 0 | ... AB267: =SUM(INICIO:final!AE267) -> 0
A268: ABUSO DE FUNCION PUBLICA ART. 428 C.P. | B268: =SUM(INICIO:final!E268) -> 0 | C268: =SUM(INICIO:final!F268) -> 0 | D268: =SUM(INICIO:final!G268) -> 0 | E268: =SUM(INICIO:final!H268) -> 0 | F268: =SUM(INICIO:final!I268) -> 0 | G268: =SUM(INICIO:final!J268) -> 0 | H268: =SUM(INICIO:final!K268) -> 0 | I268: =SUM(INICIO:final!L268) -> 0 | ... AB268: =SUM(INICIO:final!AE268) -> 0
A269: ACCESO ABUSIVO A UN SISTEMA INFORMATICO. ART. 195 C.P. | B269: =SUM(INICIO:final!E269) -> 0 | C269: =SUM(INICIO:final!F269) -> 0 | D269: =SUM(INICIO:final!G269) -> 0 | E269: =SUM(INICIO:final!H269) -> 0 | F269: =SUM(INICIO:final!I269) -> 0 | G269: =SUM(INICIO:final!J269) -> 0 | H269: =SUM(INICIO:final!K269) -> 0 | I269: =SUM(INICIO:final!L269) -> 0 | ... AB269: =SUM(INICIO:final!AE269) -> 0
A270: ACCESO CARNAL VIOLENTO EN PERSONA PROTEGIDA ART. 138 C.P. | B270: =SUM(INICIO:final!E270) -> 0 | C270: =SUM(INICIO:final!F270) -> 0 | D270: =SUM(INICIO:final!G270) -> 0 | E270: =SUM(INICIO:final!H270) -> 0 | F270: =SUM(INICIO:final!I270) -> 0 | G270: =SUM(INICIO:final!J270) -> 0 | H270: =SUM(INICIO:final!K270) -> 0 | I270: =SUM(INICIO:final!L270) -> 0 | ... AB270: =SUM(INICIO:final!AE270) -> 0
A271: ACOSO SEXUAL | B271: =SUM(INICIO:final!E271) -> 0 | C271: =SUM(INICIO:final!F271) -> 0 | D271: =SUM(INICIO:final!G271) -> 0 | E271: =SUM(INICIO:final!H271) -> 0 | F271: =SUM(INICIO:final!I271) -> 1 | G271: =SUM(INICIO:final!J271) -> 0 | H271: =SUM(INICIO:final!K271) -> 0 | I271: =SUM(INICIO:final!L271) -> 0 | ... AB271: =SUM(INICIO:final!AE271) -> 0
A272: ACTO SEXUAL ABUSIVO | B272: =SUM(INICIO:final!E272) -> 0 | C272: =SUM(INICIO:final!F272) -> 0 | D272: =SUM(INICIO:final!G272) -> 0 | E272: =SUM(INICIO:final!H272) -> 0 | F272: =SUM(INICIO:final!I272) -> 0 | G272: =SUM(INICIO:final!J272) -> 0 | H272: =SUM(INICIO:final!K272) -> 0 | I272: =SUM(INICIO:final!L272) -> 0 | ... AB272: =SUM(INICIO:final!AE272) -> 0
A273: ALTERACION DE RESULTADOS ELECTORALES ART. 394 C.P. | B273: =SUM(INICIO:final!E273) -> 0 | C273: =SUM(INICIO:final!F273) -> 0 | D273: =SUM(INICIO:final!G273) -> 0 | E273: =SUM(INICIO:final!H273) -> 0 | F273: =SUM(INICIO:final!I273) -> 0 | G273: =SUM(INICIO:final!J273) -> 0 | H273: =SUM(INICIO:final!K273) -> 0 | I273: =SUM(INICIO:final!L273) -> 0 | ... AB273: =SUM(INICIO:final!AE273) -> 0
A274: ALTERACION, DESFIGURACION Y SUPLANTACION DE MARCAS DE GANADO. ART. 243 C.P. | B274: =SUM(INICIO:final!E274) -> 0 | C274: =SUM(INICIO:final!F274) -> 0 | D274: =SUM(INICIO:final!G274) -> 0 | E274: =SUM(INICIO:final!H274) -> 0 | F274: =SUM(INICIO:final!I274) -> 0 | G274: =SUM(INICIO:final!J274) -> 0 | H274: =SUM(INICIO:final!K274) -> 0 | I274: =SUM(INICIO:final!L274) -> 0 | ... AB274: =SUM(INICIO:final!AE274) -> 0
A275: ALZAMIENTO DE BIENES. ART. 253 C.P. | B275: =SUM(INICIO:final!E275) -> 0 | C275: =SUM(INICIO:final!F275) -> 0 | D275: =SUM(INICIO:final!G275) -> 0 | E275: =SUM(INICIO:final!H275) -> 0 | F275: =SUM(INICIO:final!I275) -> 0 | G275: =SUM(INICIO:final!J275) -> 0 | H275: =SUM(INICIO:final!K275) -> 0 | I275: =SUM(INICIO:final!L275) -> 0 | ... AB275: =SUM(INICIO:final!AE275) -> 0
A276: APLICACION FRAUDULENTA DE CREDITO OFICIALMENTE REGULADO ART. 311 C.P. | B276: =SUM(INICIO:final!E276) -> 0 | C276: =SUM(INICIO:final!F276) -> 0 | D276: =SUM(INICIO:final!G276) -> 0 | E276: =SUM(INICIO:final!H276) -> 0 | F276: =SUM(INICIO:final!I276) -> 0 | G276: =SUM(INICIO:final!J276) -> 0 | H276: =SUM(INICIO:final!K276) -> 0 | I276: =SUM(INICIO:final!L276) -> 0 | ... AB276: =SUM(INICIO:final!AE276) -> 0
... A363: VIOLACION DERECHOS DE AUTOR | B363: =SUM(INICIO:final!E363) -> 0 | C363: =SUM(INICIO:final!F363) -> 0 | D363: =SUM(INICIO:final!G363) -> 0 | E363: =SUM(INICIO:final!H363) -> 0 | F363: =SUM(INICIO:final!I363) -> 0 | G363: =SUM(INICIO:final!J363) -> 0 | H363: =SUM(INICIO:final!K363) -> 0 | I363: =SUM(INICIO:final!L363) -> 0 | ... AB363: =SUM(INICIO:final!AE363) -> 0
B364: =SUM(INICIO:final!E364) -> 0 | C364: =SUM(INICIO:final!F364) -> 0 | D364: =SUM(INICIO:final!G364) -> 0 | E364: =SUM(INICIO:final!H364) -> 0 | F364: =SUM(INICIO:final!I364) -> 0 | G364: =SUM(INICIO:final!J364) -> 0 | H364: =SUM(INICIO:final!K364) -> 0 | I364: =SUM(INICIO:final!L364) -> 0 | ... AB364: =SUM(INICIO:final!AE364) -> 0
B365: =SUM(INICIO:final!E365) -> 0 | C365: =SUM(INICIO:final!F365) -> 0 | D365: =SUM(INICIO:final!G365) -> 0 | E365: =SUM(INICIO:final!H365) -> 0 | F365: =SUM(INICIO:final!I365) -> 0 | G365: =SUM(INICIO:final!J365) -> 0 | H365: =SUM(INICIO:final!K365) -> 0 | I365: =SUM(INICIO:final!L365) -> 0 | ... AB365: =SUM(INICIO:final!AE365) -> 0
B366: =SUM(INICIO:final!E366) -> 0 | C366: =SUM(INICIO:final!F366) -> 0 | D366: =SUM(INICIO:final!G366) -> 0 | E366: =SUM(INICIO:final!H366) -> 0 | F366: =SUM(INICIO:final!I366) -> 0 | G366: =SUM(INICIO:final!J366) -> 0 | H366: =SUM(INICIO:final!K366) -> 0 | I366: =SUM(INICIO:final!L366) -> 0 | ... AB366: =SUM(INICIO:final!AE366) -> 0
B367: =SUM(INICIO:final!E367) -> 0 | C367: =SUM(INICIO:final!F367) -> 0 | D367: =SUM(INICIO:final!G367) -> 0 | E367: =SUM(INICIO:final!H367) -> 0 | F367: =SUM(INICIO:final!I367) -> 0 | G367: =SUM(INICIO:final!J367) -> 0 | H367: =SUM(INICIO:final!K367) -> 0 | I367: =SUM(INICIO:final!L367) -> 0 | ... AB367: =SUM(INICIO:final!AE367) -> 0
B368: =SUM(INICIO:final!E368) -> 0 | C368: =SUM(INICIO:final!F368) -> 0 | D368: =SUM(INICIO:final!G368) -> 0 | E368: =SUM(INICIO:final!H368) -> 0 | F368: =SUM(INICIO:final!I368) -> 0 | G368: =SUM(INICIO:final!J368) -> 0 | H368: =SUM(INICIO:final!K368) -> 0 | I368: =SUM(INICIO:final!L368) -> 0 | ... AB368: =SUM(INICIO:final!AE368) -> 0
B369: =SUM(INICIO:final!E369) -> 0 | C369: =SUM(INICIO:final!F369) -> 0 | D369: =SUM(INICIO:final!G369) -> 0 | E369: =SUM(INICIO:final!H369) -> 0 | F369: =SUM(INICIO:final!I369) -> 0 | G369: =SUM(INICIO:final!J369) -> 0 | H369: =SUM(INICIO:final!K369) -> 0 | I369: =SUM(INICIO:final!L369) -> 0 | ... AB369: =SUM(INICIO:final!AE369) -> 0
B370: =SUM(INICIO:final!E370) -> 0 | C370: =SUM(INICIO:final!F370) -> 0 | D370: =SUM(INICIO:final!G370) -> 0 | E370: =SUM(INICIO:final!H370) -> 0 | F370: =SUM(INICIO:final!I370) -> 0 | G370: =SUM(INICIO:final!J370) -> 0 | H370: =SUM(INICIO:final!K370) -> 0 | I370: =SUM(INICIO:final!L370) -> 0 | ... AB370: =SUM(INICIO:final!AE370) -> 0
B371: =SUM(INICIO:final!E371) -> 0 | C371: =SUM(INICIO:final!F371) -> 0 | D371: =SUM(INICIO:final!G371) -> 0 | E371: =SUM(INICIO:final!H371) -> 0 | F371: =SUM(INICIO:final!I371) -> 0 | G371: =SUM(INICIO:final!J371) -> 0 | H371: =SUM(INICIO:final!K371) -> 0 | I371: =SUM(INICIO:final!L371) -> 0 | ... AB371: =SUM(INICIO:final!AE371) -> 0
B372: =SUM(INICIO:final!E372) -> 0 | C372: =SUM(INICIO:final!F372) -> 0 | D372: =SUM(INICIO:final!G372) -> 0 | E372: =SUM(INICIO:final!H372) -> 0 | F372: =SUM(INICIO:final!I372) -> 0 | G372: =SUM(INICIO:final!J372) -> 0 | H372: =SUM(INICIO:final!K372) -> 0 | I372: =SUM(INICIO:final!L372) -> 0 | ... AB372: =SUM(INICIO:final!AE372) -> 0
B373: =SUM(INICIO:final!E373) -> 0 | C373: =SUM(INICIO:final!F373) -> 0 | D373: =SUM(INICIO:final!G373) -> 0 | E373: =SUM(INICIO:final!H373) -> 0 | F373: =SUM(INICIO:final!I373) -> 0 | G373: =SUM(INICIO:final!J373) -> 0 | H373: =SUM(INICIO:final!K373) -> 0 | I373: =SUM(INICIO:final!L373) -> 0 | ... AB373: =SUM(INICIO:final!AE373) -> 0
B374: =SUM(INICIO:final!E374) -> 0 | C374: =SUM(INICIO:final!F374) -> 0 | D374: =SUM(INICIO:final!G374) -> 0 | E374: =SUM(INICIO:final!H374) -> 0 | F374: =SUM(INICIO:final!I374) -> 0 | G374: =SUM(INICIO:final!J374) -> 0 | H374: =SUM(INICIO:final!K374) -> 0 | I374: =SUM(INICIO:final!L374) -> 0 | ... AB374: =SUM(INICIO:final!AE374) -> 0
B375: =SUM(INICIO:final!E375) -> 0 | C375: =SUM(INICIO:final!F375) -> 0 | D375: =SUM(INICIO:final!G375) -> 0 | E375: =SUM(INICIO:final!H375) -> 0 | F375: =SUM(INICIO:final!I375) -> 0 | G375: =SUM(INICIO:final!J375) -> 0 | H375: =SUM(INICIO:final!K375) -> 0 | I375: =SUM(INICIO:final!L375) -> 0 | ... AB375: =SUM(INICIO:final!AE375) -> 0
...

Sheet INICIO

Sheet BOTERO
B1: Nombre del Proceso/Subproceso: Atención y Trámite/Defensoría Pública | X1: Código: SD-P02-F150
B2: Formato: Estadística Programa Sistema Penal Acusatorio (Ley 906 de 2004) | X2: Versión: 02
X3: =[1]CONTOTAL!X3 -> Vigente desde: 12/02/2024
A4: REGIONAL: VALLE DEL CAUCA | F4: MES: | G4: MARZO | I4: AÑO: | J4: 2024
A5: DELITOS | B5: SOLICITUDES DEL SERVICIO REALIZADAS EN EL MES | C5: PROCESOS DEL MES | G5: AUDIENCIAS PRELIMINARES DEL MES | N5: AUDIENCIA LIBERTAD POR VENCIMIENTO DE TERMINOS | O5: NEGOCIACIO-NES ACUERDOS Y PREACUER-DOS | P5: JUICIO | S5: INDIVIDUA-LIZACIÓN DE LA PENA | T5: TERMINACIONES DEL MES | Z5: AUDIENCIA DE INCIDENTE DE REPARACIÓN INTEGRAL | AA5: RECURSOS DEL MES | AD5: PROCESOS MES ANTERIOR
C6: ASIGNADOS | E6: EN TRÁMITE | F6: TERMINADOS | G6: CONTROL DE LA CAPTURA | I6: IMPUTACIÓN | K6: IMPOSICIÓN MEDIDA DE ASEGURAMIENTO | P6: AUDIENCIA DE FORMULA-CIÓN DE LA ACUSACIÓN | Q6: PREPARATORIA | R6: JUICIO ORAL | T6: CONCILIA-CIÓN | U6: PRECLU-SIÓN | V6: REVOCA-TORIA DE PODER | W6: OTRAS CAUSAS | X6: AUDIENCIAS DE FALLO | AA6: DE REPOSICIÓN | AB6: DE APELACIÓN
C7: CAPTURADOS | D7: EN LIBERTAD | G7: LEGAL | H7: ILEGAL | I7: FORMU-LACIÓN | J7: ACEPTA-CIÓN | K7: SI | M7: NO | X7: ABSOLUTORIAS | Y7: CONDENATORIAS
K8: PRIVATIVA | L8: NO PRIVATIVA
A9: 1 | B9: =SUM(A9+1) -> 2 | C9: =SUM(B9+1) -> 3 | D9: =SUM(C9+1) -> 4 | E9: =SUM(D9+1) -> 5 | F9: =SUM(E9+1) -> 6 | G9: =SUM(F9+1) -> 7 | H9: =SUM(G9+1) -> 8 | I9: =SUM(H9+1) -> 9 | ... AB9: =SUM(AA9+1) -> 28 | AD9: 29
A10: ABORTO | B10: =C10+D10 -> 0 | E10: =+B10-F10+AD10 -> 0 | F10: =T10+U10+V10+W10+X10+Y10 -> 0 | W10: =SUM(B201:AB201) -> 0 | AD10: 0
A11: ABUSO DE CONFIANZA | B11: =C11+D11 -> 0 | E11: =+B11-F11+AD11 -> 0 | F11: =T11+U11+V11+W11+X11+Y11 -> 0 | W11: =SUM(B202:AB202) -> 0 | AD11: 0
A12: ACCESO CARNAL ABUSIVO CON MENOR DE 14 AÑOS | B12: =C12+D12 -> 0 | E12: =+B12-F12+AD12 -> 5 | F12: =T12+U12+V12+W12+X12+Y12 -> 0 | W12: =SUM(B203:AB203) -> 0 | AD12: 5
A13: ACCESO CARNAL CON INCAPAZ DE RESISTIR | B13: =C13+D13 -> 0 | E13: =+B13-F13+AD13 -> 0 | F13: =T13+U13+V13+W13+X13+Y13 -> 0 | W13: =SUM(B204:AB204) -> 0 | AD13: 0
A14: ACCESO CARNAL O ACTO SEXUAL CON PERSONA PUESTA EN INCAPACIDAD DE RESISTIR | B14: =C14+D14 -> 0 | E14: =+B14-F14+AD14 -> 0 | F14: =T14+U14+V14+W14+X14+Y14 -> 0 | W14: =SUM(B205:AB205) -> 0 | AD14: 0
A15: ACCESO CARNAL VIOLENTO | B15: =C15+D15 -> 0 | E15: =+B15-F15+AD15 -> 1 | F15: =T15+U15+V15+W15+X15+Y15 -> 0 | W15: =SUM(B206:AB206) -> 0 | AD15: 1
A16: ACTO SEXUAL CON MENOR DE 14 AÑOS | B16: =C16+D16 -> 0 | E16: =+B16-F16+AD16 -> 7 | F16: =T16+U16+V16+W16+X16+Y16 -> 0 | W16: =SUM(B207:AB207) -> 0 | AD16: 7
A17: ACTO SEXUAL VIOLENTO | B17: =C17+D17 -> 0 | E17: =+B17-F17+AD17 -> 1 | F17: =T17+U17+V17+W17+X17+Y17 -> 0 | W17: =SUM(B208:AB208) -> 0 | AD17: 1
A18: AMENAZAS | B18: =C18+D18 -> 0 | E18: =+B18-F18+AD18 -> 0 | F18: =T18+U18+V18+W18+X18+Y18 -> 0 | W18: =SUM(B209:AB209) -> 0 | AD18: 0
A19: CALUMNIA | B19: =C19+D19 -> 0 | E19: =+B19-F19+AD19 -> 0 | F19: =T19+U19+V19+W19+X19+Y19 -> 0 | W19: =SUM(B210:AB210) -> 0 | AD19: 0
A20: COHECHO | B20: =C20+D20 -> 0 | E20: =+B20-F20+AD20 -> 0 | F20: =T20+U20+V20+W20+X20+Y20 -> 0 | W20: =SUM(B211:AB211) -> 0 | AD20: 0
A21: CONCIERTO PARA DELINQUIR | B21: =C21+D21 -> 0 | E21: =+B21-F21+AD21 -> 0 | F21: =T21+U21+V21+W21+X21+Y21 -> 0 | W21: =SUM(B212:AB212) -> 0 | AD21: 0
... A73: VIOLENCIA INTRAFAMILIAR | B73: =C73+D73 -> 0 | E73: =+B73-F73+AD73 -> 1 | F73: =T73+U73+V73+W73+X73+Y73 -> 0 | W73: =SUM(B264:AB264) -> 0 | AD73: 1
A74: OTROS | B74: =B195 -> 0 | C74: =C195 -> 0 | D74: =D195 -> 0 | E74: =E195 -> 29 | F74: =F195 -> 0 | G74: =G195 -> 0 | H74: =H195 -> 0 | I74: =I195 -> 0 | ... AB74: =AB195 -> 0 | AD74: =AD195 -> 29
A75: TOTALES | B75: =SUM(B10:B74) -> 0 | C75: =SUM(C10:C74) -> 0 | D75: =SUM(D10:D74) -> 0 | E75: =SUM(E10:E74) -> 183 | F75: =SUM(F10:F74) -> 0 | G75: =SUM(G10:G74) -> 0 | H75: =SUM(H10:H74) -> 0 | I75: =SUM(I10:I74) -> 0 | ... AB75: =SUM(AB10:AB74) -> 0 | AD75: =SUM(AD10:AD74) -> 183
A77: OTROS DELITOS
A78: DELITOS | B78: SOLICITUDES DEL SERVICIO REALIZADAS EN EL MES | C78: PROCESOS DEL MES | G78: AUDIENCIAS PRELIMINARES DEL MES | N78: AUDIENCIA LIBERTAD POR VENCIMIENTO DE TERMINOS | O78: NEGOCIACIONES ACUERDOS Y PREACUERDOS | P78: JUICIO | S78: INDIVIDUALIZACIÓN DE LA PENA | T78: TERMINACIONES DEL MES | Z78: AUDIENCIA DE INCIDENTE DE REPARACIÓN INTEGRAL | AA78: RECURSOS DEL MES | AD78: PROCESOS MES ANTERIOR
C79: ASIGNADOS | E79: EN TRÁMITE | F79: TERMINADOS | G79: CONTROL DE LA CAPTURA | I79: IMPUTACIÓN | K79: IMPOSICION MEDIDA DE ASEGURAMIENTO | P79: AUDIENCIA DE FORMULACIÓN DE LA ACUSACIÓN | Q79: PREPARATORIA | R79: JUICIO ORAL | T79: CONCILIACIÓN | U79: PRECLUSIÓN | V79: REVOCATORIA DE PODER | W79: OTRAS CAUSAS | X79: AUDIENCIAS DE FALLO | AA79: DE REPOSICIÓN | AB79: DE APELACIÓN
C80: CAPTURADOS | D80: EN LIBERTAD | G80: LEGAL | H80: ILEGAL | I80: FORMULACIÓN | J80: ACEPTACIÓN | K80: SI | M80: NO | X80: ABSOLUTORIAS | Y80: CONDENATORIAS
K81: PRIVATIVA | L81: NO PRIVATIVA
A82: 1 | B82: =SUM(A82+1) -> 2 | C82: =SUM(B82+1) -> 3 | D82: =SUM(C82+1) -> 4 | E82: =SUM(D82+1) -> 5 | F82: =SUM(E82+1) -> 6 | G82: =SUM(F82+1) -> 7 | H82: =SUM(G82+1) -> 8 | I82: =SUM(H82+1) -> 9 | ... AB82: =SUM(AA82+1) -> 28 | AD82: 29
A83: ABANDONO ART. 127 C.P. | B83: =C83+D83 -> 0 | E83: =+B83-F83+AD83 -> 0 | F83: =T83+U83+V83+W83+X83+Y83 -> 0 | W83: =SUM(B265:AB265) -> 0 | AD83: 0
A84: ABUSO DE AUTORIDAD POR ACTO ARBITRARIO | B84: =C84+D84 -> 0 | E84: =+B84-F84+AD84 -> 0 | F84: =T84+U84+V84+W84+X84+Y84 -> 0 | W84: =SUM(B266:AB266) -> 0 | AD84: 0
A85: ABUSO DE CONDICIONES DE INFERIORIDAD. ART. 251 C.P. | B85: =C85+D85 -> 0 | E85: =+B85-F85+AD85 -> 0 | F85: =T85+U85+V85+W85+X85+Y85 -> 0 | W85: =SUM(B267:AB267) -> 0 | AD85: 0
A86: ABUSO DE FUNCION PUBLICA ART. 428 C.P. | B86: =C86+D86 -> 0 | E86: =+B86-F86+AD86 -> 0 | F86: =T86+U86+V86+W86+X86+Y86 -> 0 | W86: =SUM(B268:AB268) -> 0 | AD86: 0
A87: ACCESO ABUSIVO A UN SISTEMA INFORMATICO ART. 269A C. | B87: =C87+D87 -> 0 | E87: =+B87-F87+AD87 -> 0 | F87: =T87+U87+V87+W87+X87+Y87 -> 0 | W87: =SUM(B269:AB269) -> 0 | AD87: 0
A88: ACCESO CARNAL VIOLENTO EN PERSONA PROTEGIDA ART. 138 C.P. | B88: =C88+D88 -> 0 | E88: =+B88-F88+AD88 -> 0 | F88: =T88+U88+V88+W88+X88+Y88 -> 0 | W88: =SUM(B270:AB270) -> 0 | AD88: 0
A89: ACOSO SEXUAL | B89: =C89+D89 -> 0 | E89: =+B89-F89+AD89 -> 1 | F89: =T89+U89+V89+W89+X89+Y89 -> 0 | W89: =SUM(B271:AB271) -> 0 | AD89: 1
A90: ACTO SEXUAL ABUSIVO | B90: =C90+D90 -> 0 | E90: =+B90-F90+AD90 -> 0 | F90: =T90+U90+V90+W90+X90+Y90 -> 0 | W90: =SUM(B272:AB272) -> 0 | AD90: 0
A91: ALTERACION DE RESULTADOS ELECTORALES ART. 394 C.P. | B91: =C91+D91 -> 0 | E91: =+B91-F91+AD91 -> 0 | F91: =T91+U91+V91+W91+X91+Y91 -> 0 | W91: =SUM(B273:AB273) -> 0 | AD91: 0
A92: ALTERACION, DESFIGURACION Y SUPLANTACION DE MARCAS DE GANADO. ART. 243 C.P. | B92: =C92+D92 -> 0 | E92: =+B92-F92+AD92 -> 0 | F92: =T92+U92+V92+W92+X92+Y92 -> 0 | W92: =SUM(B274:AB274) -> 0 | AD92: 0
A93: ALZAMIENTO DE BIENES. ART. 253 C.P. | B93: =C93+D93 -> 0 | E93: =+B93-F93+AD93 -> 0 | F93: =T93+U93+V93+W93+X93+Y93 -> 0 | W93: =SUM(B275:AB275) -> 0 | AD93: 0
A94: APLICACION FRAUDULENTA DE CREDITO OFICIALMENTE REGULADO ART. 311 C.P. | B94: =C94+D94 -> 0 | E94: =+B94-F94+AD94 -> 0 | F94: =T94+U94+V94+W94+X94+Y94 -> 0 | W94: =SUM(B276:AB276) -> 0 | AD94: 0
... A181: VIOLACION DERECHOS DE AUTOR | B181: =C181+D181 -> 0 | E181: =+B181-F181+AD181 -> 0 | F181: =T181+U181+V181+W181+X181+Y181 -> 0 | W181: =SUM(B363:AB363) -> 0 | AD181: 0
B182: =C182+D182 -> 0 | E182: =+B182-F182+AD182 -> 0 | F182: =T182+U182+V182+W182+X182+Y182 -> 0 | W182: =SUM(B364:AB364) -> 0 | AD182: 0
B183: =C183+D183 -> 0 | E183: =+B183-F183+AD183 -> 0 | F183: =T183+U183+V183+W183+X183+Y183 -> 0 | W183: =SUM(B365:AB365) -> 0 | AD183: 0
B184: =C184+D184 -> 0 | E184: =+B184-F184+AD184 -> 0 | F184: =T184+U184+V184+W184+X184+Y184 -> 0 | W184: =SUM(B366:AB366) -> 0 | AD184: 0
B185: =C185+D185 -> 0 | E185: =+B185-F185+AD185 -> 0 | F185: =T185+U185+V185+W185+X185+Y185 -> 0 | W185: =SUM(B367:AB367) -> 0 | AD185: 0
B186: =C186+D186 -> 0 | E186: =+B186-F186+AD186 -> 0 | F186: =T186+U186+V186+W186+X186+Y186 -> 0 | W186: =SUM(B368:AB368) -> 0 | AD186: 0
B187: =C187+D187 -> 0 | E187: =+B187-F187+AD187 -> 0 | F187: =T187+U187+V187+W187+X187+Y187 -> 0 | W187: =SUM(B369:AB369) -> 0 | AD187: 0
B188: =C188+D188 -> 0 | E188: =+B188-F188+AD188 -> 0 | F188: =T188+U188+V188+W188+X188+Y188 -> 0 | W188: =SUM(B370:AB370) -> 0 | AD188: 0
B189: =C189+D189 -> 0 | E189: =+B189-F189+AD189 -> 0 | F189: =T189+U189+V189+W189+X189+Y189 -> 0 | W189: =SUM(B371:AB371) -> 0 | AD189: 0
B190: =C190+D190 -> 0 | E190: =+B190-F190+AD190 -> 0 | F190: =T190+U190+V190+W190+X190+Y190 -> 0 | W190: =SUM(B372:AB372) -> 0 | AD190: 0
B191: =C191+D191 -> 0 | E191: =+B191-F191+AD191 -> 0 | F191: =T191+U191+V191+W191+X191+Y191 -> 0 | W191: =SUM(B373:AB373) -> 0 | AD191: 0
B192: =C192+D192 -> 0 | E192: =+B192-F192+AD192 -> 0 | F192: =T192+U192+V192+W192+X192+Y192 -> 0 | W192: =SUM(B374:AB374) -> 0 | AD192: 0
B193: =C193+D193 -> 0 | E193: =+B193-F193+AD193 -> 0 | F193: =T193+U193+V193+W193+X193+Y193 -> 0 | W193: =SUM(B375:AB375) -> 0 | AD193: 0
B194: =C194+D194 -> 0 | E194: =+B194-F194+AD194 -> 0 | F194: =T194+U194+V194+W194+X194+Y194 -> 0 | W194: =SUM(B376:AB376) -> 0 | AD194: 0
A195: TOTAL | B195: =SUM(B83:B194) -> 0 | C195: =SUM(C83:C194) -> 0 | D195: =SUM(D83:D194) -> 0 | E195: =SUM(E83:E194) -> 29 | F195: =SUM(F83:F194) -> 0 | G195: =SUM(G83:G194) -> 0 | H195: =SUM(H83:H194) -> 0 | I195: =SUM(I83:I194) -> 0 | ... AB195: =SUM(AB83:AB194) -> 0 | AD195: =SUM(AD83:AD194) -> 29
A196: ESTAS CIFRAS SIEMPRE DEBEN ESTAR EN CERO (0) | B196: =+B74-B195 -> 0 | C196: =+C74-C195 -> 0 | D196: =+D74-D195 -> 0 | E196: =+E74-E195 -> 0 | F196: =+F74-F195 -> 0 | G196: =+G74-G195 -> 0 | H196: =+H74-H195 -> 0 | I196: =+I74-I195 -> 0 | ... AB196: =+AB74-AB195 -> 0 | AD196: =+AD74-AD195 -> 0
A198: OTRAS CAUSAS DE TERMINACIÓN
A199: DELITOS | B199: APODERADO DE LA DEFENSORIA | C199: ARCHIVO | D199: ARCHIVO POR FALTA DE QUERRELA | E199: CAMBIO DE COMPETENCIA | F199: CAMBIO DE JURIDISCCION | G199: PPIO OPORTUNIDAD | H199: RADICACION REPETIDA | I199: SUSTITUCION PODER | J199: TERMINACIÓN ANORMAL POR NO REALIZARSE LAS AUDIENCIAS PRELIMINARES | K199: TERMINACION ANORMAL POR CONDENA ANTICIPADA | L199: MEDIACION | M199: RUPTURA PROCESAL | N199: ACUMULACION DE PROCESOS | O199: INACTIVIDAD PROCESAL SUPERIOR A 2 AÑOS | P199: PREJUDICIABILIDAD
A200: 1 | B200: 2 | C200: 3 | D200: 4 | E200: 5 | F200: 6 | G200: 7 | H200: 8 | I200: 9 | J200: 10 | K200: 11 | L200: 12 | M200: 13 | N200: 14 | O200: 15 | P200: 16 | Q200: 17 | R200: 18 | S200: 19 | T200: 20 | U200: 21 | V200: 22 | W200: 23 | X200: 24 | Y200: 25 | Z200: 26 | AA200: 27 | AB200: 28
A201: ABORTO
A202: ABUSO DE CONFIANZA
A203: ACCESO CARNAL ABUSIVO CON MENOR DE 14 AÑOS
A204: ACCESO CARNAL CON INCAPAZ DE RESISTIR
A205: ACCESO CARNAL O ACTO SEXUAL CON PERSONA PUESTA EN INCAPACIDAD DE RESISTIR
A206: ACCESO CARNAL VIOLENTO
A207: ACTO SEXUAL CON MENOR DE 14 AÑOS
A208: ACTO SEXUAL VIOLENTO
A209: AMENAZAS
A210: CALUMNIA
A211: COHECHO
A212: CONCIERTO PARA DELINQUIR
... A363: VIOLACION DERECHOS DE AUTOR
A377: TOTAL | B377: =SUM(B201:B376) -> 0 | C377: =SUM(C201:C376) -> 0 | D377: =SUM(D201:D376) -> 0 | E377: =SUM(E201:E376) -> 0 | F377: =SUM(F201:F376) -> 0 | G377: =SUM(G201:G376) -> 0 | H377: =SUM(H201:H376) -> 0 | I377: =SUM(I201:I376) -> 0 | ... AB377: =SUM(AB201:AB376) -> 0 | AC377: =SUM(B377:AB377) -> 0 | AD377: =+AC377-W75 -> 0

Sheet LEMA
B1: Nombre del Proceso/Subproceso: Atención y Trámite/Defensoría Pública | X1: Código: SD-P02-F150
B2: Manual, Instructivo o Formato: Estadística Programa Sistema Penal Acusatorio (Ley 906 de 2004) (V1-22) | X2: Versión: 01/22 CAST
X3: Vigente desde: 03/12/2018
A4: REGIONAL: VALLE DEL CAUCA | F4: MES: | G4: MARZO | I4: AÑO: 2024
A5: DELITOS | B5: SOLICITUDES DEL SERVICIO REALIZADAS EN EL MES | C5: PROCESOS DEL MES | G5: AUDIENCIAS PRELIMINARES DEL MES | N5: AUDIENCIA LIBERTAD POR VENCIMIENTO DE TERMINOS | O5: NEGOCIACIO-NES ACUERDOS Y PREACUER-DOS | P5: JUICIO | S5: INDIVIDUA-LIZACIÓN DE LA PENA | T5: TERMINACIONES DEL MES | Z5: AUDIENCIA DE INCIDENTE DE REPARACIÓN INTEGRAL | AA5: RECURSOS DEL MES | AD5: PROCESOS MES ANTERIOR
C6: ASIGNADOS | E6: EN TRÁMITE | F6: TERMINADOS | G6: CONTROL DE LA CAPTURA | I6: IMPUTACIÓN | K6: IMPOSICIÓN MEDIDA DE ASEGURAMIENTO | P6: AUDIENCIA DE FORMULA-CIÓN DE LA ACUSACIÓN | Q6: PREPARATORIA | R6: JUICIO ORAL | T6: CONCILIA-CIÓN | U6: PRECLU-SIÓN | V6: REVOCA-TORIA DE PODER | W6: OTRAS CAUSAS | X6: AUDIENCIAS DE FALLO | AA6: DE REPOSICIÓN | AB6: DE APELACIÓN
C7: CAPTURADOS | D7: EN LIBERTAD | G7: LEGAL | H7: ILEGAL | I7: FORMU-LACIÓN | J7: ACEPTA-CIÓN | K7: SI | M7: NO | X7: ABSOLUTORIAS | Y7: CONDENATORIAS
K8: PRIVATIVA | L8: NO PRIVATIVA
A9: 1 | B9: =SUM(A9+1) -> 2 | C9: =SUM(B9+1) -> 3 | D9: =SUM(C9+1) -> 4 | E9: =SUM(D9+1) -> 5 | F9: =SUM(E9+1) -> 6 | G9: =SUM(F9+1) -> 7 | H9: =SUM(G9+1) -> 8 | I9: =SUM(H9+1) -> 9 | ... AB9: =SUM(AA9+1) -> 28 | AD9: 29
A10: ABORTO | B10: =C10+D10 -> 0 | E10: =+B10-F10+AD10 -> 0 | F10: =T10+U10+V10+W10+X10+Y10 -> 0 | W10: =SUM(B201:AB201) -> 0 | AD10: 0
A11: ABUSO DE CONFIANZA | B11: =C11+D11 -> 0 | E11: =+B11-F11+AD11 -> 0 | F11: =T11+U11+V11+W11+X11+Y11 -> 0 | W11: =SUM(B202:AB202) -> 0 | AD11: 0
A12: ACCESO CARNAL ABUSIVO CON MENOR DE 14 AÑOS | B12: =C12+D12 -> 0 | E12: =+B12-F12+AD12 -> 0 | F12: =T12+U12+V12+W12+X12+Y12 -> 0 | W12: =SUM(B203:AB203) -> 0 | AD12: 0
A13: ACCESO CARNAL CON INCAPAZ DE RESISTIR | B13: =C13+D13 -> 0 | E13: =+B13-F13+AD13 -> 0 | F13: =T13+U13+V13+W13+X13+Y13 -> 0 | W13: =SUM(B204:AB204) -> 0 | AD13: 0
A14: ACCESO CARNAL O ACTO SEXUAL CON PERSONA PUESTA EN INCAPACIDAD DE RESISTIR | B14: =C14+D14 -> 0 | E14: =+B14-F14+AD14 -> 0 | F14: =T14+U14+V14+W14+X14+Y14 -> 0 | W14: =SUM(B205:AB205) -> 0 | AD14: 0
A15: ACCESO CARNAL VIOLENTO | B15: =C15+D15 -> 0 | E15: =+B15-F15+AD15 -> 0 | F15: =T15+U15+V15+W15+X15+Y15 -> 0 | W15: =SUM(B206:AB206) -> 0 | AD15: 0
A16: ACTO SEXUAL CON MENOR DE 14 AÑOS | B16: =C16+D16 -> 0 | E16: =+B16-F16+AD16 -> 1 | F16: =T16+U16+V16+W16+X16+Y16 -> 0 | W16: =SUM(B207:AB207) -> 0 | AD16: 1
A17: ACTO SEXUAL VIOLENTO | B17: =C17+D17 -> 0 | E17: =+B17-F17+AD17 -> 0 | F17: =T17+U17+V17+W17+X17+Y17 -> 0 | W17: =SUM(B208:AB208) -> 0 | AD17: 0
A18: AMENAZAS | B18: =C18+D18 -> 0 | E18: =+B18-F18+AD18 -> 1 | F18: =T18+U18+V18+W18+X18+Y18 -> 0 | W18: =SUM(B209:AB209) -> 0 | AD18: 1
A19: CALUMNIA | B19: =C19+D19 -> 0 | E19: =+B19-F19+AD19 -> 0 | F19: =T19+U19+V19+W19+X19+Y19 -> 0 | W19: =SUM(B210:AB210) -> 0 | AD19: 0
A20: COHECHO | B20: =C20+D20 -> 0 | E20: =+B20-F20+AD20 -> 0 | F20: =T20+U20+V20+W20+X20+Y20 -> 0 | W20: =SUM(B211:AB211) -> 0 | AD20: 0
A21: CONCIERTO PARA DELINQUIR | B21: =C21+D21 -> 0 | E21: =+B21-F21+AD21 -> 0 | F21: =T21+U21+V21+W21+X21+Y21 -> 0 | W21: =SUM(B212:AB212) -> 0 | AD21: 0
... A73: VIOLENCIA INTRAFAMILIAR | B73: =C73+D73 -> 0 | E73: =+B73-F73+AD73 -> 9 | F73: =T73+U73+V73+W73+X73+Y73 -> 0 | W73: =SUM(B264:AB264) -> 0 | AD73: 9
A74: OTROS | B74: =B195 -> 0 | C74: =C195 -> 0 | D74: =D195 -> 0 | E74: =E195 -> 2 | F74: =F195 -> 0 | G74: =G195 -> 0 | H74: =H195 -> 0 | I74: =I195 -> 0 | ... AB74: =AB195 -> 0 | AD74: =AD195 -> 2
A75: TOTALES | B75: =SUM(B10:B74) -> 0 | C75: =SUM(C10:C74) -> 0 | D75: =SUM(D10:D74) -> 0 | E75: =SUM(E10:E74) -> 17 | F75: =SUM(F10:F74) -> 0 | G75: =SUM(G10:G74) -> 0 | H75: =SUM(H10:H74) -> 0 | I75: =SUM(I10:I74) -> 0 | ... AB75: =SUM(AB10:AB74) -> 0 | AD75: =SUM(AD10:AD74) -> 17
A77: OTROS DELITOS
A78: DELITOS | B78: SOLICITUDES DEL SERVICIO REALIZADAS EN EL MES | C78: PROCESOS DEL MES | G78: AUDIENCIAS PRELIMINARES DEL MES | N78: AUDIENCIA LIBERTAD POR VENCIMIENTO DE TERMINOS | O78: NEGOCIACIONES ACUERDOS Y PREACUERDOS | P78: JUICIO | S78: INDIVIDUALIZACIÓN DE LA PENA | T78: TERMINACIONES DEL MES | Z78: AUDIENCIA DE INCIDENTE DE REPARACIÓN INTEGRAL | AA78: RECURSOS DEL MES | AD78: PROCESOS MES ANTERIOR
C79: ASIGNADOS | E79: EN TRÁMITE | F79: TERMINADOS | G79: CONTROL DE LA CAPTURA | I79: IMPUTACIÓN | K79: IMPOSICION MEDIDA DE ASEGURAMIENTO | P79: AUDIENCIA DE FORMULACIÓN DE LA ACUSACIÓN | Q79: PREPARATORIA | R79: JUICIO ORAL | T79: CONCILIACIÓN | U79: PRECLUSIÓN | V79: REVOCATORIA DE PODER | W79: OTRAS CAUSAS | X79: AUDIENCIAS DE FALLO | AA79: DE REPOSICIÓN | AB79: DE APELACIÓN
C80: CAPTURADOS | D80: EN LIBERTAD | G80: LEGAL | H80: ILEGAL | I80: FORMULACIÓN | J80: ACEPTACIÓN | K80: SI | M80: NO | X80: ABSOLUTORIAS | Y80: CONDENATORIAS
K81: PRIVATIVA | L81: NO PRIVATIVA
A82: 1 | B82: =SUM(A82+1) -> 2 | C82: =SUM(B82+1) -> 3 | D82: =SUM(C82+1) -> 4 | E82: =SUM(D82+1) -> 5 | F82: =SUM(E82+1) -> 6 | G82: =SUM(F82+1) -> 7 | H82: =SUM(G82+1) -> 8 | I82: =SUM(H82+1) -> 9 | ... AB82: =SUM(AA82+1) -> 28 | AD82: 29
A83: ABANDONO ART. 127 C.P. | B83: =C83+D83 -> 0 | E83: =+B83-F83+AD83 -> 0 | F83: =T83+U83+V83+W83+X83+Y83 -> 0 | W83: =SUM(B265:AB265) -> 0 | AD83: 0
A84: ABUSO DE AUTORIDAD POR ACTO ARBITRARIO | B84: =C84+D84 -> 0 | E84: =+B84-F84+AD84 -> 0 | F84: =T84+U84+V84+W84+X84+Y84 -> 0 | W84: =SUM(B266:AB266) -> 0 | AD84: 0
A85: ABUSO DE CONDICIONES DE INFERIORIDAD. ART. 251 C.P. | B85: =C85+D85 -> 0 | E85: =+B85-F85+AD85 -> 0 | F85: =T85+U85+V85+W85+X85+Y85 -> 0 | W85: =SUM(B267:AB267) -> 0 | AD85: 0
A86: ABUSO DE FUNCION PUBLICA ART. 428 C.P. | B86: =C86+D86 -> 0 | E86: =+B86-F86+AD86 -> 0 | F86: =T86+U86+V86+W86+X86+Y86 -> 0 | W86: =SUM(B268:AB268) -> 0 | AD86: 0
A87: ACCESO ABUSIVO A UN SISTEMA INFORMATICO ART. 269A C. | B87: =C87+D87 -> 0 | E87: =+B87-F87+AD87 -> 0 | F87: =T87+U87+V87+W87+X87+Y87 -> 0 | W87: =SUM(B269:AB269) -> 0 | AD87: 0
A88: ACCESO CARNAL VIOLENTO EN PERSONA PROTEGIDA ART. 138 C.P. | B88: =C88+D88 -> 0 | E88: =+B88-F88+AD88 -> 0 | F88: =T88+U88+V88+W88+X88+Y88 -> 0 | W88: =SUM(B270:AB270) -> 0 | AD88: 0
A89: ACOSO SEXUAL | B89: =C89+D89 -> 0 | E89: =+B89-F89+AD89 -> 0 | F89: =T89+U89+V89+W89+X89+Y89 -> 0 | W89: =SUM(B271:AB271) -> 0 | AD89: 0
A90: ACTO SEXUAL ABUSIVO | B90: =C90+D90 -> 0 | E90: =+B90-F90+AD90 -> 0 | F90: =T90+U90+V90+W90+X90+Y90 -> 0 | W90: =SUM(B272:AB272) -> 0 | AD90: 0
A91: ALTERACION DE RESULTADOS ELECTORALES ART. 394 C.P. | B91: =C91+D91 -> 0 | E91: =+B91-F91+AD91 -> 0 | F91: =T91+U91+V91+W91+X91+Y91 -> 0 | W91: =SUM(B273:AB273) -> 0 | AD91: 0
A92: ALTERACION, DESFIGURACION Y SUPLANTACION DE MARCAS DE GANADO. ART. 243 C.P. | B92: =C92+D92 -> 0 | E92: =+B92-F92+AD92 -> 0 | F92: =T92+U92+V92+W92+X92+Y92 -> 0 | W92: =SUM(B274:AB274) -> 0 | AD92: 0
A93: ALZAMIENTO DE BIENES. ART. 253 C.P. | B93: =C93+D93 -> 0 | E93: =+B93-F93+AD93 -> 0 | F93: =T93+U93+V93+W93+X93+Y93 -> 0 | W93: =SUM(B275:AB275) -> 0 | AD93: 0
A94: APLICACION FRAUDULENTA DE CREDITO OFICIALMENTE REGULADO ART. 311 C.P. | B94: =C94+D94 -> 0 | E94: =+B94-F94+AD94 -> 0 | F94: =T94+U94+V94+W94+X94+Y94 -> 0 | W94: =SUM(B276:AB276) -> 0 | AD94: 0
... A181: VIOLACION DERECHOS DE AUTOR | B181: =C181+D181 -> 0 | E181: =+B181-F181+AD181 -> 0 | F181: =T181+U181+V181+W181+X181+Y181 -> 0 | W181: =SUM(B363:AB363) -> 0 | AD181: 0
B182: =C182+D182 -> 0 | E182: =+B182-F182+AD182 -> 0 | F182: =T182+U182+V182+W182+X182+Y182 -> 0 | W182: =SUM(B364:AB364) -> 0 | AD182: 0
B183: =C183+D183 -> 0 | E183: =+B183-F183+AD183 -> 0 | F183: =T183+U183+V183+W183+X183+Y183 -> 0 | W183: =SUM(B365:AB365) -> 0 | AD183: 0
B184: =C184+D184 -> 0 | E184: =+B184-F184+AD184 -> 0 | F184: =T184+U184+V184+W184+X184+Y184 -> 0 | W184: =SUM(B366:AB366) -> 0 | AD184: 0
B185: =C185+D185 -> 0 | E185: =+B185-F185+AD185 -> 0 | F185: =T185+U185+V185+W185+X185+Y185 -> 0 | W185: =SUM(B367:AB367) -> 0 | AD185: 0
B186: =C186+D186 -> 0 | E186: =+B186-F186+AD186 -> 0 | F186: =T186+U186+V186+W186+X186+Y186 -> 0 | W186: =SUM(B368:AB368) -> 0 | AD186: 0
B187: =C187+D187 -> 0 | E187: =+B187-F187+AD187 -> 0 | F187: =T187+U187+V187+W187+X187+Y187 -> 0 | W187: =SUM(B369:AB369) -> 0 | AD187: 0
B188: =C188+D188 -> 0 | E188: =+B188-F188+AD188 -> 0 | F188: =T188+U188+V188+W188+X188+Y188 -> 0 | W188: =SUM(B370:AB370) -> 0 | AD188: 0
B189: =C189+D189 -> 0 | E189: =+B189-F189+AD189 -> 0 | F189: =T189+U189+V189+W189+X189+Y189 -> 0 | W189: =SUM(B371:AB371) -> 0 | AD189: 0
B190: =C190+D190 -> 0 | E190: =+B190-F190+AD190 -> 0 | F190: =T190+U190+V190+W190+X190+Y190 -> 0 | W190: =SUM(B372:AB372) -> 0 | AD190: 0
B191: =C191+D191 -> 0 | E191: =+B191-F191+AD191 -> 0 | F191: =T191+U191+V191+W191+X191+Y191 -> 0 | W191: =SUM(B373:AB373) -> 0 | AD191: 0
B192: =C192+D192 -> 0 | E192: =+B192-F192+AD192 -> 0 | F192: =T192+U192+V192+W192+X192+Y192 -> 0 | W192: =SUM(B374:AB374) -> 0 | AD192: 0
B193: =C193+D193 -> 0 | E193: =+B193-F193+AD193 -> 0 | F193: =T193+U193+V193+W193+X193+Y193 -> 0 | W193: =SUM(B375:AB375) -> 0 | AD193: 0
B194: =C194+D194 -> 0 | E194: =+B194-F194+AD194 -> 0 | F194: =T194+U194+V194+W194+X194+Y194 -> 0 | W194: =SUM(B376:AB376) -> 0 | AD194: 0
A195: TOTAL | B195: =SUM(B83:B194) -> 0 | C195: =SUM(C83:C194) -> 0 | D195: =SUM(D83:D194) -> 0 | E195: =SUM(E83:E194) -> 2 | F195: =SUM(F83:F194) -> 0 | G195: =SUM(G83:G194) -> 0 | H195: =SUM(H83:H194) -> 0 | I195: =SUM(I83:I194) -> 0 | ... AB195: =SUM(AB83:AB194) -> 0 | AD195: =SUM(AD83:AD194) -> 2
A196: ESTAS CIFRAS SIEMPRE DEBEN ESTAR EN CERO (0) | B196: =+B74-B195 -> 0 | C196: =+C74-C195 -> 0 | D196: =+D74-D195 -> 0 | E196: =+E74-E195 -> 0 | F196: =+F74-F195 -> 0 | G196: =+G74-G195 -> 0 | H196: =+H74-H195 -> 0 | I196: =+I74-I195 -> 0 | ... AB196: =+AB74-AB195 -> 0 | AD196: =+AD74-AD195 -> 0
A198: OTRAS CAUSAS DE TERMINACIÓN
A199: DELITOS | B199: APODERADO DE LA DEFENSORIA | C199: ARCHIVO | D199: ARCHIVO POR FALTA DE QUERRELA | E199: CAMBIO DE COMPETENCIA | F199: CAMBIO DE JURIDISCCION | G199: PPIO OPORTUNIDAD | H199: RADICACION REPETIDA | I199: SUSTITUCION PODER | J199: TERMINACIÓN ANORMAL POR NO REALIZARSE LAS AUDIENCIAS PRELIMINARES | K199: TERMINACION ANORMAL POR CONDENA ANTICIPADA | L199: MEDIACION | M199: RUPTURA PROCESAL | N199: ACUMULACION DE PROCESOS | O199: INACTIVIDAD PROCESAL SUPERIOR A 2 AÑOS | P199: PREJUDICIABILIDAD
A200: 1 | B200: 2 | C200: 3 | D200: 4 | E200: 5 | F200: 6 | G200: 7 | H200: 8 | I200: 9 | J200: 10 | K200: 11 | L200: 12 | M200: 13 | N200: 14 | O200: 15 | P200: 16 | Q200: 17 | R200: 18 | S200: 19 | T200: 20 | U200: 21 | V200: 22 | W200: 23 | X200: 24 | Y200: 25 | Z200: 26 | AA200: 27 | AB200: 28
A201: ABORTO
A202: ABUSO DE CONFIANZA
A203: ACCESO CARNAL ABUSIVO CON MENOR DE 14 AÑOS
A204: ACCESO CARNAL CON INCAPAZ DE RESISTIR
A205: ACCESO CARNAL O ACTO SEXUAL CON PERSONA PUESTA EN INCAPACIDAD DE RESISTIR
A206: ACCESO CARNAL VIOLENTO
A207: ACTO SEXUAL CON MENOR DE 14 AÑOS
A208: ACTO SEXUAL VIOLENTO
A209: AMENAZAS
A210: CALUMNIA
A211: COHECHO
A212: CONCIERTO PARA DELINQUIR
... A363: VIOLACION DERECHOS DE AUTOR
A377: TOTAL | B377: =SUM(B201:B376) -> 0 | C377: =SUM(C201:C376) -> 0 | D377: =SUM(D201:D376) -> 0 | E377: =SUM(E201:E376) -> 0 | F377: =SUM(F201:F376) -> 0 | G377: =SUM(G201:G376) -> 0 | H377: =SUM(H201:H376) -> 0 | I377: =SUM(I201:I376) -> 0 | ... AB377: =SUM(AB201:AB376) -> 0 | AC377: =SUM(B377:AB377) -> 0 | AD377: =+AC377-W75 -> 0

Sheet PALACIOS
B1: Nombre del Proceso/Subproceso: Atención y Trámite/Defensoría Pública | X1: Código: SD-P02-F150
B2: Formato: Estadística Programa Sistema Penal Acusatorio (Ley 906 de 2004) | X2: Versión: 02
X3: =[1]CONTOTAL!X3 -> Vigente desde: 12/02/2024
A4: REGIONAL: VALLE DEL CAUCA | F4: MES: MARZO | I4: AÑO: 2024
A5: DELITOS | B5: SOLICITUDES DEL SERVICIO REALIZADAS EN EL MES | C5: PROCESOS DEL MES | G5: AUDIENCIAS PRELIMINARES DEL MES | N5: AUDIENCIA LIBERTAD POR VENCIMIENTO DE TERMINOS | O5: NEGOCIACIO-NES ACUERDOS Y PREACUER-DOS | P5: JUICIO | S5: INDIVIDUA-LIZACIÓN DE LA PENA | T5: TERMINACIONES DEL MES | Z5: AUDIENCIA DE INCIDENTE DE REPARACIÓN INTEGRAL | AA5: RECURSOS DEL MES | AD5: PROCESOS MES ANTERIOR
C6: ASIGNADOS | E6: EN TRÁMITE | F6: TERMINADOS | G6: CONTROL DE LA CAPTURA | I6: IMPUTACIÓN | K6: IMPOSICIÓN MEDIDA DE ASEGURAMIENTO | P6: AUDIENCIA DE FORMULA-CIÓN DE LA ACUSACIÓN | Q6: PREPARATORIA | R6: JUICIO ORAL | T6: CONCILIA-CIÓN | U6: PRECLU-SIÓN | V6: REVOCA-TORIA DE PODER | W6: OTRAS CAUSAS | X6: AUDIENCIAS DE FALLO | AA6: DE REPOSICIÓN | AB6: DE APELACIÓN
C7: CAPTURADOS | D7: EN LIBERTAD | G7: LEGAL | H7: ILEGAL | I7: FORMU-LACIÓN | J7: ACEPTA-CIÓN | K7: SI | M7: NO | X7: ABSOLUTORIAS | Y7: CONDENATORIAS
K8: PRIVATIVA | L8: NO PRIVATIVA
A9: 1 | B9: =SUM(A9+1) -> 2 | C9: =SUM(B9+1) -> 3 | D9: =SUM(C9+1) -> 4 | E9: =SUM(D9+1) -> 5 | F9: =SUM(E9+1) -> 6 | G9: =SUM(F9+1) -> 7 | H9: =SUM(G9+1) -> 8 | I9: =SUM(H9+1) -> 9 | ... AB9: =SUM(AA9+1) -> 28 | AD9: 29
A10: ABORTO | B10: =C10+D10 -> 0 | E10: =+B10-F10+AD10 -> 0 | F10: =T10+U10+V10+W10+X10+Y10 -> 0 | W10: =SUM(B201:AB201) -> 0 | AD10: 0
A11: ABUSO DE CONFIANZA | B11: =C11+D11 -> 0 | E11: =+B11-F11+AD11 -> 2 | F11: =T11+U11+V11+W11+X11+Y11 -> 0 | W11: =SUM(B202:AB202) -> 0 | AD11: 2
A12: ACCESO CARNAL ABUSIVO CON MENOR DE 14 AÑOS | B12: =C12+D12 -> 0 | E12: =+B12-F12+AD12 -> 8 | F12: =T12+U12+V12+W12+X12+Y12 -> 0 | W12: =SUM(B203:AB203) -> 0 | AD12: 8
A13: ACCESO CARNAL CON INCAPAZ DE RESISTIR | B13: =C13+D13 -> 0 | E13: =+B13-F13+AD13 -> 1 | F13: =T13+U13+V13+W13+X13+Y13 -> 0 | W13: =SUM(B204:AB204) -> 0 | AD13: 1
A14: ACCESO CARNAL O ACTO SEXUAL CON PERSONA PUESTA EN INCAPACIDAD DE RESISTIR | B14: =C14+D14 -> 0 | E14: =+B14-F14+AD14 -> 0 | F14: =T14+U14+V14+W14+X14+Y14 -> 0 | W14: =SUM(B205:AB205) -> 0 | AD14: 0
A15: ACCESO CARNAL VIOLENTO | B15: =C15+D15 -> 0 | E15: =+B15-F15+AD15 -> 2 | F15: =T15+U15+V15+W15+X15+Y15 -> 0 | W15: =SUM(B206:AB206) -> 0 | AD15: 2
A16: ACTO SEXUAL CON MENOR DE 14 AÑOS | B16: =C16+D16 -> 0 | E16: =+B16-F16+AD16 -> 15 | F16: =T16+U16+V16+W16+X16+Y16 -> 0 | W16: =SUM(B207:AB207) -> 0 | AD16: 15
A17: ACTO SEXUAL VIOLENTO | B17: =C17+D17 -> 0 | E17: =+B17-F17+AD17 -> 2 | F17: =T17+U17+V17+W17+X17+Y17 -> 0 | W17: =SUM(B208:AB208) -> 0 | AD17: 2
A18: AMENAZAS | B18: =C18+D18 -> 0 | E18: =+B18-F18+AD18 -> 0 | F18: =T18+U18+V18+W18+X18+Y18 -> 0 | W18: =SUM(B209:AB209) -> 0 | AD18: 0
A19: CALUMNIA | B19: =C19+D19 -> 0 | E19: =+B19-F19+AD19 -> 0 | F19: =T19+U19+V19+W19+X19+Y19 -> 0 | W19: =SUM(B210:AB210) -> 0 | AD19: 0
A20: COHECHO | B20: =C20+D20 -> 0 | E20: =+B20-F20+AD20 -> 2 | F20: =T20+U20+V20+W20+X20+Y20 -> 0 | W20: =SUM(B211:AB211) -> 0 | AD20: 2
A21: CONCIERTO PARA DELINQUIR | B21: =C21+D21 -> 0 | E21: =+B21-F21+AD21 -> 2 | F21: =T21+U21+V21+W21+X21+Y21 -> 0 | W21: =SUM(B212:AB212) -> 0 | AD21: 2
... A73: VIOLENCIA INTRAFAMILIAR | B73: =C73+D73 -> 0 | E73: =+B73-F73+AD73 -> 0 | F73: =T73+U73+V73+W73+X73+Y73 -> 0 | W73: =SUM(B264:AB264) -> 0 | AD73: 0
A74: OTROS | B74: =B195 -> 0 | C74: =C195 -> 0 | D74: =D195 -> 0 | E74: =E195 -> 40 | F74: =F195 -> 0 | G74: =G195 -> 0 | H74: =H195 -> 0 | I74: =I195 -> 0 | ... AB74: =AB195 -> 0 | AD74: =AD195 -> 40
A75: TOTALES | B75: =SUM(B10:B74) -> 0 | C75: =SUM(C10:C74) -> 0 | D75: =SUM(D10:D74) -> 0 | E75: =SUM(E10:E74) -> 199 | F75: =SUM(F10:F74) -> 0 | G75: =SUM(G10:G74) -> 0 | H75: =SUM(H10:H74) -> 0 | I75: =SUM(I10:I74) -> 0 | ... AB75: =SUM(AB10:AB74) -> 0 | AD75: =SUM(AD10:AD74) -> 199
A77: OTROS DELITOS
A78: DELITOS | B78: SOLICITUDES DEL SERVICIO REALIZADAS EN EL MES | C78: PROCESOS DEL MES | G78: AUDIENCIAS PRELIMINARES DEL MES | N78: AUDIENCIA LIBERTAD POR VENCIMIENTO DE TERMINOS | O78: NEGOCIACIONES ACUERDOS Y PREACUERDOS | P78: JUICIO | S78: INDIVIDUALIZACIÓN DE LA PENA | T78: TERMINACIONES DEL MES | Z78: AUDIENCIA DE INCIDENTE DE REPARACIÓN INTEGRAL | AA78: RECURSOS DEL MES | AD78: PROCESOS MES ANTERIOR
C79: ASIGNADOS | E79: EN TRÁMITE | F79: TERMINADOS | G79: CONTROL DE LA CAPTURA | I79: IMPUTACIÓN | K79: IMPOSICION MEDIDA DE ASEGURAMIENTO | P79: AUDIENCIA DE FORMULACIÓN DE LA ACUSACIÓN | Q79: PREPARATORIA | R79: JUICIO ORAL | T79: CONCILIACIÓN | U79: PRECLUSIÓN | V79: REVOCATORIA DE PODER | W79: OTRAS CAUSAS | X79: AUDIENCIAS DE FALLO | AA79: DE REPOSICIÓN | AB79: DE APELACIÓN
C80: CAPTURADOS | D80: EN LIBERTAD | G80: LEGAL | H80: ILEGAL | I80: FORMULACIÓN | J80: ACEPTACIÓN | K80: SI | M80: NO | X80: ABSOLUTORIAS | Y80: CONDENATORIAS
K81: PRIVATIVA | L81: NO PRIVATIVA
A82: 1 | B82: =SUM(A82+1) -> 2 | C82: =SUM(B82+1) -> 3 | D82: =SUM(C82+1) -> 4 | E82: =SUM(D82+1) -> 5 | F82: =SUM(E82+1) -> 6 | G82: =SUM(F82+1) -> 7 | H82: =SUM(G82+1) -> 8 | I82: =SUM(H82+1) -> 9 | ... AB82: =SUM(AA82+1) -> 28 | AD82: 29
A83: ABANDONO ART. 127 C.P. | B83: =C83+D83 -> 0 | E83: =+B83-F83+AD83 -> 0 | F83: =T83+U83+V83+W83+X83+Y83 -> 0 | W83: =SUM(B265:AB265) -> 0 | AD83: 0
A84: ABUSO DE AUTORIDAD POR ACTO ARBITRARIO | B84: =C84+D84 -> 0 | E84: =+B84-F84+AD84 -> 1 | F84: =T84+U84+V84+W84+X84+Y84 -> 0 | W84: =SUM(B266:AB266) -> 0 | AD84: 1
A85: ABUSO DE CONDICIONES DE INFERIORIDAD. ART. 251 C.P. | B85: =C85+D85 -> 0 | E85: =+B85-F85+AD85 -> 0 | F85: =T85+U85+V85+W85+X85+Y85 -> 0 | W85: =SUM(B267:AB267) -> 0 | AD85: 0
A86: ABUSO DE FUNCION PUBLICA ART. 428 C.P. | B86: =C86+D86 -> 0 | E86: =+B86-F86+AD86 -> 0 | F86: =T86+U86+V86+W86+X86+Y86 -> 0 | W86: =SUM(B268:AB268) -> 0 | AD86: 0
A87: ACCESO ABUSIVO A UN SISTEMA INFORMATICO ART. 269A C. | B87: =C87+D87 -> 0 | E87: =+B87-F87+AD87 -> 0 | F87: =T87+U87+V87+W87+X87+Y87 -> 0 | W87: =SUM(B269:AB269) -> 0 | AD87: 0
A88: ACCESO CARNAL VIOLENTO EN PERSONA PROTEGIDA ART. 138 C.P. | B88: =C88+D88 -> 0 | E88: =+B88-F88+AD88 -> 0 | F88: =T88+U88+V88+W88+X88+Y88 -> 0 | W88: =SUM(B270:AB270) -> 0 | AD88: 0
A89: ACOSO SEXUAL | B89: =C89+D89 -> 0 | E89: =+B89-F89+AD89 -> 0 | F89: =T89+U89+V89+W89+X89+Y89 -> 0 | W89: =SUM(B271:AB271) -> 0 | AD89: 0
A90: ACTO SEXUAL ABUSIVO | B90: =C90+D90 -> 0 | E90: =+B90-F90+AD90 -> 0 | F90: =T90+U90+V90+W90+X90+Y90 -> 0 | W90: =SUM(B272:AB272) -> 0 | AD90: 0
A91: ALTERACION DE RESULTADOS ELECTORALES ART. 394 C.P. | B91: =C91+D91 -> 0 | E91: =+B91-F91+AD91 -> 6 | F91: =T91+U91+V91+W91+X91+Y91 -> 0 | W91: =SUM(B273:AB273) -> 0 | AD91: 6
A92: ALTERACION, DESFIGURACION Y SUPLANTACION DE MARCAS DE GANADO. ART. 243 C.P. | B92: =C92+D92 -> 0 | E92: =+B92-F92+AD92 -> 3 | F92: =T92+U92+V92+W92+X92+Y92 -> 0 | W92: =SUM(B274:AB274) -> 0 | AD92: 3
A93: ALZAMIENTO DE BIENES. ART. 253 C.P. | B93: =C93+D93 -> 0 | E93: =+B93-F93+AD93 -> 0 | F93: =T93+U93+V93+W93+X93+Y93 -> 0 | W93: =SUM(B275:AB275) -> 0 | AD93: 0
A94: APLICACION FRAUDULENTA DE CREDITO OFICIALMENTE REGULADO ART. 311 C.P. | B94: =C94+D94 -> 0 | E94: =+B94-F94+AD94 -> 6 | F94: =T94+U94+V94+W94+X94+Y94 -> 0 | W94: =SUM(B276:AB276) -> 0 | AD94: 6
... A181: VIOLACION DERECHOS DE AUTOR | B181: =C181+D181 -> 0 | E181: =+B181-F181+AD181 -> 0 | F181: =T181+U181+V181+W181+X181+Y181 -> 0 | W181: =SUM(B363:AB363) -> 0 | AD181: 0
B182: =C182+D182 -> 0 | E182: =+B182-F182+AD182 -> 0 | F182: =T182+U182+V182+W182+X182+Y182 -> 0 | W182: =SUM(B364:AB364) -> 0 | AD182: 0
B183: =C183+D183 -> 0 | E183: =+B183-F183+AD183 -> 0 | F183: =T183+U183+V183+W183+X183+Y183 -> 0 | W183: =SUM(B365:AB365) -> 0 | AD183: 0
B184: =C184+D184 -> 0 | E184: =+B184-F184+AD184 -> 0 | F184: =T184+U184+V184+W184+X184+Y184 -> 0 | W184: =SUM(B366:AB366) -> 0 | AD184: 0
B185: =C185+D185 -> 0 | E185: =+B185-F185+AD185 -> 0 | F185: =T185+U185+V185+W185+X185+Y185 -> 0 | W185: =SUM(B367:AB367) -> 0 | AD185: 0
B186: =C186+D186 -> 0 | E186: =+B186-F186+AD186 -> 0 | F186: =T186+U186+V186+W186+X186+Y186 -> 0 | W186: =SUM(B368:AB368) -> 0 | AD186: 0
B187: =C187+D187 -> 0 | E187: =+B187-F187+AD187 -> 0 | F187: =T187+U187+V187+W187+X187+Y187 -> 0 | W187: =SUM(B369:AB369) -> 0 | AD187: 0
B188: =C188+D188 -> 0 | E188: =+B188-F188+AD188 -> 0 | F188: =T188+U188+V188+W188+X188+Y188 -> 0 | W188: =SUM(B370:AB370) -> 0 | AD188: 0
B189: =C189+D189 -> 0 | E189: =+B189-F189+AD189 -> 0 | F189: =T189+U189+V189+W189+X189+Y189 -> 0 | W189: =SUM(B371:AB371) -> 0 | AD189: 0
B190: =C190+D190 -> 0 | E190: =+B190-F190+AD190 -> 0 | F190: =T190+U190+V190+W190+X190+Y190 -> 0 | W190: =SUM(B372:AB372) -> 0 | AD190: 0
B191: =C191+D191 -> 0 | E191: =+B191-F191+AD191 -> 0 | F191: =T191+U191+V191+W191+X191+Y191 -> 0 | W191: =SUM(B373:AB373) -> 0 | AD191: 0
B192: =C192+D192 -> 0 | E192: =+B192-F192+AD192 -> 0 | F192: =T192+U192+V192+W192+X192+Y192 -> 0 | W192: =SUM(B374:AB374) -> 0 | AD192: 0
B193: =C193+D193 -> 0 | E193: =+B193-F193+AD193 -> 0 | F193: =T193+U193+V193+W193+X193+Y193 -> 0 | W193: =SUM(B375:AB375) -> 0 | AD193: 0
B194: =C194+D194 -> 0 | E194: =+B194-F194+AD194 -> 0 | F194: =T194+U194+V194+W194+X194+Y194 -> 0 | W194: =SUM(B376:AB376) -> 0 | AD194: 0
A195: TOTAL | B195: =SUM(B83:B194) -> 0 | C195: =SUM(C83:C194) -> 0 | D195: =SUM(D83:D194) -> 0 | E195: =SUM(E83:E194) -> 40 | F195: =SUM(F83:F194) -> 0 | G195: =SUM(G83:G194) -> 0 | H195: =SUM(H83:H194) -> 0 | I195: =SUM(I83:I194) -> 0 | ... AB195: =SUM(AB83:AB194) -> 0 | AD195: =SUM(AD83:AD194) -> 40
A196: ESTAS CIFRAS SIEMPRE DEBEN ESTAR EN CERO (0) | B196: =+B74-B195 -> 0 | C196: =+C74-C195 -> 0 | D196: =+D74-D195 -> 0 | E196: =+E74-E195 -> 0 | F196: =+F74-F195 -> 0 | G196: =+G74-G195 -> 0 | H196: =+H74-H195 -> 0 | I196: =+I74-I195 -> 0 | ... AB196: =+AB74-AB195 -> 0 | AD196: =+AD74-AD195 -> 0
A198: OTRAS CAUSAS DE TERMINACIÓN
A199: DELITOS | B199: APODERADO DE LA DEFENSORIA | C199: ARCHIVO | D199: ARCHIVO POR FALTA DE QUERRELA | E199: CAMBIO DE COMPETENCIA | F199: CAMBIO DE JURIDISCCION | G199: PPIO OPORTUNIDAD | H199: RADICACION REPETIDA | I199: SUSTITUCION PODER | J199: TERMINACIÓN ANORMAL POR NO REALIZARSE LAS AUDIENCIAS PRELIMINARES | K199: TERMINACION ANORMAL POR CONDENA ANTICIPADA | L199: MEDIACION | M199: RUPTURA PROCESAL | N199: ACUMULACION DE PROCESOS | O199: INACTIVIDAD PROCESAL SUPERIOR A 2 AÑOS | P199: PREJUDICIABILIDAD
A200: 1 | B200: 2 | C200: 3 | D200: 4 | E200: 5 | F200: 6 | G200: 7 | H200: 8 | I200: 9 | J200: 10 | K200: 11 | L200: 12 | M200: 13 | N200: 14 | O200: 15 | P200: 16 | Q200: 17 | R200: 18 | S200: 19 | T200: 20 | U200: 21 | V200: 22 | W200: 23 | X200: 24 | Y200: 25 | Z200: 26 | AA200: 27 | AB200: 28
A201: ABORTO
A202: ABUSO DE CONFIANZA
A203: ACCESO CARNAL ABUSIVO CON MENOR DE 14 AÑOS
A204: ACCESO CARNAL CON INCAPAZ DE RESISTIR
A205: ACCESO CARNAL O ACTO SEXUAL CON PERSONA PUESTA EN INCAPACIDAD DE RESISTIR
A206: ACCESO CARNAL VIOLENTO
A207: ACTO SEXUAL CON MENOR DE 14 AÑOS
A208: ACTO SEXUAL VIOLENTO
A209: AMENAZAS
A210: CALUMNIA
A211: COHECHO
A212: CONCIERTO PARA DELINQUIR
... A363: VIOLACION DERECHOS DE AUTOR
A377: TOTAL | B377: =SUM(B201:B376) -> 0 | C377: =SUM(C201:C376) -> 0 | D377: =SUM(D201:D376) -> 0 | E377: =SUM(E201:E376) -> 0 | F377: =SUM(F201:F376) -> 0 | G377: =SUM(G201:G376) -> 0 | H377: =SUM(H201:H376) -> 0 | I377: =SUM(I201:I376) -> 0 | ... AB377: =SUM(AB201:AB376) -> 0 | AC377: =SUM(B377:AB377) -> 0 | AD377: =+AC377-W75 -> 0

Sheet RENTERIA
B1: Nombre del Proceso/Subproceso: Atención y Trámite/Defensoría Pública | X1: Código: SD-P02-F150
B2: Formato: Estadística Programa Sistema Penal Acusatorio (Ley 906 de 2004) | X2: Versión: 02
X3: =[1]CONTOTAL!X3 -> Vigente desde: 12/02/2024
A4: REGIONAL: VALLE DEL CAUCA | F4: MES: | G4: MARZO | I4: AÑO: | J4: 2024
A5: DELITOS | B5: SOLICITUDES DEL SERVICIO REALIZADAS EN EL MES | C5: PROCESOS DEL MES | G5: AUDIENCIAS PRELIMINARES DEL MES | N5: AUDIENCIA LIBERTAD POR VENCIMIENTO DE TERMINOS | O5: NEGOCIACIO-NES ACUERDOS Y PREACUER-DOS | P5: JUICIO | S5: INDIVIDUA-LIZACIÓN DE LA PENA | T5: TERMINACIONES DEL MES | Z5: AUDIENCIA DE INCIDENTE DE REPARACIÓN INTEGRAL | AA5: RECURSOS DEL MES | AD5: PROCESOS MES ANTERIOR
C6: ASIGNADOS | E6: EN TRÁMITE | F6: TERMINADOS | G6: CONTROL DE LA CAPTURA | I6: IMPUTACIÓN | K6: IMPOSICIÓN MEDIDA DE ASEGURAMIENTO | P6: AUDIENCIA DE FORMULA-CIÓN DE LA ACUSACIÓN | Q6: PREPARATORIA | R6: JUICIO ORAL | T6: CONCILIA-CIÓN | U6: PRECLU-SIÓN | V6: REVOCA-TORIA DE PODER | W6: OTRAS CAUSAS | X6: AUDIENCIAS DE FALLO | AA6: DE REPOSICIÓN | AB6: DE APELACIÓN
C7: CAPTURADOS | D7: EN LIBERTAD | G7: LEGAL | H7: ILEGAL | I7: FORMU-LACIÓN | J7: ACEPTA-CIÓN | K7: SI | M7: NO | X7: ABSOLUTORIAS | Y7: CONDENATORIAS
K8: PRIVATIVA | L8: NO PRIVATIVA
A9: 1 | B9: =SUM(A9+1) -> 2 | C9: =SUM(B9+1) -> 3 | D9: =SUM(C9+1) -> 4 | E9: =SUM(D9+1) -> 5 | F9: =SUM(E9+1) -> 6 | G9: =SUM(F9+1) -> 7 | H9: =SUM(G9+1) -> 8 | I9: =SUM(H9+1) -> 9 | ... AB9: =SUM(AA9+1) -> 28 | AD9: 29
A10: ABORTO | B10: =C10+D10 -> 0 | E10: =+B10-F10+AD10 -> 0 | F10: =T10+U10+V10+W10+X10+Y10 -> 0 | W10: =SUM(B201:AB201) -> 0 | AD10: 0
A11: ABUSO DE CONFIANZA | B11: =C11+D11 -> 0 | E11: =+B11-F11+AD11 -> 0 | F11: =T11+U11+V11+W11+X11+Y11 -> 0 | W11: =SUM(B202:AB202) -> 0 | AD11: 0
A12: ACCESO CARNAL ABUSIVO CON MENOR DE 14 AÑOS | B12: =C12+D12 -> 0 | E12: =+B12-F12+AD12 -> 0 | F12: =T12+U12+V12+W12+X12+Y12 -> 0 | W12: =SUM(B203:AB203) -> 0 | AD12: 0
A13: ACCESO CARNAL CON INCAPAZ DE RESISTIR | B13: =C13+D13 -> 0 | E13: =+B13-F13+AD13 -> 1 | F13: =T13+U13+V13+W13+X13+Y13 -> 0 | W13: =SUM(B204:AB204) -> 0 | AD13: 1
A14: ACCESO CARNAL O ACTO SEXUAL CON PERSONA PUESTA EN INCAPACIDAD DE RESISTIR | B14: =C14+D14 -> 0 | E14: =+B14-F14+AD14 -> 0 | F14: =T14+U14+V14+W14+X14+Y14 -> 0 | W14: =SUM(B205:AB205) -> 0 | AD14: 0
A15: ACCESO CARNAL VIOLENTO | B15: =C15+D15 -> 0 | E15: =+B15-F15+AD15 -> 3 | F15: =T15+U15+V15+W15+X15+Y15 -> 0 | W15: =SUM(B206:AB206) -> 0 | AD15: 3
A16: ACTO SEXUAL CON MENOR DE 14 AÑOS | B16: =C16+D16 -> 0 | E16: =+B16-F16+AD16 -> 4 | F16: =T16+U16+V16+W16+X16+Y16 -> 0 | W16: =SUM(B207:AB207) -> 0 | AD16: 4
A17: ACTO SEXUAL VIOLENTO | B17: =C17+D17 -> 0 | E17: =+B17-F17+AD17 -> 0 | F17: =T17+U17+V17+W17+X17+Y17 -> 0 | W17: =SUM(B208:AB208) -> 0 | AD17: 0
A18: AMENAZAS | B18: =C18+D18 -> 0 | E18: =+B18-F18+AD18 -> 0 | F18: =T18+U18+V18+W18+X18+Y18 -> 0 | W18: =SUM(B209:AB209) -> 0 | AD18: 0
A19: CALUMNIA | B19: =C19+D19 -> 0 | E19: =+B19-F19+AD19 -> 0 | F19: =T19+U19+V19+W19+X19+Y19 -> 0 | W19: =SUM(B210:AB210) -> 0 | AD19: 0
A20: COHECHO | B20: =C20+D20 -> 0 | E20: =+B20-F20+AD20 -> 0 | F20: =T20+U20+V20+W20+X20+Y20 -> 0 | W20: =SUM(B211:AB211) -> 0 | AD20: 0
A21: CONCIERTO PARA DELINQUIR | B21: =C21+D21 -> 0 | E21: =+B21-F21+AD21 -> 0 | F21: =T21+U21+V21+W21+X21+Y21 -> 0 | W21: =SUM(B212:AB212) -> 0 | AD21: 0
... A73: VIOLENCIA INTRAFAMILIAR | B73: =C73+D73 -> 0 | E73: =+B73-F73+AD73 -> 43 | F73: =T73+U73+V73+W73+X73+Y73 -> 0 | W73: =SUM(B264:AB264) -> 0 | AD73: 43
A74: OTROS | B74: =B195 -> 0 | C74: =C195 -> 0 | D74: =D195 -> 0 | E74: =E195 -> 4 | F74: =F195 -> 0 | G74: =G195 -> 0 | H74: =H195 -> 0 | I74: =I195 -> 0 | ... AB74: =AB195 -> 0 | AD74: =AD195 -> 4
A75: TOTALES | B75: =SUM(B10:B74) -> 0 | C75: =SUM(C10:C74) -> 0 | D75: =SUM(D10:D74) -> 0 | E75: =SUM(E10:E74) -> 109 | F75: =SUM(F10:F74) -> 0 | G75: =SUM(G10:G74) -> 0 | H75: =SUM(H10:H74) -> 0 | I75: =SUM(I10:I74) -> 0 | ... AB75: =SUM(AB10:AB74) -> 0 | AD75: =SUM(AD10:AD74) -> 109
A77: OTROS DELITOS
A78: DELITOS | B78: SOLICITUDES DEL SERVICIO REALIZADAS EN EL MES | C78: PROCESOS DEL MES | G78: AUDIENCIAS PRELIMINARES DEL MES | N78: AUDIENCIA LIBERTAD POR VENCIMIENTO DE TERMINOS | O78: NEGOCIACIONES ACUERDOS Y PREACUERDOS | P78: JUICIO | S78: INDIVIDUALIZACIÓN DE LA PENA | T78: TERMINACIONES DEL MES | Z78: AUDIENCIA DE INCIDENTE DE REPARACIÓN INTEGRAL | AA78: RECURSOS DEL MES | AD78: PROCESOS MES ANTERIOR
C79: ASIGNADOS | E79: EN TRÁMITE | F79: TERMINADOS | G79: CONTROL DE LA CAPTURA | I79: IMPUTACIÓN | K79: IMPOSICION MEDIDA DE ASEGURAMIENTO | P79: AUDIENCIA DE FORMULACIÓN DE LA ACUSACIÓN | Q79: PREPARATORIA | R79: JUICIO ORAL | T79: CONCILIACIÓN | U79: PRECLUSIÓN | V79: REVOCATORIA DE PODER | W79: OTRAS CAUSAS | X79: AUDIENCIAS DE FALLO | AA79: DE REPOSICIÓN | AB79: DE APELACIÓN
C80: CAPTURADOS | D80: EN LIBERTAD | G80: LEGAL | H80: ILEGAL | I80: FORMULACIÓN | J80: ACEPTACIÓN | K80: SI | M80: NO | X80: ABSOLUTORIAS | Y80: CONDENATORIAS
K81: PRIVATIVA | L81: NO PRIVATIVA
A82: 1 | B82: =SUM(A82+1) -> 2 | C82: =SUM(B82+1) -> 3 | D82: =SUM(C82+1) -> 4 | E82: =SUM(D82+1) -> 5 | F82: =SUM(E82+1) -> 6 | G82: =SUM(F82+1) -> 7 | H82: =SUM(G82+1) -> 8 | I82: =SUM(H82+1) -> 9 | ... AB82: =SUM(AA82+1) -> 28 | AD82: 29
A83: ABANDONO ART. 127 C.P. | B83: =C83+D83 -> 0 | E83: =+B83-F83+AD83 -> 0 | F83: =T83+U83+V83+W83+X83+Y83 -> 0 | W83: =SUM(B265:AB265) -> 0 | AD83: 0
A84: ABUSO DE AUTORIDAD POR ACTO ARBITRARIO | B84: =C84+D84 -> 0 | E84: =+B84-F84+AD84 -> 0 | F84: =T84+U84+V84+W84+X84+Y84 -> 0 | W84: =SUM(B266:AB266) -> 0 | AD84: 0
A85: ABUSO DE CONDICIONES DE INFERIORIDAD. ART. 251 C.P. | B85: =C85+D85 -> 0 | E85: =+B85-F85+AD85 -> 0 | F85: =T85+U85+V85+W85+X85+Y85 -> 0 | W85: =SUM(B267:AB267) -> 0 | AD85: 0
A86: ABUSO DE FUNCION PUBLICA ART. 428 C.P. | B86: =C86+D86 -> 0 | E86: =+B86-F86+AD86 -> 0 | F86: =T86+U86+V86+W86+X86+Y86 -> 0 | W86: =SUM(B268:AB268) -> 0 | AD86: 0
A87: ACCESO ABUSIVO A UN SISTEMA INFORMATICO ART. 269A C. | B87: =C87+D87 -> 0 | E87: =+B87-F87+AD87 -> 0 | F87: =T87+U87+V87+W87+X87+Y87 -> 0 | W87: =SUM(B269:AB269) -> 0 | AD87: 0
A88: ACCESO CARNAL VIOLENTO EN PERSONA PROTEGIDA ART. 138 C.P. | B88: =C88+D88 -> 0 | E88: =+B88-F88+AD88 -> 0 | F88: =T88+U88+V88+W88+X88+Y88 -> 0 | W88: =SUM(B270:AB270) -> 0 | AD88: 0
A89: ACOSO SEXUAL | B89: =C89+D89 -> 0 | E89: =+B89-F89+AD89 -> 2 | F89: =T89+U89+V89+W89+X89+Y89 -> 0 | W89: =SUM(B271:AB271) -> 0 | AD89: 2
A90: ACTO SEXUAL ABUSIVO | B90: =C90+D90 -> 0 | E90: =+B90-F90+AD90 -> 0 | F90: =T90+U90+V90+W90+X90+Y90 -> 0 | W90: =SUM(B272:AB272) -> 0 | AD90: 0
A91: ALTERACION DE RESULTADOS ELECTORALES ART. 394 C.P. | B91: =C91+D91 -> 0 | E91: =+B91-F91+AD91 -> 0 | F91: =T91+U91+V91+W91+X91+Y91 -> 0 | W91: =SUM(B273:AB273) -> 0 | AD91: 0
A92: ALTERACION, DESFIGURACION Y SUPLANTACION DE MARCAS DE GANADO. ART. 243 C.P. | B92: =C92+D92 -> 0 | E92: =+B92-F92+AD92 -> 0 | F92: =T92+U92+V92+W92+X92+Y92 -> 0 | W92: =SUM(B274:AB274) -> 0 | AD92: 0
A93: ALZAMIENTO DE BIENES. ART. 253 C.P. | B93: =C93+D93 -> 0 | E93: =+B93-F93+AD93 -> 0 | F93: =T93+U93+V93+W93+X93+Y93 -> 0 | W93: =SUM(B275:AB275) -> 0 | AD93: 0
A94: APLICACION FRAUDULENTA DE CREDITO OFICIALMENTE REGULADO ART. 311 C.P. | B94: =C94+D94 -> 0 | E94: =+B94-F94+AD94 -> 0 | F94: =T94+U94+V94+W94+X94+Y94 -> 0 | W94: =SUM(B276:AB276) -> 0 | AD94: 0
... A181: VIOLACION DERECHOS DE AUTOR | B181: =C181+D181 -> 0 | E181: =+B181-F181+AD181 -> 0 | F181: =T181+U181+V181+W181+X181+Y181 -> 0 | W181: =SUM(B363:AB363) -> 0 | AD181: 0
B182: =C182+D182 -> 0 | E182: =+B182-F182+AD182 -> 0 | F182: =T182+U182+V182+W182+X182+Y182 -> 0 | W182: =SUM(B364:AB364) -> 0 | AD182: 0
B183: =C183+D183 -> 0 | E183: =+B183-F183+AD183 -> 0 | F183: =T183+U183+V183+W183+X183+Y183 -> 0 | W183: =SUM(B365:AB365) -> 0 | AD183: 0
B184: =C184+D184 -> 0 | E184: =+B184-F184+AD184 -> 0 | F184: =T184+U184+V184+W184+X184+Y184 -> 0 | W184: =SUM(B366:AB366) -> 0 | AD184: 0
B185: =C185+D185 -> 0 | E185: =+B185-F185+AD185 -> 0 | F185: =T185+U185+V185+W185+X185+Y185 -> 0 | W185: =SUM(B367:AB367) -> 0 | AD185: 0
B186: =C186+D186 -> 0 | E186: =+B186-F186+AD186 -> 0 | F186: =T186+U186+V186+W186+X186+Y186 -> 0 | W186: =SUM(B368:AB368) -> 0 | AD186: 0
B187: =C187+D187 -> 0 | E187: =+B187-F187+AD187 -> 0 | F187: =T187+U187+V187+W187+X187+Y187 -> 0 | W187: =SUM(B369:AB369) -> 0 | AD187: 0
B188: =C188+D188 -> 0 | E188: =+B188-F188+AD188 -> 0 | F188: =T188+U188+V188+W188+X188+Y188 -> 0 | W188: =SUM(B370:AB370) -> 0 | AD188: 0
B189: =C189+D189 -> 0 | E189: =+B189-F189+AD189 -> 0 | F189: =T189+U189+V189+W189+X189+Y189 -> 0 | W189: =SUM(B371:AB371) -> 0 | AD189: 0
B190: =C190+D190 -> 0 | E190: =+B190-F190+AD190 -> 0 | F190: =T190+U190+V190+W190+X190+Y190 -> 0 | W190: =SUM(B372:AB372) -> 0 | AD190: 0
B191: =C191+D191 -> 0 | E191: =+B191-F191+AD191 -> 0 | F191: =T191+U191+V191+W191+X191+Y191 -> 0 | W191: =SUM(B373:AB373) -> 0 | AD191: 0
B192: =C192+D192 -> 0 | E192: =+B192-F192+AD192 -> 0 | F192: =T192+U192+V192+W192+X192+Y192 -> 0 | W192: =SUM(B374:AB374) -> 0 | AD192: 0
B193: =C193+D193 -> 0 | E193: =+B193-F193+AD193 -> 0 | F193: =T193+U193+V193+W193+X193+Y193 -> 0 | W193: =SUM(B375:AB375) -> 0 | AD193: 0
B194: =C194+D194 -> 0 | E194: =+B194-F194+AD194 -> 0 | F194: =T194+U194+V194+W194+X194+Y194 -> 0 | W194: =SUM(B376:AB376) -> 0 | AD194: 0
A195: TOTAL | B195: =SUM(B83:B194) -> 0 | C195: =SUM(C83:C194) -> 0 | D195: =SUM(D83:D194) -> 0 | E195: =SUM(E83:E194) -> 4 | F195: =SUM(F83:F194) -> 0 | G195: =SUM(G83:G194) -> 0 | H195: =SUM(H83:H194) -> 0 | I195: =SUM(I83:I194) -> 0 | ... AB195: =SUM(AB83:AB194) -> 0 | AD195: =SUM(AD83:AD194) -> 4
A196: ESTAS CIFRAS SIEMPRE DEBEN ESTAR EN CERO (0) | B196: =+B74-B195 -> 0 | C196: =+C74-C195 -> 0 | D196: =+D74-D195 -> 0 | E196: =+E74-E195 -> 0 | F196: =+F74-F195 -> 0 | G196: =+G74-G195 -> 0 | H196: =+H74-H195 -> 0 | I196: =+I74-I195 -> 0 | ... AB196: =+AB74-AB195 -> 0 | AD196: =+AD74-AD195 -> 0
A198: OTRAS CAUSAS DE TERMINACIÓN
A199: DELITOS | B199: APODERADO DE LA DEFENSORIA | C199: ARCHIVO | D199: ARCHIVO POR FALTA DE QUERRELA | E199: CAMBIO DE COMPETENCIA | F199: CAMBIO DE JURIDISCCION | G199: PPIO OPORTUNIDAD | H199: RADICACION REPETIDA | I199: SUSTITUCION PODER | J199: TERMINACIÓN ANORMAL POR NO REALIZARSE LAS AUDIENCIAS PRELIMINARES | K199: TERMINACION ANORMAL POR CONDENA ANTICIPADA | L199: MEDIACION | M199: RUPTURA PROCESAL | N199: ACUMULACION DE PROCESOS | O199: INACTIVIDAD PROCESAL SUPERIOR A 2 AÑOS | P199: PREJUDICIABILIDAD
A200: 1 | B200: 2 | C200: 3 | D200: 4 | E200: 5 | F200: 6 | G200: 7 | H200: 8 | I200: 9 | J200: 10 | K200: 11 | L200: 12 | M200: 13 | N200: 14 | O200: 15 | P200: 16 | Q200: 17 | R200: 18 | S200: 19 | T200: 20 | U200: 21 | V200: 22 | W200: 23 | X200: 24 | Y200: 25 | Z200: 26 | AA200: 27 | AB200: 28
A201: ABORTO
A202: ABUSO DE CONFIANZA
A203: ACCESO CARNAL ABUSIVO CON MENOR DE 14 AÑOS
A204: ACCESO CARNAL CON INCAPAZ DE RESISTIR
A205: ACCESO CARNAL O ACTO SEXUAL CON PERSONA PUESTA EN INCAPACIDAD DE RESISTIR
A206: ACCESO CARNAL VIOLENTO
A207: ACTO SEXUAL CON MENOR DE 14 AÑOS
A208: ACTO SEXUAL VIOLENTO
A209: AMENAZAS
A210: CALUMNIA
A211: COHECHO
A212: CONCIERTO PARA DELINQUIR
... A363: VIOLACION DERECHOS DE AUTOR
A377: TOTAL | B377: =SUM(B201:B376) -> 0 | C377: =SUM(C201:C376) -> 0 | D377: =SUM(D201:D376) -> 0 | E377: =SUM(E201:E376) -> 0 | F377: =SUM(F201:F376) -> 0 | G377: =SUM(G201:G376) -> 0 | H377: =SUM(H201:H376) -> 0 | I377: =SUM(I201:I376) -> 0 | ... AB377: =SUM(AB201:AB376) -> 0 | AC377: =SUM(B377:AB377) -> 0 | AD377: =+AC377-W75 -> 0

Sheet SABOGAL
B1: Nombre del Proceso/Subproceso: Atención y Trámite/Defensoría Pública | X1: Código: SD-P02-F150
B2: Manual, Instructivo o Formato: Estadística Programa Sistema Penal Acusatorio (Ley 906 de 2004) (V1-22) | X2: Versión: 01/22 CAST
X3: Vigente desde: 03/12/2018
A4: REGIONAL: VALLE DEL CAUCA | F4: MES: | G4: MAYO | I4: AÑO: 2024
A5: DELITOS | B5: SOLICITUDES DEL SERVICIO REALIZADAS EN EL MES | C5: PROCESOS DEL MES | G5: AUDIENCIAS PRELIMINARES DEL MES | N5: AUDIENCIA LIBERTAD POR VENCIMIENTO DE TERMINOS | O5: NEGOCIACIO-NES ACUERDOS Y PREACUER-DOS | P5: JUICIO | S5: INDIVIDUA-LIZACIÓN DE LA PENA | T5: TERMINACIONES DEL MES | Z5: AUDIENCIA DE INCIDENTE DE REPARACIÓN INTEGRAL | AA5: RECURSOS DEL MES | AD5: PROCESOS MES ANTERIOR
C6: ASIGNADOS | E6: EN TRÁMITE | F6: TERMINADOS | G6: CONTROL DE LA CAPTURA | I6: IMPUTACIÓN | K6: IMPOSICIÓN MEDIDA DE ASEGURAMIENTO | P6: AUDIENCIA DE FORMULA-CIÓN DE LA ACUSACIÓN | Q6: PREPARATORIA | R6: JUICIO ORAL | T6: CONCILIA-CIÓN | U6: PRECLU-SIÓN | V6: REVOCA-TORIA DE PODER | W6: OTRAS CAUSAS | X6: AUDIENCIAS DE FALLO | AA6: DE REPOSICIÓN | AB6: DE APELACIÓN
C7: CAPTURADOS | D7: EN LIBERTAD | G7: LEGAL | H7: ILEGAL | I7: FORMU-LACIÓN | J7: ACEPTA-CIÓN | K7: SI | M7: NO | X7: ABSOLUTORIAS | Y7: CONDENATORIAS
K8: PRIVATIVA | L8: NO PRIVATIVA
A9: 1 | B9: =SUM(A9+1) -> 2 | C9: =SUM(B9+1) -> 3 | D9: =SUM(C9+1) -> 4 | E9: =SUM(D9+1) -> 5 | F9: =SUM(E9+1) -> 6 | G9: =SUM(F9+1) -> 7 | H9: =SUM(G9+1) -> 8 | I9: =SUM(H9+1) -> 9 | ... AB9: =SUM(AA9+1) -> 28 | AD9: 29
A10: ABORTO | B10: =C10+D10 -> 0 | E10: =+B10-F10+AD10 -> 0 | F10: =T10+U10+V10+W10+X10+Y10 -> 0 | W10: =SUM(B201:AB201) -> 0 | AD10: 0
A11: ABUSO DE CONFIANZA | B11: =C11+D11 -> 0 | E11: =+B11-F11+AD11 -> 0 | F11: =T11+U11+V11+W11+X11+Y11 -> 0 | W11: =SUM(B202:AB202) -> 0 | AD11: 0
A12: ACCESO CARNAL ABUSIVO CON MENOR DE 14 AÑOS | B12: =C12+D12 -> 1 | C12: 1 | E12: =+B12-F12+AD12 -> 1 | F12: =T12+U12+V12+W12+X12+Y12 -> 1 | G12: 1 | I12: 1 | J12: NO | K12: 1 | W12: =SUM(B203:AB203) -> 1 | AD12: 1
A13: ACCESO CARNAL CON INCAPAZ DE RESISTIR | B13: =C13+D13 -> 0 | E13: =+B13-F13+AD13 -> 0 | F13: =T13+U13+V13+W13+X13+Y13 -> 0 | W13: =SUM(B204:AB204) -> 0 | AD13: 0
A14: ACCESO CARNAL O ACTO SEXUAL CON PERSONA PUESTA EN INCAPACIDAD DE RESISTIR | B14: =C14+D14 -> 0 | E14: =+B14-F14+AD14 -> 0 | F14: =T14+U14+V14+W14+X14+Y14 -> 0 | W14: =SUM(B205:AB205) -> 0 | AD14: 0
A15: ACCESO CARNAL VIOLENTO | B15: =C15+D15 -> 0 | E15: =+B15-F15+AD15 -> 0 | F15: =T15+U15+V15+W15+X15+Y15 -> 0 | W15: =SUM(B206:AB206) -> 0 | AD15: 0
A16: ACTO SEXUAL CON MENOR DE 14 AÑOS | B16: =C16+D16 -> 0 | E16: =+B16-F16+AD16 -> 0 | F16: =T16+U16+V16+W16+X16+Y16 -> 1 | W16: =SUM(B207:AB207) -> 1 | AD16: 1
A17: ACTO SEXUAL VIOLENTO | B17: =C17+D17 -> 0 | E17: =+B17-F17+AD17 -> 0 | F17: =T17+U17+V17+W17+X17+Y17 -> 0 | W17: =SUM(B208:AB208) -> 0 | AD17: 0
A18: AMENAZAS | B18: =C18+D18 -> 0 | E18: =+B18-F18+AD18 -> 0 | F18: =T18+U18+V18+W18+X18+Y18 -> 2 | W18: =SUM(B209:AB209) -> 2 | AD18: 2
A19: CALUMNIA | B19: =C19+D19 -> 0 | E19: =+B19-F19+AD19 -> 0 | F19: =T19+U19+V19+W19+X19+Y19 -> 0 | W19: =SUM(B210:AB210) -> 0 | AD19: 0
A20: COHECHO | B20: =C20+D20 -> 0 | E20: =+B20-F20+AD20 -> 0 | F20: =T20+U20+V20+W20+X20+Y20 -> 0 | W20: =SUM(B211:AB211) -> 0 | AD20: 0
A21: CONCIERTO PARA DELINQUIR | B21: =C21+D21 -> 0 | E21: =+B21-F21+AD21 -> 0 | F21: =T21+U21+V21+W21+X21+Y21 -> 0 | W21: =SUM(B212:AB212) -> 0 | AD21: 0
A22: CONCUSIÓN | B22: =C22+D22 -> 0 | E22: =+B22-F22+AD22 -> 0 | F22: =T22+U22+V22+W22+X22+Y22 -> 0 | W22: =SUM(B213:AB213) -> 0 | AD22: 0
A23: CONSERVACIÓN O FINANCIACIÓN DE PLANTACIONES | B23: =C23+D23 -> 0 | E23: =+B23-F23+AD23 -> 0 | F23: =T23+U23+V23+W23+X23+Y23 -> 0 | W23: =SUM(B214:AB214) -> 0 | AD23: 0
A24: CONSTREÑIMIENTO ILEGAL | B24: =C24+D24 -> 0 | E24: =+B24-F24+AD24 -> 0 | F24: =T24+U24+V24+W24+X24+Y24 -> 0 | W24: =SUM(B215:AB215) -> 0 | AD24: 0
... A29: ENTRENAMIENTO PARA ACTIVIDADES ILÍCITAS | B29: =C29+D29 -> 0 | E29: =+B29-F29+AD29 -> 0 | F29: =T29+U29+V29+W29+X29+Y29 -> 0 | W29: =SUM(B220:AB220) -> 0 | AD29: 0
A30: ESTAFA | B30: =C30+D30 -> 2 | D30: 2 | E30: =+B30-F30+AD30 -> 3 | F30: =T30+U30+V30+W30+X30+Y30 -> 0 | W30: =SUM(B221:AB221) -> 0 | AD30: 1
A31: ESTÍMULO A LA PROSTITUCIÓN DE MENORES | B31: =C31+D31 -> 0 | E31: =+B31-F31+AD31 -> 0 | F31: =T31+U31+V31+W31+X31+Y31 -> 0 | W31: =SUM(B222:AB222) -> 0 | AD31: 0
A32: EXTORSIÓN | B32: =C32+D32 -> 1 | C32: 1 | E32: =+B32-F32+AD32 -> 1 | F32: =T32+U32+V32+W32+X32+Y32 -> 0 | G32: 1 | I32: 1 | J32: NO | K32: 1 | W32: =SUM(B223:AB223) -> 0 | AD32: 0
A33: EXPLOTACIÓN ILÍCITA DE YACIMIENTOS MINEROS | B33: =C33+D33 -> 0 | E33: =+B33-F33+AD33 -> 0 | F33: =T33+U33+V33+W33+X33+Y33 -> 0 | W33: =SUM(B224:AB224) -> 0 | AD33: 0
A34: FABRICACIÓN, TRÁFICO, PORTE DE ARMAS DE FUEGO O MUNICIONES | B34: =C34+D34 -> 0 | E34: =+B34-F34+AD34 -> 1 | F34: =T34+U34+V34+W34+X34+Y34 -> 1 | W34: =SUM(B225:AB225) -> 1 | AD34: 2
A35: FALSEDAD | B35: =C35+D35 -> 0 | E35: =+B35-F35+AD35 -> 0 | F35: =T35+U35+V35+W35+X35+Y35 -> 0 | W35: =SUM(B226:AB226) -> 0 | AD35: 0
A36: FALSEDAD DE DOCUMENTOS | B36: =C36+D36 -> 0 | E36: =+B36-F36+AD36 -> 0 | F36: =T36+U36+V36+W36+X36+Y36 -> 0 | W36: =SUM(B227:AB227) -> 0 | AD36: 0
A37: FALSEDAD MARCARIA | B37: =C37+D37 -> 0 | E37: =+B37-F37+AD37 -> 0 | F37: =T37+U37+V37+W37+X37+Y37 -> 0 | W37: =SUM(B228:AB228) -> 0 | AD37: 0
A38: FALSIFICACIÓN DE MONEDA | B38: =C38+D38 -> 0 | E38: =+B38-F38+AD38 -> 0 | F38: =T38+U38+V38+W38+X38+Y38 -> 0 | W38: =SUM(B229:AB229) -> 0 | AD38: 0
A39: FEMINICIDIO | B39: =C39+D39 -> 0 | E39: =+B39-F39+AD39 -> 0 | F39: =T39+U39+V39+W39+X39+Y39 -> 0 | W39: =SUM(B230:AB230) -> 0 | AD39: 0
A40: FRAUDE PROCESAL | B40: =C40+D40 -> 0 | E40: =+B40-F40+AD40 -> 0 | F40: =T40+U40+V40+W40+X40+Y40 -> 0 | W40: =SUM(B231:AB231) -> 0 | AD40: 0
A41: FUGA DE PRESOS | B41: =C41+D41 -> 0 | E41: =+B41-F41+AD41 -> 0 | F41: =T41+U41+V41+W41+X41+Y41 -> 0 | W41: =SUM(B232:AB232) -> 0 | AD41: 0
A42: GESTIÓN INDEBIDA DE RECURSOS SOCIALES | B42: =C42+D42 -> 0 | E42: =+B42-F42+AD42 -> 0 | F42: =T42+U42+V42+W42+X42+Y42 -> 0 | W42: =SUM(B233:AB233) -> 0 | AD42: 0
A43: HOMICIDIO | B43: =C43+D43 -> 0 | E43: =+B43-F43+AD43 -> 0 | F43: =T43+U43+V43+W43+X43+Y43 -> 0 | W43: =SUM(B234:AB234) -> 0 | AD43: 0
A44: HURTO | B44: =C44+D44 -> 1 | C44: 1 | E44: =+B44-F44+AD44 -> 14 | F44: =T44+U44+V44+W44+X44+Y44 -> 1 | G44: 1 | I44: 1 | J44: SI | M44: X | O44: 3 | S44: 3 | W44: =SUM(B235:AB235) -> 1 | AD44: 14
A45: HURTO DE HIDROCARBUROS | B45: =C45+D45 -> 0 | E45: =+B45-F45+AD45 -> 0 | F45: =T45+U45+V45+W45+X45+Y45 -> 0 | W45: =SUM(B236:AB236) -> 0 | AD45: 0
A46: INASISTENCIA ALIMENTARIA | B46: =C46+D46 -> 0 | E46: =+B46-F46+AD46 -> 5 | F46: =T46+U46+V46+W46+X46+Y46 -> 1 | W46: =SUM(B237:AB237) -> 1 | AD46: 6
A47: INCESTO | B47: =C47+D47 -> 0 | E47: =+B47-F47+AD47 -> 0 | F47: =T47+U47+V47+W47+X47+Y47 -> 0 | W47: =SUM(B238:AB238) -> 0 | AD47: 0
A48: INDUCCIÓN A LA PROSTITUCIÓN | B48: =C48+D48 -> 0 | E48: =+B48-F48+AD48 -> 0 | F48: =T48+U48+V48+W48+X48+Y48 -> 0 | W48: =SUM(B239:AB239) -> 0 | AD48: 0
A49: INJURIA | B49: =C49+D49 -> 0 | E49: =+B49-F49+AD49 -> 0 | F49: =T49+U49+V49+W49+X49+Y49 -> 0 | W49: =SUM(B240:AB240) -> 0 | AD49: 0
A50: LAVADO DE ACTIVOS | B50: =C50+D50 -> 0 | E50: =+B50-F50+AD50 -> 0 | F50: =T50+U50+V50+W50+X50+Y50 -> 0 | W50: =SUM(B241:AB241) -> 0 | AD50: 0
A51: LESIONES PERSONALES | B51: =C51+D51 -> 1 | D51: 1 | E51: =+B51-F51+AD51 -> 13 | F51: =T51+U51+V51+W51+X51+Y51 -> 2 | W51: =SUM(B242:AB242) -> 2 | AD51: 14
A52: PECULADO | B52: =C52+D52 -> 0 | E52: =+B52-F52+AD52 -> 0 | F52: =T52+U52+V52+W52+X52+Y52 -> 0 | W52: =SUM(B243:AB243) -> 0 | AD52: 0
A53: PERTURBACIÓN DE LA POSESIÓN | B53: =C53+D53 -> 0 | E53: =+B53-F53+AD53 -> 0 | F53: =T53+U53+V53+W53+X53+Y53 -> 0 | W53: =SUM(B244:AB244) -> 0 | AD53: 0
A54: PORNOGRAFÍA CON MENORES | B54: =C54+D54 -> 0 | E54: =+B54-F54+AD54 -> 0 | F54: =T54+U54+V54+W54+X54+Y54 -> 0 | W54: =SUM(B245:AB245) -> 0 | AD54: 0
A55: PORTE ILEGAL DE ARMAS FF MM | B55: =C55+D55 -> 0 | E55: =+B55-F55+AD55 -> 0 | F55: =T55+U55+V55+W55+X55+Y55 -> 0 | W55: =SUM(B246:AB246) -> 0 | AD55: 0
A56: PORTE ILEGAL DE ARMAS (NO digitar aquí- digitar arriba.) | B56: =C56+D56 -> 0 | E56: =+B56-F56+AD56 -> 0 | F56: =T56+U56+V56+W56+X56+Y56 -> 0 | W56: =SUM(B247:AB247) -> 0 | AD56: 0
A57: PORTE, TRÁFICO O FABRICACIÓN DE ESTUPEFACIENTES (LEY 30/86) | B57: =C57+D57 -> 6 | C57: 5 | D57: 1 | E57: =+B57-F57+AD57 -> 6 | F57: =T57+U57+V57+W57+X57+Y57 -> 5 | G57: 6 | I57: 5 | J57: NO | K57: 4 | P57: 2 | W57: =SUM(B248:AB248) -> 5 | AA57: 4 | AB57: 4 | AD57: 5
A58: REBELIÓN | B58: =C58+D58 -> 0 | E58: =+B58-F58+AD58 -> 0 | F58: =T58+U58+V58+W58+X58+Y58 -> 0 | W58: =SUM(B249:AB249) -> 0 | AD58: 0
A59: RECEPTACIÓN | B59: =C59+D59 -> 0 | E59: =+B59-F59+AD59 -> 0 | F59: =T59+U59+V59+W59+X59+Y59 -> 0 | W59: =SUM(B250:AB250) -> 0 | AD59: 0
A60: SECUESTRO EXTORSIVO | B60: =C60+D60 -> 0 | E60: =+B60-F60+AD60 -> 0 | F60: =T60+U60+V60+W60+X60+Y60 -> 0 | W60: =SUM(B251:AB251) -> 0 | AD60: 0
A61: SECUESTRO SIMPLE | B61: =C61+D61 -> 0 | E61: =+B61-F61+AD61 -> 0 | F61: =T61+U61+V61+W61+X61+Y61 -> 0 | W61: =SUM(B252:AB252) -> 0 | AD61: 0
A62: TENTATIVA DE EXTORSIÓN | B62: =C62+D62 -> 0 | E62: =+B62-F62+AD62 -> 1 | F62: =T62+U62+V62+W62+X62+Y62 -> 0 | W62: =SUM(B253:AB253) -> 0 | AD62: 1
A63: TENTATIVA DE HOMICIDIO | B63: =C63+D63 -> 0 | E63: =+B63-F63+AD63 -> 0 | F63: =T63+U63+V63+W63+X63+Y63 -> 1 | W63: =SUM(B254:AB254) -> 1 | AD63: 1
A64: TENTATIVA DE HURTO | B64: =C64+D64 -> 0 | E64: =+B64-F64+AD64 -> 0 | F64: =T64+U64+V64+W64+X64+Y64 -> 0 | W64: =SUM(B255:AB255) -> 0 | AD64: 0
A65: TENTATIVA DE FEMENICIDIO | B65: =C65+D65 -> 0 | E65: =+B65-F65+AD65 -> 0 | F65: =T65+U65+V65+W65+X65+Y65 -> 0 | W65: =SUM(B256:AB256) -> 0 | AD65: 0
A66: TERRORISMO | B66: =C66+D66 -> 0 | E66: =+B66-F66+AD66 -> 0 | F66: =T66+U66+V66+W66+X66+Y66 -> 0 | W66: =SUM(B257:AB257) -> 0 | AD66: 0
A67: TRÁFICO DE MONEDA FALSA | B67: =C67+D67 -> 0 | E67: =+B67-F67+AD67 -> 0 | F67: =T67+U67+V67+W67+X67+Y67 -> 0 | W67: =SUM(B258:AB258) -> 0 | AD67: 0
A68: TRATA DE PERSONAS/TRAFICO MIGRANTES/TRAFICO PERSONAS | B68: =C68+D68 -> 0 | E68: =+B68-F68+AD68 -> 0 | F68: =T68+U68+V68+W68+X68+Y68 -> 0 | W68: =SUM(B259:AB259) -> 0 | AD68: 0
A69: USO ILEGAL PRENDAS MILITARES | B69: =C69+D69 -> 0 | E69: =+B69-F69+AD69 -> 0 | F69: =T69+U69+V69+W69+X69+Y69 -> 0 | W69: =SUM(B260:AB260) -> 0 | AD69: 0
... A72: VIOLENCIA CONTRA SERVIDOR PÚBLICO | B72: =C72+D72 -> 0 | E72: =+B72-F72+AD72 -> 0 | F72: =T72+U72+V72+W72+X72+Y72 -> 0 | W72: =SUM(B263:AB263) -> 0 | AD72: 0
A73: VIOLENCIA INTRAFAMILIAR | B73: =C73+D73 -> 0 | E73: =+B73-F73+AD73 -> 46 | F73: =T73+U73+V73+W73+X73+Y73 -> 21 | Q73: 1 | R73: 2 | U73: 2 | W73: =SUM(B264:AB264) -> 18 | Y73: 1 | AD73: 67
A74: OTROS | B74: =B195 -> 1 | C74: =C195 -> 1 | D74: =D195 -> 0 | E74: =E195 -> 2 | F74: =F195 -> 3 | G74: =G195 -> 1 | H74: =H195 -> 0 | I74: =I195 -> 1 | ... AB74: =AB195 -> 0 | AD74: =AD195 -> 4
A75: TOTALES | B75: =SUM(B10:B74) -> 13 | C75: =SUM(C10:C74) -> 9 | D75: =SUM(D10:D74) -> 4 | E75: =SUM(E10:E74) -> 94 | F75: =SUM(F10:F74) -> 41 | G75: =SUM(G10:G74) -> 10 | H75: =SUM(H10:H74) -> 0 | I75: =SUM(I10:I74) -> 9 | ... AB75: =SUM(AB10:AB74) -> 4 | AD75: =SUM(AD10:AD74) -> 122
A77: OTROS DELITOS
A78: DELITOS | B78: SOLICITUDES DEL SERVICIO REALIZADAS EN EL MES | C78: PROCESOS DEL MES | G78: AUDIENCIAS PRELIMINARES DEL MES | N78: AUDIENCIA LIBERTAD POR VENCIMIENTO DE TERMINOS | O78: NEGOCIACIONES ACUERDOS Y PREACUERDOS | P78: JUICIO | S78: INDIVIDUALIZACIÓN DE LA PENA | T78: TERMINACIONES DEL MES | Z78: AUDIENCIA DE INCIDENTE DE REPARACIÓN INTEGRAL | AA78: RECURSOS DEL MES | AD78: PROCESOS MES ANTERIOR
C79: ASIGNADOS | E79: EN TRÁMITE | F79: TERMINADOS | G79: CONTROL DE LA CAPTURA | I79: IMPUTACIÓN | K79: IMPOSICION MEDIDA DE ASEGURAMIENTO | P79: AUDIENCIA DE FORMULACIÓN DE LA ACUSACIÓN | Q79: PREPARATORIA | R79: JUICIO ORAL | T79: CONCILIACIÓN | U79: PRECLUSIÓN | V79: REVOCATORIA DE PODER | W79: OTRAS CAUSAS | X79: AUDIENCIAS DE FALLO | AA79: DE REPOSICIÓN | AB79: DE APELACIÓN
C80: CAPTURADOS | D80: EN LIBERTAD | G80: LEGAL | H80: ILEGAL | I80: FORMULACIÓN | J80: ACEPTACIÓN | K80: SI | M80: NO | X80: ABSOLUTORIAS | Y80: CONDENATORIAS
K81: PRIVATIVA | L81: NO PRIVATIVA
A82: 1 | B82: =SUM(A82+1) -> 2 | C82: =SUM(B82+1) -> 3 | D82: =SUM(C82+1) -> 4 | E82: =SUM(D82+1) -> 5 | F82: =SUM(E82+1) -> 6 | G82: =SUM(F82+1) -> 7 | H82: =SUM(G82+1) -> 8 | I82: =SUM(H82+1) -> 9 | ... AB82: =SUM(AA82+1) -> 28 | AD82: 29
A83: ABANDONO ART. 127 C.P. | B83: =C83+D83 -> 0 | E83: =+B83-F83+AD83 -> 0 | F83: =T83+U83+V83+W83+X83+Y83 -> 0 | W83: =SUM(B265:AB265) -> 0 | AD83: 0
A84: ABUSO DE AUTORIDAD POR ACTO ARBITRARIO | B84: =C84+D84 -> 0 | E84: =+B84-F84+AD84 -> 0 | F84: =T84+U84+V84+W84+X84+Y84 -> 0 | W84: =SUM(B266:AB266) -> 0 | AD84: 0
A85: ABUSO DE CONDICIONES DE INFERIORIDAD. ART. 251 C.P. | B85: =C85+D85 -> 0 | E85: =+B85-F85+AD85 -> 1 | F85: =T85+U85+V85+W85+X85+Y85 -> 0 | W85: =SUM(B267:AB267) -> 0 | AD85: 1
A86: ABUSO DE FUNCION PUBLICA ART. 428 C.P. | B86: =C86+D86 -> 0 | E86: =+B86-F86+AD86 -> 0 | F86: =T86+U86+V86+W86+X86+Y86 -> 0 | W86: =SUM(B268:AB268) -> 0 | AD86: 0
A87: ACCESO ABUSIVO A UN SISTEMA INFORMATICO ART. 269A C. | B87: =C87+D87 -> 0 | E87: =+B87-F87+AD87 -> 0 | F87: =T87+U87+V87+W87+X87+Y87 -> 0 | W87: =SUM(B269:AB269) -> 0 | AD87: 0
A88: ACCESO CARNAL VIOLENTO EN PERSONA PROTEGIDA ART. 138 C.P. | B88: =C88+D88 -> 0 | E88: =+B88-F88+AD88 -> 0 | F88: =T88+U88+V88+W88+X88+Y88 -> 0 | W88: =SUM(B270:AB270) -> 0 | AD88: 0
A89: ACOSO SEXUAL | B89: =C89+D89 -> 0 | E89: =+B89-F89+AD89 -> 0 | F89: =T89+U89+V89+W89+X89+Y89 -> 1 | W89: =SUM(B271:AB271) -> 1 | AD89: 1
A90: ACTO SEXUAL ABUSIVO | B90: =C90+D90 -> 0 | E90: =+B90-F90+AD90 -> 0 | F90: =T90+U90+V90+W90+X90+Y90 -> 0 | W90: =SUM(B272:AB272) -> 0 | AD90: 0
A91: ALTERACION DE RESULTADOS ELECTORALES ART. 394 C.P. | B91: =C91+D91 -> 0 | E91: =+B91-F91+AD91 -> 0 | F91: =T91+U91+V91+W91+X91+Y91 -> 0 | W91: =SUM(B273:AB273) -> 0 | AD91: 0
A92: ALTERACION, DESFIGURACION Y SUPLANTACION DE MARCAS DE GANADO. ART. 243 C.P. | B92: =C92+D92 -> 0 | E92: =+B92-F92+AD92 -> 0 | F92: =T92+U92+V92+W92+X92+Y92 -> 0 | W92: =SUM(B274:AB274) -> 0 | AD92: 0
A93: ALZAMIENTO DE BIENES. ART. 253 C.P. | B93: =C93+D93 -> 0 | E93: =+B93-F93+AD93 -> 0 | F93: =T93+U93+V93+W93+X93+Y93 -> 0 | W93: =SUM(B275:AB275) -> 0 | AD93: 0
A94: APLICACION FRAUDULENTA DE CREDITO OFICIALMENTE REGULADO ART. 311 C.P. | B94: =C94+D94 -> 0 | E94: =+B94-F94+AD94 -> 0 | F94: =T94+U94+V94+W94+X94+Y94 -> 0 | W94: =SUM(B276:AB276) -> 0 | AD94: 0
... A168: URBANIZACION ILEGAL | B168: =C168+D168 -> 0 | E168: =+B168-F168+AD168 -> 0 | F168: =T168+U168+V168+W168+X168+Y168 -> 0 | W168: =SUM(B350:AB350) -> 0 | AD168: 0
A169: USO DE DOCUMENTO PUBLICO FALSO | B169: =C169+D169 -> 1 | C169: 1 | E169: =+B169-F169+AD169 -> 1 | F169: =T169+U169+V169+W169+X169+Y169 -> 1 | G169: 1 | I169: 1 | J169: NO | W169: =SUM(B351:AB351) -> 1 | AD169: 1
A170: USO DE MENORES PARA COMISION DE DELITOS | B170: =C170+D170 -> 0 | E170: =+B170-F170+AD170 -> 0 | F170: =T170+U170+V170+W170+X170+Y170 -> 0 | W170: =SUM(B352:AB352) -> 0 | AD170: 0
A171: USO DOCUMENTO FALSO | B171: =C171+D171 -> 0 | E171: =+B171-F171+AD171 -> 0 | F171: =T171+U171+V171+W171+X171+Y171 -> 0 | W171: =SUM(B353:AB353) -> 0 | AD171: 0
A172: USO ILEGITIMO DE PATENTES ART. 307 C.P. | B172: =C172+D172 -> 0 | E172: =+B172-F172+AD172 -> 0 | F172: =T172+U172+V172+W172+X172+Y172 -> 0 | W172: =SUM(B354:AB354) -> 0 | AD172: 0
A173: USURA | B173: =C173+D173 -> 0 | E173: =+B173-F173+AD173 -> 0 | F173: =T173+U173+V173+W173+X173+Y173 -> 0 | W173: =SUM(B355:AB355) -> 0 | AD173: 0
A174: USURPACION DE FUNCIONES | B174: =C174+D174 -> 0 | E174: =+B174-F174+AD174 -> 0 | F174: =T174+U174+V174+W174+X174+Y174 -> 0 | W174: =SUM(B356:AB356) -> 0 | AD174: 0
A175: USURPACIÓN DE DERECHOS DE PROPIEDAD INDUSTRIA L Y DERECHOS DE OBTENTOR ES DE VARIEDAD ES VEGETALES ART. 306 C.P. | B175: =C175+D175 -> 0 | E175: =+B175-F175+AD175 -> 0 | F175: =T175+U175+V175+W175+X175+Y175 -> 0 | W175: =SUM(B357:AB357) -> 0 | AD175: 0
A176: UTILIZACION O FACILITACION DE MEDIOS DE COMUNICACION PARA OFRECER ACTIVIDADES SEXUALES CON PERSONAS MENORES DE 18 AÑOS | B176: =C176+D176 -> 0 | E176: =+B176-F176+AD176 -> 0 | F176: =T176+U176+V176+W176+X176+Y176 -> 0 | W176: =SUM(B358:AB358) -> 0 | AD176: 0
A177: VIOLACION AL REGIMEN LEGAL O CONSTITUCIONAL DE INHABILIDADES E INCOMPATIBILIDADES ART. 408 C.P. | B177: =C177+D177 -> 0 | E177: =+B177-F177+AD177 -> 0 | F177: =T177+U177+V177+W177+X177+Y177 -> 0 | W177: =SUM(B359:AB359) -> 0 | AD177: 0
A178: VIOLACION DE HABITACION AJENA. ART. 189 C.P. | B178: =C178+D178 -> 0 | E178: =+B178-F178+AD178 -> 0 | F178: =T178+U178+V178+W178+X178+Y178 -> 0 | W178: =SUM(B360:AB360) -> 0 | AD178: 0
A179: VIOLACION DE LA LIBERTAD DE TRABAJO. ART. 198 C.P. | B179: =C179+D179 -> 0 | E179: =+B179-F179+AD179 -> 0 | F179: =T179+U179+V179+W179+X179+Y179 -> 0 | W179: =SUM(B361:AB361) -> 0 | AD179: 0
A180: VIOLACION DE MEDIDAS SANITARIAS ART. 368 C.P. | B180: =C180+D180 -> 0 | E180: =+B180-F180+AD180 -> 0 | F180: =T180+U180+V180+W180+X180+Y180 -> 0 | W180: =SUM(B362:AB362) -> 0 | AD180: 0
...

Sheet VIERA
B1: Nombre del Proceso/Subproceso: Atención y Trámite/Defensoría Pública | X1: Código: SD-P02-F150
B2: Manual, Instructivo o Formato: Estadística Programa Sistema Penal Acusatorio (Ley 906 de 2004) (V1-22) | X2: Versión: 01/22 CAST
X3: Vigente desde: 03/12/2018
A4: REGIONAL: VALLE DEL CAUCA | F4: MES: | G4: MARZO | I4: AÑO: | J4: 2024
A5: DELITOS | B5: SOLICITUDES DEL SERVICIO REALIZADAS EN EL MES | C5: PROCESOS DEL MES | G5: AUDIENCIAS PRELIMINARES DEL MES | N5: AUDIENCIA LIBERTAD POR VENCIMIENTO DE TERMINOS | O5: NEGOCIACIO-NES ACUERDOS Y PREACUER-DOS | P5: JUICIO | S5: INDIVIDUA-LIZACIÓN DE LA PENA | T5: TERMINACIONES DEL MES | Z5: AUDIENCIA DE INCIDENTE DE REPARACIÓN INTEGRAL | AA5: RECURSOS DEL MES | AD5: PROCESOS MES ANTERIOR
C6: ASIGNADOS | E6: EN TRÁMITE | F6: TERMINADOS | G6: CONTROL DE LA CAPTURA | I6: IMPUTACIÓN | K6: IMPOSICIÓN MEDIDA DE ASEGURAMIENTO | P6: AUDIENCIA DE FORMULA-CIÓN DE LA ACUSACIÓN | Q6: PREPARATORIA | R6: JUICIO ORAL | T6: CONCILIA-CIÓN | U6: PRECLU-SIÓN | V6: REVOCA-TORIA DE PODER | W6: OTRAS CAUSAS | X6: AUDIENCIAS DE FALLO | AA6: DE REPOSICIÓN | AB6: DE APELACIÓN
C7: CAPTURADOS | D7: EN LIBERTAD | G7: LEGAL | H7: ILEGAL | I7: FORMU-LACIÓN | J7: ACEPTA-CIÓN | K7: SI | M7: NO | X7: ABSOLUTORIAS | Y7: CONDENATORIAS
K8: PRIVATIVA | L8: NO PRIVATIVA
A9: 1 | B9: =SUM(A9+1) -> 2 | C9: =SUM(B9+1) -> 3 | D9: =SUM(C9+1) -> 4 | E9: =SUM(D9+1) -> 5 | F9: =SUM(E9+1) -> 6 | G9: =SUM(F9+1) -> 7 | H9: =SUM(G9+1) -> 8 | I9: =SUM(H9+1) -> 9 | ... AB9: =SUM(AA9+1) -> 28 | AD9: 29
A10: ABORTO | B10: =C10+D10 -> 0 | E10: =+B10-F10+AD10 -> 0 | F10: =T10+U10+V10+W10+X10+Y10 -> 0 | W10: =SUM(B201:AB201) -> 0 | AD10: 0
A11: ABUSO DE CONFIANZA | B11: =C11+D11 -> 0 | E11: =+B11-F11+AD11 -> 0 | F11: =T11+U11+V11+W11+X11+Y11 -> 0 | W11: =SUM(B202:AB202) -> 0 | AD11: 0
A12: ACCESO CARNAL ABUSIVO CON MENOR DE 14 AÑOS | B12: =C12+D12 -> 0 | E12: =+B12-F12+AD12 -> 0 | F12: =T12+U12+V12+W12+X12+Y12 -> 0 | W12: =SUM(B203:AB203) -> 0 | AD12: 0
A13: ACCESO CARNAL CON INCAPAZ DE RESISTIR | B13: =C13+D13 -> 0 | E13: =+B13-F13+AD13 -> 0 | F13: =T13+U13+V13+W13+X13+Y13 -> 0 | W13: =SUM(B204:AB204) -> 0 | AD13: 0
A14: ACCESO CARNAL O ACTO SEXUAL CON PERSONA PUESTA EN INCAPACIDAD DE RESISTIR | B14: =C14+D14 -> 0 | E14: =+B14-F14+AD14 -> 0 | F14: =T14+U14+V14+W14+X14+Y14 -> 0 | W14: =SUM(B205:AB205) -> 0 | AD14: 0
A15: ACCESO CARNAL VIOLENTO | B15: =C15+D15 -> 0 | E15: =+B15-F15+AD15 -> 0 | F15: =T15+U15+V15+W15+X15+Y15 -> 0 | W15: =SUM(B206:AB206) -> 0 | AD15: 0
A16: ACTO SEXUAL CON MENOR DE 14 AÑOS | B16: =C16+D16 -> 0 | E16: =+B16-F16+AD16 -> 2 | F16: =T16+U16+V16+W16+X16+Y16 -> 0 | W16: =SUM(B207:AB207) -> 0 | AD16: 2
A17: ACTO SEXUAL VIOLENTO | B17: =C17+D17 -> 0 | E17: =+B17-F17+AD17 -> 0 | F17: =T17+U17+V17+W17+X17+Y17 -> 0 | W17: =SUM(B208:AB208) -> 0 | AD17: 0
A18: AMENAZAS | B18: =C18+D18 -> 0 | E18: =+B18-F18+AD18 -> 0 | F18: =T18+U18+V18+W18+X18+Y18 -> 0 | W18: =SUM(B209:AB209) -> 0 | AD18: 0
A19: CALUMNIA | B19: =C19+D19 -> 0 | E19: =+B19-F19+AD19 -> 0 | F19: =T19+U19+V19+W19+X19+Y19 -> 0 | W19: =SUM(B210:AB210) -> 0 | AD19: 0
A20: COHECHO | B20: =C20+D20 -> 0 | E20: =+B20-F20+AD20 -> 0 | F20: =T20+U20+V20+W20+X20+Y20 -> 0 | W20: =SUM(B211:AB211) -> 0 | AD20: 0
A21: CONCIERTO PARA DELINQUIR | B21: =C21+D21 -> 0 | E21: =+B21-F21+AD21 -> 0 | F21: =T21+U21+V21+W21+X21+Y21 -> 0 | W21: =SUM(B212:AB212) -> 0 | AD21: 0
... A73: VIOLENCIA INTRAFAMILIAR | B73: =C73+D73 -> 0 | E73: =+B73-F73+AD73 -> 14 | F73: =T73+U73+V73+W73+X73+Y73 -> 0 | W73: =SUM(B264:AB264) -> 0 | AD73: 14
A74: OTROS | B74: =B195 -> 0 | C74: =C195 -> 0 | D74: =D195 -> 0 | E74: =E195 -> 0 | F74: =F195 -> 0 | G74: =G195 -> 0 | H74: =H195 -> 0 | I74: =I195 -> 0 | ... AB74: =AB195 -> 0 | AD74: =AD195 -> 0
A75: TOTALES | B75: =SUM(B10:B74) -> 0 | C75: =SUM(C10:C74) -> 0 | D75: =SUM(D10:D74) -> 0 | E75: =SUM(E10:E74) -> 19 | F75: =SUM(F10:F74) -> 0 | G75: =SUM(G10:G74) -> 0 | H75: =SUM(H10:H74) -> 0 | I75: =SUM(I10:I74) -> 0 | ... AB75: =SUM(AB10:AB74) -> 0 | AD75: =SUM(AD10:AD74) -> 19
A77: OTROS DELITOS
A78: DELITOS | B78: SOLICITUDES DEL SERVICIO REALIZADAS EN EL MES | C78: PROCESOS DEL MES | G78: AUDIENCIAS PRELIMINARES DEL MES | N78: AUDIENCIA LIBERTAD POR VENCIMIENTO DE TERMINOS | O78: NEGOCIACIONES ACUERDOS Y PREACUERDOS | P78: JUICIO | S78: INDIVIDUALIZACIÓN DE LA PENA | T78: TERMINACIONES DEL MES | Z78: AUDIENCIA DE INCIDENTE DE REPARACIÓN INTEGRAL | AA78: RECURSOS DEL MES | AD78: PROCESOS MES ANTERIOR
C79: ASIGNADOS | E79: EN TRÁMITE | F79: TERMINADOS | G79: CONTROL DE LA CAPTURA | I79: IMPUTACIÓN | K79: IMPOSICION MEDIDA DE ASEGURAMIENTO | P79: AUDIENCIA DE FORMULACIÓN DE LA ACUSACIÓN | Q79: PREPARATORIA | R79: JUICIO ORAL | T79: CONCILIACIÓN | U79: PRECLUSIÓN | V79: REVOCATORIA DE PODER | W79: OTRAS CAUSAS | X79: AUDIENCIAS DE FALLO | AA79: DE REPOSICIÓN | AB79: DE APELACIÓN
C80: CAPTURADOS | D80: EN LIBERTAD | G80: LEGAL | H80: ILEGAL | I80: FORMULACIÓN | J80: ACEPTACIÓN | K80: SI | M80: NO | X80: ABSOLUTORIAS | Y80: CONDENATORIAS
K81: PRIVATIVA | L81: NO PRIVATIVA
A82: 1 | B82: =SUM(A82+1) -> 2 | C82: =SUM(B82+1) -> 3 | D82: =SUM(C82+1) -> 4 | E82: =SUM(D82+1) -> 5 | F82: =SUM(E82+1) -> 6 | G82: =SUM(F82+1) -> 7 | H82: =SUM(G82+1) -> 8 | I82: =SUM(H82+1) -> 9 | ... AB82: =SUM(AA82+1) -> 28 | AD82: 29
A83: ABANDONO ART. 127 C.P. | B83: =C83+D83 -> 0 | E83: =+B83-F83+AD83 -> 0 | F83: =T83+U83+V83+W83+X83+Y83 -> 0 | W83: =SUM(B265:AB265) -> 0 | AD83: 0
A84: ABUSO DE AUTORIDAD POR ACTO ARBITRARIO | B84: =C84+D84 -> 0 | E84: =+B84-F84+AD84 -> 0 | F84: =T84+U84+V84+W84+X84+Y84 -> 0 | W84: =SUM(B266:AB266) -> 0 | AD84: 0
A85: ABUSO DE CONDICIONES DE INFERIORIDAD. ART. 251 C.P. | B85: =C85+D85 -> 0 | E85: =+B85-F85+AD85 -> 0 | F85: =T85+U85+V85+W85+X85+Y85 -> 0 | W85: =SUM(B267:AB267) -> 0 | AD85: 0
A86: ABUSO DE FUNCION PUBLICA ART. 428 C.P. | B86: =C86+D86 -> 0 | E86: =+B86-F86+AD86 -> 0 | F86: =T86+U86+V86+W86+X86+Y86 -> 0 | W86: =SUM(B268:AB268) -> 0 | AD86: 0
A87: ACCESO ABUSIVO A UN SISTEMA INFORMATICO ART. 269A C. | B87: =C87+D87 -> 0 | E87: =+B87-F87+AD87 -> 0 | F87: =T87+U87+V87+W87+X87+Y87 -> 0 | W87: =SUM(B269:AB269) -> 0 | AD87: 0
A88: ACCESO CARNAL VIOLENTO EN PERSONA PROTEGIDA ART. 138 C.P. | B88: =C88+D88 -> 0 | E88: =+B88-F88+AD88 -> 0 | F88: =T88+U88+V88+W88+X88+Y88 -> 0 | W88: =SUM(B270:AB270) -> 0 | AD88: 0
A89: ACOSO SEXUAL | B89: =C89+D89 -> 0 | E89: =+B89-F89+AD89 -> 0 | F89: =T89+U89+V89+W89+X89+Y89 -> 0 | W89: =SUM(B271:AB271) -> 0 | AD89: 0
A90: ACTO SEXUAL ABUSIVO | B90: =C90+D90 -> 0 | E90: =+B90-F90+AD90 -> 0 | F90: =T90+U90+V90+W90+X90+Y90 -> 0 | W90: =SUM(B272:AB272) -> 0 | AD90: 0
A91: ALTERACION DE RESULTADOS ELECTORALES ART. 394 C.P. | B91: =C91+D91 -> 0 | E91: =+B91-F91+AD91 -> 0 | F91: =T91+U91+V91+W91+X91+Y91 -> 0 | W91: =SUM(B273:AB273) -> 0 | AD91: 0
A92: ALTERACION, DESFIGURACION Y SUPLANTACION DE MARCAS DE GANADO. ART. 243 C.P. | B92: =C92+D92 -> 0 | E92: =+B92-F92+AD92 -> 0 | F92: =T92+U92+V92+W92+X92+Y92 -> 0 | W92: =SUM(B274:AB274) -> 0 | AD92: 0
A93: ALZAMIENTO DE BIENES. ART. 253 C.P. | B93: =C93+D93 -> 0 | E93: =+B93-F93+AD93 -> 0 | F93: =T93+U93+V93+W93+X93+Y93 -> 0 | W93: =SUM(B275:AB275) -> 0 | AD93: 0
A94: APLICACION FRAUDULENTA DE CREDITO OFICIALMENTE REGULADO ART. 311 C.P. | B94: =C94+D94 -> 0 | E94: =+B94-F94+AD94 -> 0 | F94: =T94+U94+V94+W94+X94+Y94 -> 0 | W94: =SUM(B276:AB276) -> 0 | AD94: 0
... A181: VIOLACION DERECHOS DE AUTOR | B181: =C181+D181 -> 0 | E181: =+B181-F181+AD181 -> 0 | F181: =T181+U181+V181+W181+X181+Y181 -> 0 | W181: =SUM(B363:AB363) -> 0 | AD181: 0
B182: =C182+D182 -> 0 | E182: =+B182-F182+AD182 -> 0 | F182: =T182+U182+V182+W182+X182+Y182 -> 0 | W182: =SUM(B364:AB364) -> 0 | AD182: 0
B183: =C183+D183 -> 0 | E183: =+B183-F183+AD183 -> 0 | F183: =T183+U183+V183+W183+X183+Y183 -> 0 | W183: =SUM(B365:AB365) -> 0 | AD183: 0
B184: =C184+D184 -> 0 | E184: =+B184-F184+AD184 -> 0 | F184: =T184+U184+V184+W184+X184+Y184 -> 0 | W184: =SUM(B366:AB366) -> 0 | AD184: 0
B185: =C185+D185 -> 0 | E185: =+B185-F185+AD185 -> 0 | F185: =T185+U185+V185+W185+X185+Y185 -> 0 | W185: =SUM(B367:AB367) -> 0 | AD185: 0
B186: =C186+D186 -> 0 | E186: =+B186-F186+AD186 -> 0 | F186: =T186+U186+V186+W186+X186+Y186 -> 0 | W186: =SUM(B368:AB368) -> 0 | AD186: 0
B187: =C187+D187 -> 0 | E187: =+B187-F187+AD187 -> 0 | F187: =T187+U187+V187+W187+X187+Y187 -> 0 | W187: =SUM(B369:AB369) -> 0 | AD187: 0
B188: =C188+D188 -> 0 | E188: =+B188-F188+AD188 -> 0 | F188: =T188+U188+V188+W188+X188+Y188 -> 0 | W188: =SUM(B370:AB370) -> 0 | AD188: 0
B189: =C189+D189 -> 0 | E189: =+B189-F189+AD189 -> 0 | F189: =T189+U189+V189+W189+X189+Y189 -> 0 | W189: =SUM(B371:AB371) -> 0 | AD189: 0
B190: =C190+D190 -> 0 | E190: =+B190-F190+AD190 -> 0 | F190: =T190+U190+V190+W190+X190+Y190 -> 0 | W190: =SUM(B372:AB372) -> 0 | AD190: 0
B191: =C191+D191 -> 0 | E191: =+B191-F191+AD191 -> 0 | F191: =T191+U191+V191+W191+X191+Y191 -> 0 | W191: =SUM(B373:AB373) -> 0 | AD191: 0
B192: =C192+D192 -> 0 | E192: =+B192-F192+AD192 -> 0 | F192: =T192+U192+V192+W192+X192+Y192 -> 0 | W192: =SUM(B374:AB374) -> 0 | AD192: 0
B193: =C193+D193 -> 0 | E193: =+B193-F193+AD193 -> 0 | F193: =T193+U193+V193+W193+X193+Y193 -> 0 | W193: =SUM(B375:AB375) -> 0 | AD193: 0
B194: =C194+D194 -> 0 | E194: =+B194-F194+AD194 -> 0 | F194: =T194+U194+V194+W194+X194+Y194 -> 0 | W194: =SUM(B376:AB376) -> 0 | AD194: 0
A195: TOTAL | B195: =SUM(B83:B194) -> 0 | C195: =SUM(C83:C194) -> 0 | D195: =SUM(D83:D194) -> 0 | E195: =SUM(E83:E194) -> 0 | F195: =SUM(F83:F194) -> 0 | G195: =SUM(G83:G194) -> 0 | H195: =SUM(H83:H194) -> 0 | I195: =SUM(I83:I194) -> 0 | ... AB195: =SUM(AB83:AB194) -> 0 | AD195: =SUM(AD83:AD194) -> 0
A196: ESTAS CIFRAS SIEMPRE DEBEN ESTAR EN CERO (0) | B196: =+B74-B195 -> 0 | C196: =+C74-C195 -> 0 | D196: =+D74-D195 -> 0 | E196: =+E74-E195 -> 0 | F196: =+F74-F195 -> 0 | G196: =+G74-G195 -> 0 | H196: =+H74-H195 -> 0 | I196: =+I74-I195 -> 0 | ... AB196: =+AB74-AB195 -> 0 | AD196: =+AD74-AD195 -> 0
A198: OTRAS CAUSAS DE TERMINACIÓN
A199: DELITOS | B199: APODERADO DE LA DEFENSORIA | C199: ARCHIVO | D199: ARCHIVO POR FALTA DE QUERRELA | E199: CAMBIO DE COMPETENCIA | F199: CAMBIO DE JURIDISCCION | G199: PPIO OPORTUNIDAD | H199: RADICACION REPETIDA | I199: SUSTITUCION PODER | J199: TERMINACIÓN ANORMAL POR NO REALIZARSE LAS AUDIENCIAS PRELIMINARES | K199: TERMINACION ANORMAL POR CONDENA ANTICIPADA | L199: MEDIACION | M199: RUPTURA PROCESAL | N199: ACUMULACION DE PROCESOS | O199: INACTIVIDAD PROCESAL SUPERIOR A 2 AÑOS | P199: PREJUDICIABILIDAD
A200: 1 | B200: 2 | C200: 3 | D200: 4 | E200: 5 | F200: 6 | G200: 7 | H200: 8 | I200: 9 | J200: 10 | K200: 11 | L200: 12 | M200: 13 | N200: 14 | O200: 15 | P200: 16 | Q200: 17 | R200: 18 | S200: 19 | T200: 20 | U200: 21 | V200: 22 | W200: 23 | X200: 24 | Y200: 25 | Z200: 26 | AA200: 27 | AB200: 28
A201: ABORTO
A202: ABUSO DE CONFIANZA
A203: ACCESO CARNAL ABUSIVO CON MENOR DE 14 AÑOS
A204: ACCESO CARNAL CON INCAPAZ DE RESISTIR
A205: ACCESO CARNAL O ACTO SEXUAL CON PERSONA PUESTA EN INCAPACIDAD DE RESISTIR
A206: ACCESO CARNAL VIOLENTO
A207: ACTO SEXUAL CON MENOR DE 14 AÑOS
A208: ACTO SEXUAL VIOLENTO
A209: AMENAZAS
A210: CALUMNIA
A211: COHECHO
A212: CONCIERTO PARA DELINQUIR
... A363: VIOLACION DERECHOS DE AUTOR
A377: TOTAL | B377: =SUM(B201:B376) -> 0 | C377: =SUM(C201:C376) -> 0 | D377: =SUM(D201:D376) -> 0 | E377: =SUM(E201:E376) -> 0 | F377: =SUM(F201:F376) -> 0 | G377: =SUM(G201:G376) -> 0 | H377: =SUM(H201:H376) -> 0 | I377: =SUM(I201:I376) -> 0 | ... AB377: =SUM(AB201:AB376) -> 0 | AC377: =SUM(B377:AB377) -> 0 | AD377: =+AC377-W75 -> 0

Sheet ZULUAGA
B1: Nombre del Proceso/Subproceso: Atención y Trámite/Defensoría Pública | X1: Código: SD-P02-F150
B2: Manual, Instructivo o Formato: Estadística Programa Sistema Penal Acusatorio (Ley 906 de 2004) | X2: Versión: 01
X3: Vigente desde: 03/12/2018
A4: REGIONAL: VALLE DEL CAUCA | F4: MES: MARZO | I4: AÑO: 2024
A5: DELITOS | B5: SOLICITUDES DEL SERVICIO REALIZADAS EN EL MES | C5: PROCESOS DEL MES | G5: AUDIENCIAS PRELIMINARES DEL MES | N5: AUDIENCIA LIBERTAD POR VENCIMIENTO DE TERMINOS | O5: NEGOCIACIO-NES ACUERDOS Y PREACUER-DOS | P5: JUICIO | S5: INDIVIDUA-LIZACIÓN DE LA PENA | T5: TERMINACIONES DEL MES | Z5: AUDIENCIA DE INCIDENTE DE REPARACIÓN INTEGRAL | AA5: RECURSOS DEL MES | AD5: PROCESOS MES ANTERIOR
C6: ASIGNADOS | E6: EN TRÁMITE | F6: TERMINADOS | G6: CONTROL DE LA CAPTURA | I6: IMPUTACIÓN | K6: IMPOSICIÓN MEDIDA DE ASEGURAMIENTO | P6: AUDIENCIA DE FORMULA-CIÓN DE LA ACUSACIÓN | Q6: PREPARATORIA | R6: JUICIO ORAL | T6: CONCILIA-CIÓN | U6: PRECLU-SIÓN | V6: REVOCA-TORIA DE PODER | W6: OTRAS CAUSAS | X6: AUDIENCIAS DE FALLO | AA6: DE REPOSICIÓN | AB6: DE APELACIÓN
C7: CAPTURADOS | D7: EN LIBERTAD | G7: LEGAL | H7: ILEGAL | I7: FORMU-LACIÓN | J7: ACEPTA-CIÓN | K7: SI | M7: NO | X7: ABSOLUTORIAS | Y7: CONDENATORIAS
K8: PRIVATIVA | L8: NO PRIVATIVA
A9: 1 | B9: 2 | C9: 2 | D9: 2 | E9: 2 | F9: 2 | G9: 2 | H9: 2 | I9: 2 | J9: 2 | K9: 2 | L9: 2 | M9: 2 | N9: 2 | O9: 2 | P9: 2 | Q9: 2 | R9: 2 | S9: 2 | T9: 2 | U9: 2 | V9: 2 | W9: 2 | X9: 2 | Y9: 2 | Z9: 2 | AA9: 2 | AB9: 2 | AD9: 29
A10: ABORTO | B10: =+C10+D10 -> 0 | E10: =+B10-F10+AD10 -> 0 | F10: =+T10+U10+V10+W10+X10+Y10 -> 0 | W10: =SUM(B201:AB201) -> 0 | AD10: 0
A11: ABUSO DE CONFIANZA | B11: =+C11+D11 -> 0 | E11: =+B11-F11+AD11 -> 2 | F11: =+T11+U11+V11+W11+X11+Y11 -> 0 | W11: =SUM(B202:AB202) -> 0 | AD11: 2
A12: ACCESO CARNAL ABUSIVO CON MENOR DE 14 AÑOS | B12: =+C12+D12 -> 0 | E12: =+B12-F12+AD12 -> 0 | F12: =+T12+U12+V12+W12+X12+Y12 -> 0 | W12: =SUM(B203:AB203) -> 0 | AD12: 0
A13: ACCESO CARNAL CON INCAPAZ DE RESISTIR | B13: =+C13+D13 -> 0 | E13: =+B13-F13+AD13 -> 0 | F13: =+T13+U13+V13+W13+X13+Y13 -> 0 | W13: =SUM(B204:AB204) -> 0 | AD13: 0
A14: ACCESO CARNAL O ACTO SEXUAL CON PERSONA PUESTA EN INCAPACIDAD DE RESISTIR | B14: =+C14+D14 -> 0 | E14: =+B14-F14+AD14 -> 0 | F14: =+T14+U14+V14+W14+X14+Y14 -> 0 | W14: =SUM(B205:AB205) -> 0 | AD14: 0
A15: ACCESO CARNAL VIOLENTO | B15: =+C15+D15 -> 0 | E15: =+B15-F15+AD15 -> 0 | F15: =+T15+U15+V15+W15+X15+Y15 -> 0 | W15: =SUM(B206:AB206) -> 0 | AD15: 0
A16: ACTO SEXUAL CON MENOR DE 14 AÑOS | B16: =+C16+D16 -> 0 | E16: =+B16-F16+AD16 -> 6 | F16: =+T16+U16+V16+W16+X16+Y16 -> 0 | W16: =SUM(B207:AB207) -> 0 | AD16: 6
A17: ACTO SEXUAL VIOLENTO | B17: =+C17+D17 -> 0 | E17: =+B17-F17+AD17 -> 0 | F17: =+T17+U17+V17+W17+X17+Y17 -> 0 | W17: =SUM(B208:AB208) -> 0 | AD17: 0
A18: AMENAZAS | B18: =+C18+D18 -> 0 | E18: =+B18-F18+AD18 -> 0 | F18: =+T18+U18+V18+W18+X18+Y18 -> 0 | W18: =SUM(B209:AB209) -> 0 | AD18: 0
A19: CALUMNIA | B19: =+C19+D19 -> 0 | E19: =+B19-F19+AD19 -> 0 | F19: =+T19+U19+V19+W19+X19+Y19 -> 0 | W19: =SUM(B210:AB210) -> 0 | AD19: 0
A20: COHECHO | B20: =+C20+D20 -> 0 | E20: =+B20-F20+AD20 -> 0 | F20: =+T20+U20+V20+W20+X20+Y20 -> 0 | W20: =SUM(B211:AB211) -> 0 | AD20: 0
A21: CONCIERTO PARA DELINQUIR | B21: =+C21+D21 -> 0 | E21: =+B21-F21+AD21 -> 0 | F21: =+T21+U21+V21+W21+X21+Y21 -> 0 | W21: =SUM(B212:AB212) -> 0 | AD21: 0
... A73: VIOLENCIA INTRAFAMILIAR | B73: =+C73+D73 -> 0 | E73: =+B73-F73+AD73 -> 41 | F73: =+T73+U73+V73+W73+X73+Y73 -> 0 | W73: =SUM(B264:AB264) -> 0 | AD73: 41
A74: OTROS | B74: =+B195 -> 0 | C74: =+C195 -> 0 | D74: =+D195 -> 0 | E74: =+E195 -> 0 | F74: =+F195 -> 0 | G74: =+G195 -> 0 | H74: =+H195 -> 0 | I74: =+I195 -> 0 | ... AB74: =+AB195 -> 0 | AD74: =+AD195 -> 0
A75: TOTALES | B75: =SUM(B10:B74) -> 0 | C75: =SUM(C10:C74) -> 0 | D75: =SUM(D10:D74) -> 0 | E75: =SUM(E10:E74) -> 98 | F75: =SUM(F10:F74) -> 0 | G75: =SUM(G10:G74) -> 0 | H75: =SUM(H10:H74) -> 0 | I75: =SUM(I10:I74) -> 0 | ... AB75: =SUM(AB10:AB74) -> 0 | AD75: =SUM(AD10:AD74) -> 98
A77: OTROS DELITOS
A78: DELITOS | B78: SOLICITUDES DEL SERVICIO REALIZADAS EN EL MES | C78: PROCESOS DEL MES | G78: AUDIENCIAS PRELIMINARES DEL MES | N78: AUDIENCIA LIBERTAD POR VENCIMIENTO DE TERMINOS | O78: NEGOCIACIONES ACUERDOS Y PREACUERDOS | P78: JUICIO | S78: INDIVIDUALIZACIÓN DE LA PENA | T78: TERMINACIONES DEL MES | Z78: AUDIENCIA DE INCIDENTE DE REPARACIÓN INTEGRAL | AA78: RECURSOS DEL MES | AD78: PROCESOS MES ANTERIOR
C79: ASIGNADOS | E79: EN TRÁMITE | F79: TERMINADOS | G79: CONTROL DE LA CAPTURA | I79: IMPUTACIÓN | K79: IMPOSICION MEDIDA DE ASEGURAMIENTO | P79: AUDIENCIA DE FORMULACIÓN DE LA ACUSACIÓN | Q79: PREPARATORIA | R79: JUICIO ORAL | T79: CONCILIACIÓN | U79: PRECLUSIÓN | V79: REVOCATORIA DE PODER | W79: OTRAS CAUSAS | X79: AUDIENCIAS DE FALLO | AA79: DE REPOSICIÓN | AB79: DE APELACIÓN
C80: CAPTURADOS | D80: EN LIBERTAD | G80: LEGAL | H80: ILEGAL | I80: FORMULACIÓN | J80: ACEPTACIÓN | K80: SI | M80: NO | X80: ABSOLUTORIAS | Y80: CONDENATORIAS
K81: PRIVATIVA | L81: NO PRIVATIVA
A82: 1 | B82: 2 | C82: 2 | D82: 2 | E82: 2 | F82: 2 | G82: 2 | H82: 2 | I82: 2 | J82: 2 | K82: 2 | L82: 2 | M82: 2 | N82: 2 | O82: 2 | P82: 2 | Q82: 2 | R82: 2 | S82: 2 | T82: 2 | U82: 2 | V82: 2 | W82: 2 | X82: 2 | Y82: 2 | Z82: 2 | AA82: 2 | AB82: 2 | AD82: 29
A83: ABANDONO ART. 127 C.P. | B83: =+C83+D83 -> 0 | E83: =+B83-F83+AD83 -> 0 | F83: =+T83+U83+V83+W83+X83+Y83 -> 0 | W83: =SUM(B265:AB265) -> 0 | AD83: 0
A84: ABUSO DE AUTORIDAD POR ACTO ARBITRARIO | B84: =+C84+D84 -> 0 | E84: =+B84-F84+AD84 -> 0 | F84: =+T84+U84+V84+W84+X84+Y84 -> 0 | W84: =SUM(B266:AB266) -> 0 | AD84: 0
A85: ABUSO DE CONDICIONES DE INFERIORIDAD. ART. 251 C.P. | B85: =+C85+D85 -> 0 | E85: =+B85-F85+AD85 -> 0 | F85: =+T85+U85+V85+W85+X85+Y85 -> 0 | W85: =SUM(B267:AB267) -> 0 | AD85: 0
A86: ABUSO DE FUNCION PUBLICA ART. 428 C.P. | B86: =+C86+D86 -> 0 | E86: =+B86-F86+AD86 -> 0 | F86: =+T86+U86+V86+W86+X86+Y86 -> 0 | W86: =SUM(B268:AB268) -> 0 | AD86: 0
A87: ACCESO ABUSIVO A UN SISTEMA INFORMATICO ART. 269A C. | B87: =+C87+D87 -> 0 | E87: =+B87-F87+AD87 -> 0 | F87: =+T87+U87+V87+W87+X87+Y87 -> 0 | W87: =SUM(B269:AB269) -> 0 | AD87: 0
A88: ACCESO CARNAL VIOLENTO EN PERSONA PROTEGIDA ART. 138 C.P. | B88: =+C88+D88 -> 0 | E88: =+B88-F88+AD88 -> 0 | F88: =+T88+U88+V88+W88+X88+Y88 -> 0 | W88: =SUM(B270:AB270) -> 0 | AD88: 0
A89: ACOSO SEXUAL | B89: =+C89+D89 -> 0 | E89: =+B89-F89+AD89 -> 0 | F89: =+T89+U89+V89+W89+X89+Y89 -> 0 | W89: =SUM(B271:AB271) -> 0 | AD89: 0
A90: ACTO SEXUAL ABUSIVO | B90: =+C90+D90 -> 0 | E90: =+B90-F90+AD90 -> 0 | F90: =+T90+U90+V90+W90+X90+Y90 -> 0 | W90: =SUM(B272:AB272) -> 0 | AD90: 0
A91: ALTERACION DE RESULTADOS ELECTORALES ART. 394 C.P. | B91: =+C91+D91 -> 0 | E91: =+B91-F91+AD91 -> 0 | F91: =+T91+U91+V91+W91+X91+Y91 -> 0 | W91: =SUM(B273:AB273) -> 0 | AD91: 0
A92: ALTERACION, DESFIGURACION Y SUPLANTACION DE MARCAS DE GANADO. ART. 243 C.P. | B92: =+C92+D92 -> 0 | E92: =+B92-F92+AD92 -> 0 | F92: =+T92+U92+V92+W92+X92+Y92 -> 0 | W92: =SUM(B274:AB274) -> 0 | AD92: 0
A93: ALZAMIENTO DE BIENES. ART. 253 C.P. | B93: =+C93+D93 -> 0 | E93: =+B93-F93+AD93 -> 0 | F93: =+T93+U93+V93+W93+X93+Y93 -> 0 | W93: =SUM(B275:AB275) -> 0 | AD93: 0
A94: APLICACION FRAUDULENTA DE CREDITO OFICIALMENTE REGULADO ART. 311 C.P. | B94: =+C94+D94 -> 0 | E94: =+B94-F94+AD94 -> 0 | F94: =+T94+U94+V94+W94+X94+Y94 -> 0 | W94: =SUM(B276:AB276) -> 0 | AD94: 0
... A181: VIOLACION DERECHOS DE AUTOR | B181: =+C181+D181 -> 0 | E181: =+B181-F181+AD181 -> 0 | F181: =+T181+U181+V181+W181+X181+Y181 -> 0 | W181: =SUM(B363:AB363) -> 0 | AD181: 0
B182: =+C182+D182 -> 0 | E182: =+B182-F182+AD182 -> 0 | F182: =+T182+U182+V182+W182+X182+Y182 -> 0 | W182: =SUM(B364:AB364) -> 0 | AD182: 0
B183: =+C183+D183 -> 0 | E183: =+B183-F183+AD183 -> 0 | F183: =+T183+U183+V183+W183+X183+Y183 -> 0 | W183: =SUM(B365:AB365) -> 0 | AD183: 0
B184: =+C184+D184 -> 0 | E184: =+B184-F184+AD184 -> 0 | F184: =+T184+U184+V184+W184+X184+Y184 -> 0 | W184: =SUM(B366:AB366) -> 0 | AD184: 0
B185: =+C185+D185 -> 0 | E185: =+B185-F185+AD185 -> 0 | F185: =+T185+U185+V185+W185+X185+Y185 -> 0 | W185: =SUM(B367:AB367) -> 0 | AD185: 0
B186: =+C186+D186 -> 0 | E186: =+B186-F186+AD186 -> 0 | F186: =+T186+U186+V186+W186+X186+Y186 -> 0 | W186: =SUM(B368:AB368) -> 0 | AD186: 0
B187: =+C187+D187 -> 0 | E187: =+B187-F187+AD187 -> 0 | F187: =+T187+U187+V187+W187+X187+Y187 -> 0 | W187: =SUM(B369:AB369) -> 0 | AD187: 0
B188: =+C188+D188 -> 0 | E188: =+B188-F188+AD188 -> 0 | F188: =+T188+U188+V188+W188+X188+Y188 -> 0 | W188: =SUM(B370:AB370) -> 0 | AD188: 0
B189: =+C189+D189 -> 0 | E189: =+B189-F189+AD189 -> 0 | F189: =+T189+U189+V189+W189+X189+Y189 -> 0 | W189: =SUM(B371:AB371) -> 0 | AD189: 0
B190: =+C190+D190 -> 0 | E190: =+B190-F190+AD190 -> 0 | F190: =+T190+U190+V190+W190+X190+Y190 -> 0 | W190: =SUM(B372:AB372) -> 0 | AD190: 0
B191: =+C191+D191 -> 0 | E191: =+B191-F191+AD191 -> 0 | F191: =+T191+U191+V191+W191+X191+Y191 -> 0 | W191: =SUM(B373:AB373) -> 0 | AD191: 0
B192: =+C192+D192 -> 0 | E192: =+B192-F192+AD192 -> 0 | F192: =+T192+U192+V192+W192+X192+Y192 -> 0 | W192: =SUM(B374:AB374) -> 0 | AD192: 0
B193: =+C193+D193 -> 0 | E193: =+B193-F193+AD193 -> 0 | F193: =+T193+U193+V193+W193+X193+Y193 -> 0 | W193: =SUM(B375:AB375) -> 0 | AD193: 0
B194: =+C194+D194 -> 0 | E194: =+B194-F194+AD194 -> 0 | F194: =+T194+U194+V194+W194+X194+Y194 -> 0 | W194: =SUM(B376:AB376) -> 0 | AD194: 0
A195: TOTAL | B195: =SUM(B83:B194) -> 0 | C195: =SUM(C83:C194) -> 0 | D195: =SUM(D83:D194) -> 0 | E195: =SUM(E83:E194) -> 0 | F195: =SUM(F83:F194) -> 0 | G195: =SUM(G83:G194) -> 0 | H195: =SUM(H83:H194) -> 0 | I195: =SUM(I83:I194) -> 0 | ... AB195: =SUM(AB83:AB194) -> 0 | AD195: =SUM(AD83:AD194) -> 0
A198: OTRAS CAUSAS DE TERMINACIÓN
A199: DELITOS | B199: APODERADO DE LA DEFENSORIA | C199: ARCHIVO | D199: ARCHIVO POR FALTA DE QUERRELA | E199: CAMBIO DE COMPETENCIA | F199: CAMBIO DE JURIDISCCION | G199: PPIO OPORTUNIDAD | H199: RADICACION REPETIDA | I199: SUSTITUCION PODER | J199: TERMINACIÓN ANORMAL POR NO REALIZARSE LAS AUDIENCIAS PRELIMINARES | K199: TERMINACION ANORMAL POR CONDENA ANTICIPADA | L199: MEDIACION | M199: RUPTURA PROCESAL | N199: ACUMULACION DE PROCESOS | O199: INACTIVIDAD PROCESAL SUPERIOR A 2 AÑOS | P199: PREJUDICIABILIDAD
A200: 1 | B200: 2 | C200: 3 | D200: 4 | E200: 5 | F200: 6 | G200: 7 | H200: 8 | I200: 9 | J200: 10 | K200: 11 | L200: 12 | M200: 13 | N200: 14 | O200: 15 | P200: 16 | Q200: 17 | R200: 18 | S200: 19 | T200: 20 | U200: 21 | V200: 22 | W200: 23 | X200: 24 | Y200: 25 | Z200: 26 | AA200: 27 | AB200: 28
A201: ABORTO
A202: ABUSO DE CONFIANZA
A203: ACCESO CARNAL ABUSIVO CON MENOR DE 14 AÑOS
A204: ACCESO CARNAL CON INCAPAZ DE RESISTIR
A205: ACCESO CARNAL O ACTO SEXUAL CON PERSONA PUESTA EN INCAPACIDAD DE RESISTIR
A206: ACCESO CARNAL VIOLENTO
A207: ACTO SEXUAL CON MENOR DE 14 AÑOS
A208: ACTO SEXUAL VIOLENTO
A209: AMENAZAS
A210: CALUMNIA
A211: COHECHO
A212: CONCIERTO PARA DELINQUIR
... A363: VIOLACION DERECHOS DE AUTOR
A377: TOTAL | B377: =SUM(B201:B359) -> 0 | C377: =SUM(C201:C359) -> 0 | D377: =SUM(D201:D359) -> 0 | E377: =SUM(E201:E359) -> 0 | F377: =SUM(F201:F359) -> 0 | G377: =SUM(G201:G359) -> 0 | H377: =SUM(H201:H359) -> 0 | I377: =SUM(I201:I359) -> 0 | ... AB377: =SUM(AB201:AB359) -> 0 | AC377: =SUM(B377:AB377) -> 0 | AD377: =+AC377-W75 -> 0

Sheet final
